Workbook
Name diasuteis: #REF!
Name diasuteis: #REF!
Name diasuteis: #REF!
Name diasuteis: #REF!
Name diasuteis: #REF!
Name diasuteis: #REF!
Name diasuteis: #REF!
Name diasuteis: #REF!
Name diasuteis: #REF!
Name diasuteis: #REF!
Name Ferias: #REF!
Name Ferias: #REF!
Name Ferias: #REF!
Name Ferias: #REF!
Name Ferias: #REF!
Name Ferias: #REF!
Name Ferias: #REF!
Name Ferias: #REF!
Name Ferias: #REF!
Name RD: OFFSET(#REF!,(MATCH(SMALL(#REF!,ROW()-10),#REF!,0)-1),0)
Name RD: OFFSET(#REF!,(MATCH(SMALL(#REF!,ROW()-10),#REF!,0)-1),0)
Name RD: OFFSET(#REF!,(MATCH(SMALL(#REF!,ROW()-10),#REF!,0)-1),0)
Name RD: OFFSET(#REF!,(MATCH(SMALL(#REF!,ROW()-10),#REF!,0)-1),0)
Name RD: OFFSET(#REF!,(MATCH(SMALL(#REF!,ROW()-10),#REF!,0)-1),0)
Name RD: OFFSET(#REF!,(MATCH(SMALL(#REF!,ROW()-10),#REF!,0)-1),0)
Name RD: OFFSET(#REF!,(MATCH(SMALL(#REF!,ROW()-10),#REF!,0)-1),0)
Name RD: OFFSET(#REF!,(MATCH(SMALL(#REF!,ROW()-10),#REF!,0)-1),0)
Name RD: OFFSET(#REF!,(MATCH(SMALL(#REF!,ROW()-10),#REF!,0)-1),0)

Sheet Reitoria
A1: PROCESSO: 1025/2014 - RELANÇAMENTO | D1: OBJETO: AQUISIÇÃO DE FERRAMENTAS, UTENSÍLIOS E MATERIAIS DE REPARO PARA O CAMPUS I, CERES E CESFI | G1: VIGÊNCIA DA ATA: 07/11/2014 até 06/11/2015 | K1: AF/OS nº xxxx/2014 Qtde. DT | L1: AF/OS nº xxxx/2014 Qtde. DT | M1: AF/OS nº xxxx/2014 Qtde. DT | N1: AF/OS nº xxxx/2014 Qtde. DT | O1: AF/OS nº xxxx/2014 Qtde. DT | P1: AF/OS nº xxxx/2014 Qtde. DT | Q1: AF/OS nº xxxx/2014 Qtde. DT | R1: AF/OS nº xxxx/2014 Qtde. DT | S1: AF/OS nº xxxx/2014 Qtde. DT | T1: AF/OS nº xxxx/2014 Qtde. DT | U1: AF/OS nº xxxx/2014 Qtde. DT | V1: AF/OS nº xxxx/2014 Qtde. DT
A2: CENTRO PARTICIPANTE: Reitoria
A3: FORNECEDOR | B3: LOTE | C3: ITEM | D3: PRODUTO - CARACTERÍSTICAS MÍNIMAS | E3: DETALHAMENTO | F3: UNIDADE | G3: Preço UNITÁRIO (R$) | H3: Qtde LICITADA | I3: Saldo / Automático | J3: ALERTA | K3: ...../...../...... | L3: ...../...../...... | M3: ...../...../...... | N3: ...../...../...... | O3: ...../...../...... | P3: ...../...../...... | Q3: ...../...../...... | R3: ...../...../...... | S3: ...../...../...... | T3: ...../...../...... | U3: ...../...../...... | V3: ...../...../......
A4: Cristiani Louri Rodrigues & Cia. Ltda - ME | B4: 1 | C4: 1 | D4: DESEMPENADEIRA, DE ACO P/CONTRUCAO, Desempenadeira dentada, com cabo de madeira, Dimensões: 255mm x 120mm. | E4: 339030.42 | F4: Peça | G4: 22 | H4: 5 | I4: =H4-(SUM(K4:V4)) -> 5 | J4: =IF(I4<0,"ATENÇÃO","OK") -> OK | K4: 0 | L4: 0 | M4: 0 | N4: 0 | O4: 0 | P4: 0 | Q4: 0 | R4: 0 | S4: 0 | T4: 0 | U4: 0 | V4: 0
C5: 2 | D5: DESEMPENADEIRA, EM MADEIRA LISA, MED.15 X 26CM, Desempenadeira de madeira lisa. Tamanho aprox. 15cmX26cm | E5: 339030.24 | F5: Peça | G5: 5.5 | H5: 5 | I5: =H5-(SUM(K5:V5)) -> 5 | J5: =IF(I5<0,"ATENÇÃO","OK") -> OK | K5: 0 | L5: 0 | M5: 0 | N5: 0 | O5: 0 | P5: 0 | Q5: 0 | R5: 0 | S5: 0 | T5: 0 | U5: 0 | V5: 0
C6: 3 | D6: DESEMPENADEIRA, EM PVC, MEDINDO 14 X 27CM, Desempenadeira em PVC 14x 27cm. | E6: 339030.24 | F6: Peça | G6: 4.2 | H6: 5 | I6: =H6-(SUM(K6:V6)) -> 5 | J6: =IF(I6<0,"ATENÇÃO","OK") -> OK | K6: 0 | L6: 0 | M6: 0 | N6: 0 | O6: 0 | P6: 0 | Q6: 0 | R6: 0 | S6: 0 | T6: 0 | U6: 0 | V6: 0
C7: 4 | D7: CONEXAO DE PLASTICO PARA INSTALACOES HIDRAULICAS-SANITARIAS, ADAPTADOR CURTO EM PVC, Conexão em "PVC", para água fria, tipo "Adaptador Soldável com Flanges Livres para Caixa D’Água." Ø25mm, Linha Soldável.Material - PVC - Cloreto de Polivinila, cor marrom. | E7: 339030.24 | F7: Peça | G7: 7.7 | H7: 30 | I7: =H7-(SUM(K7:V7)) -> 30 | J7: =IF(I7<0,"ATENÇÃO","OK") -> OK | K7: 0 | L7: 0 | M7: 0 | N7: 0 | O7: 0 | P7: 0 | Q7: 0 | R7: 0 | S7: 0 | T7: 0 | U7: 0 | V7: 0
C8: 5 | D8: LANTERNA, DE CABECA, COM 19 LEDS, Lanterna com 19 leds, recarregável. | E8: 339030.13 | F8: Peça | G8: 42.85 | H8: 5 | I8: =H8-(SUM(K8:V8)) -> 5 | J8: =IF(I8<0,"ATENÇÃO","OK") -> OK | K8: 0 | L8: 0 | M8: 0 | N8: 0 | O8: 0 | P8: 0 | Q8: 0 | R8: 0 | S8: 0 | T8: 0 | U8: 0 | V8: 0
C9: 6 | D9: REBITADOR MANUAL, TIPO ALAVANCA, Rebitador manual tipo alavanca. Corpo em alumínio fundido. Castanhas em aço cromo molibdnênio temperadas. Cabos tubulares cromados. Ponteiras para cinco bitolas de rebites: 3.2, 4.0, 4.8, 6.0, 6.4mm. Cabos com revestimento especial. Tamanho: 16,5". | E9: 449052.38 | F9: Peça | G9: 34.7 | H9: 5 | I9: =H9-(SUM(K9:V9)) -> 5 | J9: =IF(I9<0,"ATENÇÃO","OK") -> OK | K9: 0 | L9: 0 | M9: 0 | N9: 0 | O9: 0 | P9: 0 | Q9: 0 | R9: 0 | S9: 0 | T9: 0 | U9: 0 | V9: 0
A10: Kafer Comércio Ltda | B10: 2 | C10: 1 | D10: LIXADEIRA INDUSTRIAL, COM MESA, DE FITA, Lixadeira de cinta com disco (combinada de bancada), com mesa regulável, para lixas com comprimento de 1490mm x 150 mm, motorizada com motor de 1cv – 4 P, peso aproximado de 50kg, correia utilizada 1 =A-29. Marca / modelo referência: LX 2S ACERBI. | E10: 449052.38 | F10: Peça | G10: 1535 | I10: =H10-(SUM(K10:V10)) -> 0 | J10: =IF(I10<0,"ATENÇÃO","OK") -> OK | K10: 0 | L10: 0 | M10: 0 | N10: 0 | O10: 0 | P10: 0 | Q10: 0 | R10: 0 | S10: 0 | T10: 0 | U10: 0 | V10: 0
C11: 2 | D11: LIXADEIRA, ANGULAR 115MM, TIPO PORTÁTIL, POTÊNCIA DE 850 W, TENSÃO 220V. | E11: 449052.38 | F11: Peça | G11: 253.09 | I11: =H11-(SUM(K11:V11)) -> 0 | J11: =IF(I11<0,"ATENÇÃO","OK") -> OK | K11: 0 | L11: 0 | M11: 0 | N11: 0 | O11: 0 | P11: 0 | Q11: 0 | R11: 0 | S11: 0 | T11: 0 | U11: 0 | V11: 0
C12: 3 | D12: LIXADEIRA, COM MALETA E ACESSORIOS, Lixadeira de cinta manual – lixadeira de cinta elétrica com aplicação industrial, 220v, potência entre 650 e 850 W, velocidade da cinta sem carga entre 200 e 400 m/min, dimensões da lixa de aproximadamente 75x533mm, com coletor de pó, peso variando entre 3 à 5 kg. Marca / modelo referência: GBS 75 AE - BOSCH ou Dewalt DW433 etc. | E12: 449052.38 | F12: Peça | G12: 1047.36 | I12: =H12-(SUM(K12:V12)) -> 0 | J12: =IF(I12<0,"ATENÇÃO","OK") -> OK | K12: 0 | L12: 0 | M12: 0 | N12: 0 | O12: 0 | P12: 0 | Q12: 0 | R12: 0 | S12: 0 | T12: 0 | U12: 0 | V12: 0
C13: 4 | D13: LIXADEIRA, DE CINTA, A lixadeira deve vir completa, com todos os acessórios, com três jogos de lixas, para o seu funcionamento. Deve possuir duas funções, lixadeira de disco e lixadeira de fita e ser apoiada no chão. A lixadeira de disco deve ter inclinação da mesa de 45º, com dimensão mínima de 250mm. A lixadeira de fita deve ter dimensão de lixa aproximada de 1480 X 150 mm e posição de trabalho de 0&#730; e 90&#730;. A potência mínima deve ser de 1CV e a tensão de 220V. | E13: 449052.38 | F13: Peça | G13: 2986.17 | I13: =H13-(SUM(K13:V13)) -> 0 | J13: =IF(I13<0,"ATENÇÃO","OK") -> OK | K13: 0 | L13: 0 | M13: 0 | N13: 0 | O13: 0 | P13: 0 | Q13: 0 | R13: 0 | S13: 0 | T13: 0 | U13: 0 | V13: 0
C14: 5 | D14: LIXADEIRA, ORBITAL, ELETRICA, Lixadeira orbital elétrica industrial ou profissional, 220v, potencia de aprox. 170w, de 13000 a 14000 oscilações por minuto, para lixa de 114x140mm, 1/3 de lixa. | E14: 449052.38 | F14: Peça | G14: 274.33 | I14: =H14-(SUM(K14:V14)) -> 0 | J14: =IF(I14<0,"ATENÇÃO","OK") -> OK | K14: 0 | L14: 0 | M14: 0 | N14: 0 | O14: 0 | P14: 0 | Q14: 0 | R14: 0 | S14: 0 | T14: 0 | U14: 0 | V14: 0
A15: Kafer Comércio Ltda | B15: 3 | C15: 1 | D15: APARELHO PARA SOLDA, ELETRICA, Aparelho de solda Monofásico. Alimentação 220V -50/ 60 Hz – Plug universal, Ciclo de tarefa: 10%, Corrente máxima: 160 A, Capacidade de entrada: 8 Kva, Intervalo de ajuste da corrente: 55 - 160 A, Diâmetro do eletrodo compatível: 2 - 3.2 mm. Incluso Cabos: Alicate, Alicate terra. | E15: 449052.38 | F15: Peça | G15: 316 | H15: 1 | I15: =H15-(SUM(K15:V15)) -> 1 | J15: =IF(I15<0,"ATENÇÃO","OK") -> OK | K15: 0 | L15: 0 | M15: 0 | N15: 0 | O15: 0 | P15: 0 | Q15: 0 | R15: 0 | S15: 0 | T15: 0 | U15: 0 | V15: 0
C16: 2 | D16: COLETOR DE PO, COM CHAVE ELETRICA, Coletor de pó com Chave elétrica com botão de segurança, rodas e alças para movimentação, com saco de poliester de 80 litros lavável. Tensão de 220V ou bivolt. | E16: 449052.38 | F16: Peça | G16: 788.8 | I16: =H16-(SUM(K16:V16)) -> 0 | J16: =IF(I16<0,"ATENÇÃO","OK") -> OK | K16: 0 | L16: 0 | M16: 0 | N16: 0 | O16: 0 | P16: 0 | Q16: 0 | R16: 0 | S16: 0 | T16: 0 | U16: 0 | V16: 0
C17: 3 | D17: MORSA, DE BANCADA PARA FIXACAO DE PECAS NOE 8, Morsa de bancada para fixação de peças Nº 8 | E17: 449052.38 | F17: Peça | G17: 249.44 | I17: =H17-(SUM(K17:V17)) -> 0 | J17: =IF(I17<0,"ATENÇÃO","OK") -> OK | K17: 0 | L17: 0 | M17: 0 | N17: 0 | O17: 0 | P17: 0 | Q17: 0 | R17: 0 | S17: 0 | T17: 0 | U17: 0 | V17: 0
C18: 4 | D18: MORSA, MINI MORSA COM EIXO GIRATORIO, Mini morsa com eixo giratório 360&#730; que prenda superfícies de até 5cm de largura. Deve ter capa de borracha protetora nas suas “garras”. | E18: 449052.38 | F18: Peça | G18: 136.07 | I18: =H18-(SUM(K18:V18)) -> 0 | J18: =IF(I18<0,"ATENÇÃO","OK") -> OK | K18: 0 | L18: 0 | M18: 0 | N18: 0 | O18: 0 | P18: 0 | Q18: 0 | R18: 0 | S18: 0 | T18: 0 | U18: 0 | V18: 0
C19: 5 | D19: PISTOLA PARA PINTURA, DE ALTA PRESSAO, Pistola de pintura por gravidade, com bico de 1,4 mm de diâmetro, caneca em alumínio com capacidade de 600ml, para aplicação de tintas automotivas. Marca / modelo de referência: OMX-610 MARCA DEVILBISS. | E19: 449052.38 | F19: Peça | G19: 763.36 | I19: =H19-(SUM(K19:V19)) -> 0 | J19: =IF(I19<0,"ATENÇÃO","OK") -> OK | K19: 0 | L19: 0 | M19: 0 | N19: 0 | O19: 0 | P19: 0 | Q19: 0 | R19: 0 | S19: 0 | T19: 0 | U19: 0 | V19: 0
C20: 6 | D20: PLAINA DE BANCADA, DE MESA, ELETRICA, TAMANHO MEDIO, Plaina Elétrica profissional, potencia minima 620 W, largura de corte 82mm (3' ¼"), profundidade de corte 2,5X158X158mm, peso 2,6Kg, voltagem 220 V. Acompanha conjunto de calibrador da face, guia reta, faca de plaina e chave soquete. | E20: 449052.38 | F20: Peça | G20: 426.23 | I20: =H20-(SUM(K20:V20)) -> 0 | J20: =IF(I20<0,"ATENÇÃO","OK") -> OK | K20: 0 | L20: 0 | M20: 0 | N20: 0 | O20: 0 | P20: 0 | Q20: 0 | R20: 0 | S20: 0 | T20: 0 | U20: 0 | V20: 0
C21: 7 | D21: PLAINA DE BANCADA, DESEMPENADEIRA, Equipamento para desempenar e desbastar, fazendo ajustes nos cortes de madeiras, compensados e MDF. Com 04 facas, eixo em diagonal, uso industrial. Descrição do produto: Motor: 1CV - 2 POLOS; Comprimento da mesa: 1.200mm; Largura da mesa: 160mm; Diâmetro do eixo: 61mm; Número de Facas: 4 un; Dimensões das Facas: 158 x 18 x 3mm; Peso: Aproximadamente 116Kg. | E21: 449052.38 | F21: Peça | G21: 4266.66 | I21: =H21-(SUM(K21:V21)) -> 0 | J21: =IF(I21<0,"ATENÇÃO","OK") -> OK | K21: 0 | L21: 0 | M21: 0 | N21: 0 | O21: 0 | P21: 0 | Q21: 0 | R21: 0 | S21: 0 | T21: 0 | U21: 0 | V21: 0
A22: Kafer Comércio Ltda | B22: 5 | C22: 1 | D22: FURADEIRA, ELETRICA DE IMPACTO, Furadeira de impacto com potência mínima de 600W, com mandril de 1/2”ou 13mm, com número de rotações de 0-3000rpm. Tensão de 220V ou bivolt. Deve vir com maleta compatível. | E22: 449052.34 | F22: Peça | G22: 295.15 | I22: =H22-(SUM(K22:V22)) -> 0 | J22: =IF(I22<0,"ATENÇÃO","OK") -> OK | K22: 0 | L22: 0 | M22: 0 | N22: 0 | O22: 0 | P22: 0 | Q22: 0 | R22: 0 | S22: 0 | T22: 0 | U22: 0 | V22: 0
C23: 2 | D23: FURADEIRA, ELETRICA DE IMPACTO, Furadeira de impacto profissional ½”, com potência mínima de 800 W, 3000 RPM, 220 V, para trabalhos pesados de perfuração em concreto, aço e madeira. Deve possuir comutador mecânico de duas velocidades, carcaça de engrenagem metálica, embreagem de segurança. Carcaça e punho emborrachado. Deverá vir acompanhada de maleta com os seguintes itens: 1 chave de catraca, 1 porta bits, 1 escariador, 2 guias para pontas, 13 Bbrocas para metal / madeira / plástico (1/16, 5/64, 3/32, 7/64, 1/8, 9/64, 5/32, 11/64, 3/16, 13/64, 7/32, 15/64, 1/4 polegadas), 12 brocas para madeira (1/8, 9/64, 5/32, 11/16, 3/16, 13/64, 7/32, 15/64, 1/4, 9/32, 19/64,5/16 polegadas), 5 brocas para concreto: 1/8, 3/16, 1/4, 5/16, 3/8 polegadas. | E23: 449052.34 | F23: Peça | G23: 477.5 | H23: 3 | I23: =H23-(SUM(K23:V23)) -> 3 | J23: =IF(I23<0,"ATENÇÃO","OK") -> OK | K23: 0 | L23: 0 | M23: 0 | N23: 0 | O23: 0 | P23: 0 | Q23: 0 | R23: 0 | S23: 0 | T23: 0 | U23: 0 | V23: 0
C24: 3 | D24: FURADEIRA, MANUAL 700W DE POTENCIA, COM MANDRIL DE 1/2 POLEGADA, Furadeira Manual 700w de potência, 220V, com mandril de ½ polegada e velocidade regulável no gatilho | E24: 449052.38 | G24: 254.3 | I24: =H24-(SUM(K24:V24)) -> 0 | J24: =IF(I24<0,"ATENÇÃO","OK") -> OK | K24: 0 | L24: 0 | M24: 0 | N24: 0 | O24: 0 | P24: 0 | Q24: 0 | R24: 0 | S24: 0 | T24: 0 | U24: 0 | V24: 0
C25: 4 | D25: FURADEIRA, PARAFUSADEIRA, Parafusadeira industrial 220V., 685W 500rpm similar (DW268) com kit de chave regulador de torque com lanterna. | E25: 449052.38 | F25: Peça | G25: 591.66 | I25: =H25-(SUM(K25:V25)) -> 0 | J25: =IF(I25<0,"ATENÇÃO","OK") -> OK | K25: 0 | L25: 0 | M25: 0 | N25: 0 | O25: 0 | P25: 0 | Q25: 0 | R25: 0 | S25: 0 | T25: 0 | U25: 0 | V25: 0
C26: 5 | D26: FURADEIRA, PARAFUSADEIRA, Parafusadeira-Furadeira sem Fio, rotação variavel, reversivel, bateria de 12v, Bivolt ou 200V, acompanha carregador e suporte para bateria, com maleta, acompanha: 2 Bits Phillips de 25 mm: PH1 e PH2, 2 Bits. Pozidriv de 25 mm: PZ1 e PZ2, 2 Bits de fenda: 5 e 6 mm, 6 Brocas para metal. | E26: 449052.38 | F26: Peça | G26: 242.93 | I26: =H26-(SUM(K26:V26)) -> 0 | J26: =IF(I26<0,"ATENÇÃO","OK") -> OK | K26: 0 | L26: 0 | M26: 0 | N26: 0 | O26: 0 | P26: 0 | Q26: 0 | R26: 0 | S26: 0 | T26: 0 | U26: 0 | V26: 0
C27: 6 | D27: FURADEIRA, SEM IMPACTO, POTENCIA 600W, 220V, 1/2", 1000-2500 RPM Industrial. Motor de 600 wattsç Comutador de velocidade mecânico; Botão de trava para trabalhos contínuos; Tipo: Industria; RPM: 1000-2500RPM; Velocidade: 2 VVR; Encaixe: 1/2" | E27: 449052.34 | F27: Peça | G27: 473.53 | I27: =H27-(SUM(K27:V27)) -> 0 | J27: =IF(I27<0,"ATENÇÃO","OK") -> OK | K27: 0 | L27: 0 | M27: 0 | N27: 0 | O27: 0 | P27: 0 | Q27: 0 | R27: 0 | S27: 0 | T27: 0 | U27: 0 | V27: 0
C28: 7 | D28: FURADEIRA, TIPO PARAFUSADEIRA MOVIDA A BATERIA, Furadeira/Parafusadeira Profissional à Bateria. Mandril: 3/8"; Rotação: 400/1200RPM; Voltagem: 220V; Baterias: 12 / 14 V | E28: 449052.34 | F28: Peça | G28: 381.27 | I28: =H28-(SUM(K28:V28)) -> 0 | J28: =IF(I28<0,"ATENÇÃO","OK") -> OK | K28: 0 | L28: 0 | M28: 0 | N28: 0 | O28: 0 | P28: 0 | Q28: 0 | R28: 0 | S28: 0 | T28: 0 | U28: 0 | V28: 0
C29: 8 | D29: FURADEIRA, TIPO PARAFUSADEIRA,INDUSTRIAL ELETRONICA 650 W, Furadeira de no mínimo 650 Watts de potência;Mandril de 1/2" (13mm);Empunhadura lateral multi-posição.Alimentação 220V - 5060Hz.Incluso maleta e chave de mandril. | E29: 449052.38 | F29: Peça | G29: 353 | H29: 2 | I29: =H29-(SUM(K29:V29)) -> 2 | J29: =IF(I29<0,"ATENÇÃO","OK") -> OK | K29: 0 | L29: 0 | M29: 0 | N29: 0 | O29: 0 | P29: 0 | Q29: 0 | R29: 0 | S29: 0 | T29: 0 | U29: 0 | V29: 0
C30: 9 | D30: FURADEIRA DE BANCADA, DE BANCADA, Descrição do produto: Potência: 350 W; Velocidade: 570-3050; Níveis de velocidade: 5 níveis de ajuste de velocidade variável; capacidade: 1,5 mm, 6 mm, 13 mm (1/16", 1/4", 1/2"); Motor de 350 W; Base de Ferro Fundido; ajuste de profundidade | E30: 449052.38 | F30: Peça | G30: 509.66 | I30: =H30-(SUM(K30:V30)) -> 0 | J30: =IF(I30<0,"ATENÇÃO","OK") -> OK | K30: 0 | L30: 0 | M30: 0 | N30: 0 | O30: 0 | P30: 0 | Q30: 0 | R30: 0 | S30: 0 | T30: 0 | U30: 0 | V30: 0
C31: 10 | D31: FURADEIRA INDUSTRIAL, FURADEIRA MARTELETE ROMPEDOR, Furadeira / Martelete Rompedor SDS. Potencia mínima 800w, Encaixe tipo SDS,Velocidade variável, Função perfuração com e sem impacto. Alimentação 220V. Ref Bosch Gbh 2-24d. | E31: 449052.38 | F31: Peça | G31: 666 | H31: 2 | I31: =H31-(SUM(K31:V31)) -> 2 | J31: =IF(I31<0,"ATENÇÃO","OK") -> OK | K31: 0 | L31: 0 | M31: 0 | N31: 0 | O31: 0 | P31: 0 | Q31: 0 | R31: 0 | S31: 0 | T31: 0 | U31: 0 | V31: 0
C32: 11 | D32: PARAFUSADEIRA ELETRICA EMPUNHAVEL, A BATERIA, Parafusadeira a bateria 12Volts, bateria íon de lítio.Mandril sem chave 3/8”, Luz LED, Clip para pendurar, 2baterias Ion de Líthium, Encaixe 3/8" (10mm), 2niveis de velocidades, de 0 a 400/ 0 a 1.500RPM, torque 25 NewTons. Marca de Referência: Dewalt. Conjunto com carregador (110/220v) e maleta. | E32: 449052.38 | F32: Peça | G32: 460.5 | H32: 4 | I32: =H32-(SUM(K32:V32)) -> 4 | J32: =IF(I32<0,"ATENÇÃO","OK") -> OK | K32: 0 | L32: 0 | M32: 0 | N32: 0 | O32: 0 | P32: 0 | Q32: 0 | R32: 0 | S32: 0 | T32: 0 | U32: 0 | V32: 0
C33: 12 | D33: PARAFUSADEIRA ELETRICA EMPUNHAVEL, COMPATIVEL A REDE 220 VOLTS, Parafusadeira com o mínimo de 14V, com bateria em ións de lítio, com configurações de, no mínimo, 25 opções de torque e uma para furação. Tensão de 220V ou bivolt. Deve vir com maleta compatível. | E33: 449052.38 | F33: Peça | G33: 380.04 | I33: =H33-(SUM(K33:V33)) -> 0 | J33: =IF(I33<0,"ATENÇÃO","OK") -> OK | K33: 0 | L33: 0 | M33: 0 | N33: 0 | O33: 0 | P33: 0 | Q33: 0 | R33: 0 | S33: 0 | T33: 0 | U33: 0 | V33: 0
A34: Cristiani Louri Rodrigues & Cia. Ltda - ME | B34: 6 | C34: 1 | D34: PLAINA ELETRICA, PLAINA 550 W, 220 V, Plaina Elétrica 3 1/4"(82mm) 550 Watts; Gatilho com trava de segurança, utilização de Lâminas de aço rápido, manopla com ajustes de profundidade; sapata usinada com chanfros de borda, Potência: 550 Watts, Rotação: 17.000 Rpm, Capicade de corte: 1mm , Peso: 2,6 Kg, Largura da Lâmina: 82mm, Capacidade de rebaixo: 9mm, com Guia paralela e Chave para troca da Lâmina. Marca de referência: Modelo D26676 - Dewalt | E34: 449052.34 | F34: Peça | G34: 297 | H34: 1 | I34: =H34-(SUM(K34:V34)) -> 1 | J34: =IF(I34<0,"ATENÇÃO","OK") -> OK | K34: 0 | L34: 0 | M34: 0 | N34: 0 | O34: 0 | P34: 0 | Q34: 0 | R34: 0 | S34: 0 | T34: 0 | U34: 0 | V34: 0
C35: 2 | D35: SERRA MANUAL, MEIA ESQUADRIA, Conjunto serra tipo "meia esquadria" Manual, Sistema com mesa ajustável, Indicador de grau, Escala na base, Lamina para cortar madeira e plástico, Apoio de madeira, Comprimento da lâmina de 550 mm. Material: Aço. | E35: 449052.38 | F35: Peça | G35: 338 | H35: 1 | I35: =H35-(SUM(K35:V35)) -> 1 | J35: =IF(I35<0,"ATENÇÃO","OK") -> OK | K35: 0 | L35: 0 | M35: 0 | N35: 0 | O35: 0 | P35: 0 | Q35: 0 | R35: 0 | S35: 0 | T35: 0 | U35: 0 | V35: 0
C36: 3 | D36: SERRA MANUAL, MEIA ESQUADRIA, Serra meio-esquadria profissional – potência mínima 1500 W – serra de 10 polegadas. Com garantia e assistência técncia em Santa Catarina | E36: 449052.38 | F36: Peça | G36: 945 | H36: 1 | I36: =H36-(SUM(K36:V36)) -> 1 | J36: =IF(I36<0,"ATENÇÃO","OK") -> OK | K36: 0 | L36: 0 | M36: 0 | N36: 0 | O36: 0 | P36: 0 | Q36: 0 | R36: 0 | S36: 0 | T36: 0 | U36: 0 | V36: 0
C37: 4 | D37: SERRA MANUAL, TICO-TICO,MANUAL, serra tico-tico 1600RPM, 220v | E37: 449052.38 | G37: 218 | I37: =H37-(SUM(K37:V37)) -> 0 | J37: =IF(I37<0,"ATENÇÃO","OK") -> OK | K37: 0 | L37: 0 | M37: 0 | N37: 0 | O37: 0 | P37: 0 | Q37: 0 | R37: 0 | S37: 0 | T37: 0 | U37: 0 | V37: 0
C38: 5 | D38: SERRA MANUAL, TICO-TICO,MANUAL, Serra tico-tico de bancada com para lâminas com dimensões de 5”; Tensão de 220V ou bivolt. | E38: 449052.38 | F38: Peça | G38: 490 | I38: =H38-(SUM(K38:V38)) -> 0 | J38: =IF(I38<0,"ATENÇÃO","OK") -> OK | K38: 0 | L38: 0 | M38: 0 | N38: 0 | O38: 0 | P38: 0 | Q38: 0 | R38: 0 | S38: 0 | T38: 0 | U38: 0 | V38: 0
C39: 6 | D39: SERRA MANUAL, TICO-TICO,MANUAL, Serra tico-tico elétrica, aplicação industrial, 220V, 650W de potência mínima, de 500 a 3100 golpes por minuto, capacidade corte madeira de 90mm e aço 8,0mm, peso aproximado de até 3kg. Com 15 lâminas com 75mm de comprimento para madeira com prego e alumínio até 13mm de espessura e 15 laminas com 75mm comprimento para corte limpo em madeira com até 50mm espessura. | E39: 449052.38 | F39: Peça | G39: 470 | I39: =H39-(SUM(K39:V39)) -> 0 | J39: =IF(I39<0,"ATENÇÃO","OK") -> OK | K39: 0 | L39: 0 | M39: 0 | N39: 0 | O39: 0 | P39: 0 | Q39: 0 | R39: 0 | S39: 0 | T39: 0 | U39: 0 | V39: 0
C40: 7 | D40: SOPRADOR TERMICO, POTENCIA 1800W, Soprador Térmico 220V Temp.1: 50º; 2:300º/400º; 3:400º/570º 1800W. Características: Três níveis de temperatura; Controle constante de temperatura; Base plana para uso estável; Entradas de ar lateral com tela de proteção; Acompanha kit de acessórios e maleta plástica. Especificações técnicas: Potência: 1800 watts; Tensão: 220V; Temperatura: de 50ºC a 570°C | E40: 449052.38 | F40: Peça | G40: 151.2 | I40: =H40-(SUM(K40:V40)) -> 0 | J40: =IF(I40<0,"ATENÇÃO","OK") -> OK | K40: 0 | L40: 0 | M40: 0 | N40: 0 | O40: 0 | P40: 0 | Q40: 0 | R40: 0 | S40: 0 | T40: 0 | U40: 0 | V40: 0
C41: 8 | D41: ROCADEIRA, LATERAL, Roçadeira Elétrica. Tipo de corte: Lateral. Funcionamento a base elétrica, tensão da rede de 220V, potência mínima de 1000W. Deve possuir guidão para empunhadura, cinto/alça ajustável com regulagem, trava na tomada. O Material da lâmina deve ser confeccionado em aço cromo vanádio temperado. Carcaça para proteção e sustentação do motor confeccionada em polipropileno para evitar corrosão. Deve possuir carretel com duplo fio de nylon que é intercambiável com a lâmina (as duas podem ser usadas alternadamente com o mesmo propósito). Sistema de fixa-cabo que impede que o cabo elétrico se desconecte acidentalmente. Empunhadura de duplo acionamento, para garantir maior segurança ao operador. O motor deve possuir sistema de proteção térmica que desliga automaticamente em caso de superaquecimento. Eixo de transmissão (motor/cardã) do tipo rígido, almejando maior resistência e durabilidade. Braços reguláveis: permitem ajustar a melhor posição/altura para o usuário e, também, dobrá-los sem desmontar, facilitando o transporte. Medidas e peso: Altura 45,00 Centimetros, Largura 71,00 Centimetros, Profundidade 1,86 Metros. Peso aproximado 6 Quilos. São permitidas variações nas medidas em até 10%. Referência: Semelhante ao Modelo Tramontina RE1000. | E41: 449052.38 | F41: Peça | G41: 1160 | I41: =H41-(SUM(K41:V41)) -> 0 | J41: =IF(I41<0,"ATENÇÃO","OK") -> OK | K41: 0 | L41: 0 | M41: 0 | N41: 0 | O41: 0 | P41: 0 | Q41: 0 | R41: 0 | S41: 0 | T41: 0 | U41: 0 | V41: 0
A42: Cristiani Louri Rodrigues & Cia. Ltda - ME | B42: 7 | C42: 1 | D42: ELETRODO, PARA A«O CARBONO, Eletrodos para aço carbono; Bitola 2,5mm; classificação 6013. Caixa com 5KG. | E42: 339030.24 | F42: Peça | G42: 18.75 | H42: 5 | I42: =H42-(SUM(K42:V42)) -> 5 | J42: =IF(I42<0,"ATENÇÃO","OK") -> OK | K42: 0 | L42: 0 | M42: 0 | N42: 0 | O42: 0 | P42: 0 | Q42: 0 | R42: 0 | S42: 0 | T42: 0 | U42: 0 | V42: 0
C43: 2 | D43: ELETRODO, PARA SOLDA ELETRICA, Eletrodo revestido para solda 308 L – eletrodo revestido, norma AWS A5.1, classificação 308 L, para aços inox, com baixo teor de aço carbono, resistente a corrosão intergranular, indicadora para aços inoxidáveis do tipo AISI 304L ou fundidos do tipo CF-3. Com 2,5 mm de diâmetro ideal para uso em transformadores ou retificadores. | E43: 339030.42 | F43: Kg | G43: 61 | I43: =H43-(SUM(K43:V43)) -> 0 | J43: =IF(I43<0,"ATENÇÃO","OK") -> OK | K43: 0 | L43: 0 | M43: 0 | N43: 0 | O43: 0 | P43: 0 | Q43: 0 | R43: 0 | S43: 0 | T43: 0 | U43: 0 | V43: 0
C44: 3 | D44: ELETRODO, PARA SOLDA ELETRICA, Eletrodo revestido para solda 6013 – eletrodo revestido, norma AWS A5.1, classificação 6013, para aços carbonos comum para uso geral, todos os tipos de juntas e posições, estruturas gerais, bom desempenho em chapas galvanizadas. Com 2,5 mm de diâmetro, ideal para uso em transformadores ou retificadores. | E44: 339030.42 | F44: Kg | G44: 12.07 | I44: =H44-(SUM(K44:V44)) -> 0 | J44: =IF(I44<0,"ATENÇÃO","OK") -> OK | K44: 0 | L44: 0 | M44: 0 | N44: 0 | O44: 0 | P44: 0 | Q44: 0 | R44: 0 | S44: 0 | T44: 0 | U44: 0 | V44: 0
C45: 4 | D45: ELETRODO, PARA SOLDA ELETRICA, Eletrodo revestido para solda 6013 – eletrodo revestido, norma AWS A5.1, classificação 6013, para aços carbonos comum para uso geral, todos os tipos de juntas e posições, estruturas gerais, bom desempenho em chapas galvanizadas. Com 3,25 mm de diâmetro ideal para uso em transformadores ou retificadores. | E45: 339030.42 | F45: Kg | G45: 13.29 | I45: =H45-(SUM(K45:V45)) -> 0 | J45: =IF(I45<0,"ATENÇÃO","OK") -> OK | K45: 0 | L45: 0 | M45: 0 | N45: 0 | O45: 0 | P45: 0 | Q45: 0 | R45: 0 | S45: 0 | T45: 0 | U45: 0 | V45: 0
C46: 5 | D46: ELETRODO, TAMANHO 46 X 2.5, | E46: 339030.42 | F46: Kg | G46: 21.01 | H46: 5 | I46: =H46-(SUM(K46:V46)) -> 5 | J46: =IF(I46<0,"ATENÇÃO","OK") -> OK | K46: 0 | L46: 0 | M46: 0 | N46: 0 | O46: 0 | P46: 0 | Q46: 0 | R46: 0 | S46: 0 | T46: 0 | U46: 0 | V46: 0
C47: 6 | D47: KIT DE ACESSORIOS, PARA RETIFICADEIRA COM 110 PECAS, Kit completo com estojo contendo 110 acessórios profissionais variados. Que Realize inúmeras funções, tais como: cortar, gravar, esmerilhar, limpar/polir, lixar etc. Peso bruto aproximado: 410 gramas. Dimensões aproximadas da Maleta: 19cm x 23cm x 3,5 cm. Deve conter os seguintes itens: 01 Escariador (FRESAS DE ALTA VELOCIDADE Ø 3,2mm), 01 Ponta de carbureto de cilício (PONTA MONTADA DE CARBURETO DE SILÍCIO Ø 7,1mm), 01 Ponta cônica (PONTA MONTADA DE CARBURETO DE SILÍCIO Ø 4,8mm) - 01 Ponta cônica (PONTA MONTADA DE ÓXIDO DE ALUMÍNIO Ø 9,5mm), 01 Ponta de óxido de aluminio (PONTA MONTADA DE ÓXIDO DE ALUMÍNIO Ø6,4mm), 12 Discos de corte ( Ø23,8mm x 0,6mm), 12 Discos de corte (Ø23,8 x 1mm), 01 Discos de corte (REFORÇADOS COM FIBRA DE VIDRO Ø 31,8 x 1,15mm), 01 Disco de corte – (Ø31,8mm x 1,58mm), 01 Escova de cerda (Ø3,2mm), 01 Escova de aço de carbono ( Ø 19,1mm) - 04 Discos de feltro (Ø12,7mm), 01 Pasta de polimento (para acessórios de feltro ou de tecido para polir metais e plásticos), 01 Feltro ( Ø 9,5mm), 04 Feltros de polimento (Ø 25,4mm), 01 Tubo de lixa com suporte (Ø12,7mm), 06 Tubos de lixa ( grana 60), 12 Discos de lixa ( grana grossa 180), 12 Discos de lixa ( grana média 220), 12 Discos de lixa ( grana fina 240), 01 Tubo de lixa (Ø6,4mm), 06 Tubos de lixa ( Ø 6,4mm, grana grossa 60), 06 Tubos de Lixa (Ø 12,7mm, grana grossa 120), 06 Tubos de lixa (Ø6,4mm, grana grossa 120), 01 Disco abrasivo, 02 Hastes adaptadoras, 01 Haste adaptadora, 01 Pedra lixadora. | E47: 339030.42 | F47: Peça | G47: 124.58 | I47: =H47-(SUM(K47:V47)) -> 0 | J47: =IF(I47<0,"ATENÇÃO","OK") -> OK | K47: 0 | L47: 0 | M47: 0 | N47: 0 | O47: 0 | P47: 0 | Q47: 0 | R47: 0 | S47: 0 | T47: 0 | U47: 0 | V47: 0
C48: 7 | D48: BROCA DE ACO RAPIDO, HELICOIDAL, DIAMETRO DE 14MM, | E48: 339030.42 | F48: Peça | G48: 42.4 | I48: =H48-(SUM(K48:V48)) -> 0 | J48: =IF(I48<0,"ATENÇÃO","OK") -> OK | K48: 0 | L48: 0 | M48: 0 | N48: 0 | O48: 0 | P48: 0 | Q48: 0 | R48: 0 | S48: 0 | T48: 0 | U48: 0 | V48: 0
C49: 8 | D49: BROCA DE ACO RAPIDO, HELICOIDAL, DIAMETRO DE 15.5MM, | E49: 339030.42 | F49: Peça | G49: 97.67 | I49: =H49-(SUM(K49:V49)) -> 0 | J49: =IF(I49<0,"ATENÇÃO","OK") -> OK | K49: 0 | L49: 0 | M49: 0 | N49: 0 | O49: 0 | P49: 0 | Q49: 0 | R49: 0 | S49: 0 | T49: 0 | U49: 0 | V49: 0
C50: 9 | D50: BROCA DE ACO RAPIDO, HELICOIDAL, DIAMETRO DE 18MM, | E50: 339030.42 | F50: Peça | G50: 118.59 | I50: =H50-(SUM(K50:V50)) -> 0 | J50: =IF(I50<0,"ATENÇÃO","OK") -> OK | K50: 0 | L50: 0 | M50: 0 | N50: 0 | O50: 0 | P50: 0 | Q50: 0 | R50: 0 | S50: 0 | T50: 0 | U50: 0 | V50: 0
C51: 10 | D51: BROCA DE ACO RAPIDO, HELICOIDAL, DIAMETRO DE 23MM, | E51: 339030.42 | F51: Peça | G51: 156.18 | I51: =H51-(SUM(K51:V51)) -> 0 | J51: =IF(I51<0,"ATENÇÃO","OK") -> OK | K51: 0 | L51: 0 | M51: 0 | N51: 0 | O51: 0 | P51: 0 | Q51: 0 | R51: 0 | S51: 0 | T51: 0 | U51: 0 | V51: 0
C52: 11 | D52: BROCA DE ACO RAPIDO, HELICOIDAL, DIAMETRO DE 25MM, | E52: 339030.42 | F52: Peça | G52: 182.76 | I52: =H52-(SUM(K52:V52)) -> 0 | J52: =IF(I52<0,"ATENÇÃO","OK") -> OK | K52: 0 | L52: 0 | M52: 0 | N52: 0 | O52: 0 | P52: 0 | Q52: 0 | R52: 0 | S52: 0 | T52: 0 | U52: 0 | V52: 0
C53: 12 | D53: BROCA DE ACO RAPIDO, MEDINDO 10,00 MM, Para metal. | E53: 339030.42 | F53: Peça | G53: 19.66 | H53: 30 | I53: =H53-(SUM(K53:V53)) -> 30 | J53: =IF(I53<0,"ATENÇÃO","OK") -> OK | K53: 0 | L53: 0 | M53: 0 | N53: 0 | O53: 0 | P53: 0 | Q53: 0 | R53: 0 | S53: 0 | T53: 0 | U53: 0 | V53: 0
C54: 13 | D54: BROCA DE ACO RAPIDO, MEDINDO 2,00MM, Broca de Aço Rápido Din 340 Ø 2,0 mm | E54: 339030.24 | F54: Peça | G54: 2.6 | H54: 50 | I54: =H54-(SUM(K54:V54)) -> 50 | J54: =IF(I54<0,"ATENÇÃO","OK") -> OK | K54: 0 | L54: 0 | M54: 0 | N54: 0 | O54: 0 | P54: 0 | Q54: 0 | R54: 0 | S54: 0 | T54: 0 | U54: 0 | V54: 0
C55: 14 | D55: BROCA DE ACO RAPIDO, MEDINDO 3,0 MM, | E55: 339030.42 | F55: Peça | G55: 4.56 | H55: 50 | I55: =H55-(SUM(K55:V55)) -> 50 | J55: =IF(I55<0,"ATENÇÃO","OK") -> OK | K55: 0 | L55: 0 | M55: 0 | N55: 0 | O55: 0 | P55: 0 | Q55: 0 | R55: 0 | S55: 0 | T55: 0 | U55: 0 | V55: 0
C56: 15 | D56: BROCA DE ACO RAPIDO, MEDINDO 4,00 MM, BROCA DE CENTRO | E56: 339030.42 | F56: Peça | G56: 14.52 | H56: 50 | I56: =H56-(SUM(K56:V56)) -> 50 | J56: =IF(I56<0,"ATENÇÃO","OK") -> OK | K56: 0 | L56: 0 | M56: 0 | N56: 0 | O56: 0 | P56: 0 | Q56: 0 | R56: 0 | S56: 0 | T56: 0 | U56: 0 | V56: 0
C57: 16 | D57: BROCA DE ACO RAPIDO, MEDINDO 5,00 MM, | E57: 339030.42 | F57: Peça | G57: 5.9 | H57: 50 | I57: =H57-(SUM(K57:V57)) -> 50 | J57: =IF(I57<0,"ATENÇÃO","OK") -> OK | K57: 0 | L57: 0 | M57: 0 | N57: 0 | O57: 0 | P57: 0 | Q57: 0 | R57: 0 | S57: 0 | T57: 0 | U57: 0 | V57: 0
C58: 17 | D58: BROCA DE ACO RAPIDO, MEDINDO 6,00 MM, BROCA DE CENTRO. | E58: 339030.42 | F58: Peça | G58: 12.59 | H58: 50 | I58: =H58-(SUM(K58:V58)) -> 50 | J58: =IF(I58<0,"ATENÇÃO","OK") -> OK | K58: 0 | L58: 0 | M58: 0 | N58: 0 | O58: 0 | P58: 0 | Q58: 0 | R58: 0 | S58: 0 | T58: 0 | U58: 0 | V58: 0
C59: 18 | D59: BROCA DE ACO RAPIDO, MEDINDO 8MM, | E59: 339030.42 | F59: Peça | G59: 12.71 | H59: 30 | I59: =H59-(SUM(K59:V59)) -> 30 | J59: =IF(I59<0,"ATENÇÃO","OK") -> OK | K59: 0 | L59: 0 | M59: 0 | N59: 0 | O59: 0 | P59: 0 | Q59: 0 | R59: 0 | S59: 0 | T59: 0 | U59: 0 | V59: 0
C60: 19 | D60: BROCA DE VIDEA, MEDINDO 10,00 MM, | E60: 339030.42 | F60: Peça | G60: 9.27 | H60: 30 | I60: =H60-(SUM(K60:V60)) -> 30 | J60: =IF(I60<0,"ATENÇÃO","OK") -> OK | K60: 0 | L60: 0 | M60: 0 | N60: 0 | O60: 0 | P60: 0 | Q60: 0 | R60: 0 | S60: 0 | T60: 0 | U60: 0 | V60: 0
C61: 20 | D61: BROCA DE VIDEA, MEDINDO 4,00MM, Broca de vídea para concreto Ø 4,0mm. | E61: 339030.24 | F61: Peça | G61: 5.25 | H61: 50 | I61: =H61-(SUM(K61:V61)) -> 50 | J61: =IF(I61<0,"ATENÇÃO","OK") -> OK | K61: 0 | L61: 0 | M61: 0 | N61: 0 | O61: 0 | P61: 0 | Q61: 0 | R61: 0 | S61: 0 | T61: 0 | U61: 0 | V61: 0
C62: 21 | D62: BROCA DE VIDEA, MEDINDO 5,00 MM, Broca de vídea para concreto Ø 5,0mm. | E62: 339030.24 | F62: Peça | G62: 3.72 | H62: 50 | I62: =H62-(SUM(K62:V62)) -> 50 | J62: =IF(I62<0,"ATENÇÃO","OK") -> OK | K62: 0 | L62: 0 | M62: 0 | N62: 0 | O62: 0 | P62: 0 | Q62: 0 | R62: 0 | S62: 0 | T62: 0 | U62: 0 | V62: 0
C63: 22 | D63: BROCA DE VIDEA, MEDINDO 6,00 MM, Broca de vídea para concreto Ø 6,0mm | E63: 339030.24 | F63: Peça | G63: 4.6 | H63: 50 | I63: =H63-(SUM(K63:V63)) -> 50 | J63: =IF(I63<0,"ATENÇÃO","OK") -> OK | K63: 0 | L63: 0 | M63: 0 | N63: 0 | O63: 0 | P63: 0 | Q63: 0 | R63: 0 | S63: 0 | T63: 0 | U63: 0 | V63: 0
C64: 23 | D64: BROCA DE VIDEA, MEDINDO 7,00 MM, Broca de vídea para concreto Ø 7,0mm. | E64: 339030.24 | F64: Peça | G64: 8.4 | H64: 50 | I64: =H64-(SUM(K64:V64)) -> 50 | J64: =IF(I64<0,"ATENÇÃO","OK") -> OK | K64: 0 | L64: 0 | M64: 0 | N64: 0 | O64: 0 | P64: 0 | Q64: 0 | R64: 0 | S64: 0 | T64: 0 | U64: 0 | V64: 0
C65: 24 | D65: BROCA DE VIDEA, MEDINDO 8,00 MM, Broca de vídea para concreto Ø 8,0mm. | E65: 339030.24 | F65: Peça | G65: 6.6 | H65: 30 | I65: =H65-(SUM(K65:V65)) -> 30 | J65: =IF(I65<0,"ATENÇÃO","OK") -> OK | K65: 0 | L65: 0 | M65: 0 | N65: 0 | O65: 0 | P65: 0 | Q65: 0 | R65: 0 | S65: 0 | T65: 0 | U65: 0 | V65: 0
C66: 25 | D66: BROCA, COM 4,00MM, Conjunto de brocas para madeira contém 4 brocas com ponta de centragem para furar em madeira. O vários diâmetros incluídos são 3, 4, 5 e 6 mm. Com revestimento de titânio proporcionando elevada performance e uma vida útil mais longa. | E66: 339030.42 | F66: Peça | G66: 41.76 | I66: =H66-(SUM(K66:V66)) -> 0 | J66: =IF(I66<0,"ATENÇÃO","OK") -> OK | K66: 0 | L66: 0 | M66: 0 | N66: 0 | O66: 0 | P66: 0 | Q66: 0 | R66: 0 | S66: 0 | T66: 0 | U66: 0 | V66: 0
C67: 26 | D67: BROCA, SDS PLUS CURTA VIDIA 06MM, | E67: 339030.42 | F67: Peça | G67: 10.48 | H67: 5 | I67: =H67-(SUM(K67:V67)) -> 5 | J67: =IF(I67<0,"ATENÇÃO","OK") -> OK | K67: 0 | L67: 0 | M67: 0 | N67: 0 | O67: 0 | P67: 0 | Q67: 0 | R67: 0 | S67: 0 | T67: 0 | U67: 0 | V67: 0
C68: 27 | D68: BROCA, SDS PLUS CURTA VIDIA 08MM, | E68: 339030.42 | F68: Peça | G68: 13.52 | H68: 5 | I68: =H68-(SUM(K68:V68)) -> 5 | J68: =IF(I68<0,"ATENÇÃO","OK") -> OK | K68: 0 | L68: 0 | M68: 0 | N68: 0 | O68: 0 | P68: 0 | Q68: 0 | R68: 0 | S68: 0 | T68: 0 | U68: 0 | V68: 0
C69: 28 | D69: BROCA, VIDEA 2MM, Broca de vídea para concreto Ø 2,0mm | E69: 339030.24 | F69: Peça | G69: 4.65 | H69: 50 | I69: =H69-(SUM(K69:V69)) -> 50 | J69: =IF(I69<0,"ATENÇÃO","OK") -> OK | K69: 0 | L69: 0 | M69: 0 | N69: 0 | O69: 0 | P69: 0 | Q69: 0 | R69: 0 | S69: 0 | T69: 0 | U69: 0 | V69: 0
C70: 29 | D70: BROCA, VIDEA 3MM, Broca de vídea para concreto Ø 3,0mm | E70: 339030.24 | F70: Peça | G70: 3.7 | H70: 50 | I70: =H70-(SUM(K70:V70)) -> 50 | J70: =IF(I70<0,"ATENÇÃO","OK") -> OK | K70: 0 | L70: 0 | M70: 0 | N70: 0 | O70: 0 | P70: 0 | Q70: 0 | R70: 0 | S70: 0 | T70: 0 | U70: 0 | V70: 0
C71: 30 | D71: COMPONENTES E ACESSORIOS DE FERRAMENTAS, DISCO DE BORRACHA PARA LIXADEIRA, Disco de borracha semi-flexível, 4.1/2", com porca, para lixadeira. | E71: 339030.42 | F71: Peça | G71: 6.82 | I71: =H71-(SUM(K71:V71)) -> 0 | J71: =IF(I71<0,"ATENÇÃO","OK") -> OK | K71: 0 | L71: 0 | M71: 0 | N71: 0 | O71: 0 | P71: 0 | Q71: 0 | R71: 0 | S71: 0 | T71: 0 | U71: 0 | V71: 0
C72: 31 | D72: DISCO DE CORTE, DE SERRA CIRCULAR, disco de serra circular 300mmx30mm, 36 dentes. | E72: 339030.24 | F72: Peça | G72: 94.14 | H72: 2 | I72: =H72-(SUM(K72:V72)) -> 2 | J72: =IF(I72<0,"ATENÇÃO","OK") -> OK | K72: 0 | L72: 0 | M72: 0 | N72: 0 | O72: 0 | P72: 0 | Q72: 0 | R72: 0 | S72: 0 | T72: 0 | U72: 0 | V72: 0
C73: 32 | D73: DISCO DE CORTE, DE SERRA CIRCULAR, Disco para corte e desbaste (policorte), Dimensões: 355x 3,2 x 25,4mm. Marca de referência: Norton. | E73: 339030.42 | F73: Peça | G73: 20.8 | H73: 50 | I73: =H73-(SUM(K73:V73)) -> 50 | J73: =IF(I73<0,"ATENÇÃO","OK") -> OK | K73: 0 | L73: 0 | M73: 0 | N73: 0 | O73: 0 | P73: 0 | Q73: 0 | R73: 0 | S73: 0 | T73: 0 | U73: 0 | V73: 0
C74: 33 | D74: DISCO DE CORTE, DE SERRA CIRCULAR, Serra circular, 48 dentes de metal duro, vídea, diâmetro eixo 200mm, furo 30mm, aproximadamente 2,8mm de espessura. | E74: 339030.24 | F74: Peça | G74: 69.32 | H74: 2 | I74: =H74-(SUM(K74:V74)) -> 2 | J74: =IF(I74<0,"ATENÇÃO","OK") -> OK | K74: 0 | L74: 0 | M74: 0 | N74: 0 | O74: 0 | P74: 0 | Q74: 0 | R74: 0 | S74: 0 | T74: 0 | U74: 0 | V74: 0
C75: 34 | D75: DISCO DE CORTE, DISCO DE DESBASTE PARA ESMERILHADEIRA, Disco de desbaste para esmerilhadeira. Ø 115mm | E75: 339030.24 | F75: Peça | G75: 5.71 | H75: 50 | I75: =H75-(SUM(K75:V75)) -> 50 | J75: =IF(I75<0,"ATENÇÃO","OK") -> OK | K75: 0 | L75: 0 | M75: 0 | N75: 0 | O75: 0 | P75: 0 | Q75: 0 | R75: 0 | S75: 0 | T75: 0 | U75: 0 | V75: 0
C76: 35 | D76: DISCO DE CORTE, P/METALOGRAFIA 230X2X22MM, FAIXA DE DUREZA 35 A 50 HRC, | E76: 339030.42 | F76: Peça | G76: 9.73 | I76: =H76-(SUM(K76:V76)) -> 0 | J76: =IF(I76<0,"ATENÇÃO","OK") -> OK | K76: 0 | L76: 0 | M76: 0 | N76: 0 | O76: 0 | P76: 0 | Q76: 0 | R76: 0 | S76: 0 | T76: 0 | U76: 0 | V76: 0
C77: 36 | D77: DISCO DE CORTE, P/METALOGRAFIA 250X1.5X32MM, FAIXA DE DUREZA 35 A 50 HRC, | E77: 339030.42 | F77: Peça | G77: 9.73 | I77: =H77-(SUM(K77:V77)) -> 0 | J77: =IF(I77<0,"ATENÇÃO","OK") -> OK | K77: 0 | L77: 0 | M77: 0 | N77: 0 | O77: 0 | P77: 0 | Q77: 0 | R77: 0 | S77: 0 | T77: 0 | U77: 0 | V77: 0
C78: 37 | D78: DISCO DE CORTE, PARA ACO E INOX, 2 TELAS, Disco de Corte, 115,0x1,0x22,2mm. Aplicação para aço e inox, indicados para cortes de aços carbonos e aços inoxidáveis em manutenção, com 2 telas. | E78: 339030.42 | F78: Peça | G78: 4.12 | I78: =H78-(SUM(K78:V78)) -> 0 | J78: =IF(I78<0,"ATENÇÃO","OK") -> OK | K78: 0 | L78: 0 | M78: 0 | N78: 0 | O78: 0 | P78: 0 | Q78: 0 | R78: 0 | S78: 0 | T78: 0 | U78: 0 | V78: 0
C79: 38 | D79: DISCO DE CORTE, PARA FERRO, Disco para corte de ferro, para esmerilhadeira Ø 115mm | E79: 339030.24 | F79: Peça | G79: 11.5 | H79: 100 | I79: =H79-(SUM(K79:V79)) -> 100 | J79: =IF(I79<0,"ATENÇÃO","OK") -> OK | K79: 0 | L79: 0 | M79: 0 | N79: 0 | O79: 0 | P79: 0 | Q79: 0 | R79: 0 | S79: 0 | T79: 0 | U79: 0 | V79: 0
C80: 39 | D80: JOGO DE BROCAS, COM PONTAS EM VIDEA, Jogo com 8 brocas vídea, 1 estojo metálico, composto por brocas aço rápido com ponta de vídea 3,0mm, 4,0mm, 5,0mm, 6,0mm, 7,0mm, 8,0mm, 10,0mm, 12,0mm. | E80: 339030.42 | F80: Jogo | G80: 31.55 | H80: 40 | I80: =H80-(SUM(K80:V80)) -> 40 | J80: =IF(I80<0,"ATENÇÃO","OK") -> OK | K80: 0 | L80: 0 | M80: 0 | N80: 0 | O80: 0 | P80: 0 | Q80: 0 | R80: 0 | S80: 0 | T80: 0 | U80: 0 | V80: 0
C81: 40 | D81: JOGO DE BROCAS, COM PONTAS EM VIDEA, Jogo de brocas SDS PLUS com ponta de vídea para concreto, numeração 5,0mm, 6,0mm, 8,0mm, 10,0mm, 12,0mm. | E81: 339030.42 | F81: Jogo | G81: 66.2 | H81: 30 | I81: =H81-(SUM(K81:V81)) -> 30 | J81: =IF(I81<0,"ATENÇÃO","OK") -> OK | K81: 0 | L81: 0 | M81: 0 | N81: 0 | O81: 0 | P81: 0 | Q81: 0 | R81: 0 | S81: 0 | T81: 0 | U81: 0 | V81: 0
C82: 41 | D82: JOGO DE BROCAS, DE ACO RAPIDO COM HASTE PARALELA, Jogo de brocas aço rápido haste paralela, embalagem: estojo plástico, jogo com 13 peças nos seguintes diâmetros: 2,0 - 2,5 - 3,0 - 3,5- 4,0 - 4,5 - 5,0 - 5,5 - 6,0 - 6,5 - 7,0 - 7,5 - 8,0. | E82: 339030.42 | F82: Peça | G82: 56.83 | H82: 40 | I82: =H82-(SUM(K82:V82)) -> 40 | J82: =IF(I82<0,"ATENÇÃO","OK") -> OK | K82: 0 | L82: 0 | M82: 0 | N82: 0 | O82: 0 | P82: 0 | Q82: 0 | R82: 0 | S82: 0 | T82: 0 | U82: 0 | V82: 0
C83: 42 | D83: JOGO DE BROCAS, DE ACO RAPIDO, Contendo 25 brocas de Aço Rápido (HSS). Haste Paralela. Para furar Metal. Norma DIN 338, de Ø1mm até Ø13mm(não repetidas), com estojo para guardar. Indicação de medidas na broca e no estojo. | E83: 339030.42 | F83: Peça | G83: 302.48 | I83: =H83-(SUM(K83:V83)) -> 0 | J83: =IF(I83<0,"ATENÇÃO","OK") -> OK | K83: 0 | L83: 0 | M83: 0 | N83: 0 | O83: 0 | P83: 0 | Q83: 0 | R83: 0 | S83: 0 | T83: 0 | U83: 0 | V83: 0
C84: 43 | D84: JOGO DE BROCAS, DE ACO RAPIDO, Jogo contendo 13 peças: Jogo de Brocas em Aço Rápido (HSS) de Ø1,5 à Ø6,5mm, 13 Peças (não repetidas), estojo para guardar, Haste Paralela, Uso Geral DIN338, com indicação de medida no estojo e na broca. | E84: 339030.42 | F84: Peça | G84: 43.64 | H84: 20 | I84: =H84-(SUM(K84:V84)) -> 20 | J84: =IF(I84<0,"ATENÇÃO","OK") -> OK | K84: 0 | L84: 0 | M84: 0 | N84: 0 | O84: 0 | P84: 0 | Q84: 0 | R84: 0 | S84: 0 | T84: 0 | U84: 0 | V84: 0
C85: 44 | D85: JOGO DE BROCAS, DE ACO RAPIDO, tipo helicoidal. Diâmetro de 1 a 13mm. Jogo com 25 peças | E85: 339030.42 | F85: Peça | G85: 302.32 | I85: =H85-(SUM(K85:V85)) -> 0 | J85: =IF(I85<0,"ATENÇÃO","OK") -> OK | K85: 0 | L85: 0 | M85: 0 | N85: 0 | O85: 0 | P85: 0 | Q85: 0 | R85: 0 | S85: 0 | T85: 0 | U85: 0 | V85: 0
C86: 45 | D86: JOGO DE BROCAS, PARA MADEIRA, COMPOSTO POR 4 BROCAS PARA MADEIRA, Jogo de brocas para madeira composto por 4 brocas com ponta de centragem para furar madeira. Diâmetros incluídos 3mm, 4mm, 5mm e 6mm. Com revestimento de titânio. | E86: 339030.42 | F86: Jogo | G86: 23.71 | I86: =H86-(SUM(K86:V86)) -> 0 | J86: =IF(I86<0,"ATENÇÃO","OK") -> OK | K86: 0 | L86: 0 | M86: 0 | N86: 0 | O86: 0 | P86: 0 | Q86: 0 | R86: 0 | S86: 0 | T86: 0 | U86: 0 | V86: 0
C87: 46 | D87: JOGO DE BROCAS, PROFISSIONAIS PARA METAL E CONCRETO, COM 5 BROCAS, Jogo de Brocas Profissionais para Metal e Concreto, acompanha Estojo com 5 Brocas para Metal HSS-R: - 1 Broca com Diâmetro de 3.0 mm e Comprimento 61 mm - 1 Broca com Diâmetro de 4.0 mm e Comprimento 75 mm - 1 Broca com Diâmetro de 5.0 mm e Comprimento 86 mm - 1 Broca com Diâmetro de 6.0 mm e Comprimento 93 mm - 1 Broca com Diâmetro de 8.0 mm e Comprimento 117 mm 4 Brocas para Concreto: - 1 Broca com Diâmetro de 4.0 mm e Comprimento 75 mm - 1 Broca com Diâmetro de 5.0 mm e Comprimento 85 mm - 1 Broca com Diâmetro de 6.0 mm e Comprimento 100 mm - 1 Broca com Diâmetro de 8.0 mm e Comprimento 120 mm | E87: 339030.42 | F87: Jogo | G87: 23.02 | H87: 30 | I87: =H87-(SUM(K87:V87)) -> 30 | J87: =IF(I87<0,"ATENÇÃO","OK") -> OK | K87: 0 | L87: 0 | M87: 0 | N87: 0 | O87: 0 | P87: 0 | Q87: 0 | R87: 0 | S87: 0 | T87: 0 | U87: 0 | V87: 0
C88: 47 | D88: LAMINA DE SERRA, ACO RAPIDO, Lâmina para Serra-fita modelo Ferrari SFP-12, de 1/2” x 0,7 x 2240mm, com 4 dentes por polegada. | E88: 339030.42 | F88: Peça | G88: 117 | I88: =H88-(SUM(K88:V88)) -> 0 | J88: =IF(I88<0,"ATENÇÃO","OK") -> OK | K88: 0 | L88: 0 | M88: 0 | N88: 0 | O88: 0 | P88: 0 | Q88: 0 | R88: 0 | S88: 0 | T88: 0 | U88: 0 | V88: 0
C89: 48 | D89: LAMINA DE SERRA, ACO RAPIDO, Lâmina serra fita 1/2"X07X2240mm 4D polegada. | E89: 339030.42 | F89: Peça | G89: 74.48 | I89: =H89-(SUM(K89:V89)) -> 0 | J89: =IF(I89<0,"ATENÇÃO","OK") -> OK | K89: 0 | L89: 0 | M89: 0 | N89: 0 | O89: 0 | P89: 0 | Q89: 0 | R89: 0 | S89: 0 | T89: 0 | U89: 0 | V89: 0
C90: 49 | D90: LAMINA DE SERRA, ACO RAPIDO, Lâminas para serra tico-tico com pino de 5”, com 15 dentes por polegada. kit com 12 unidades. | E90: 339030.42 | F90: Peça | G90: 70 | I90: =H90-(SUM(K90:V90)) -> 0 | J90: =IF(I90<0,"ATENÇÃO","OK") -> OK | K90: 0 | L90: 0 | M90: 0 | N90: 0 | O90: 0 | P90: 0 | Q90: 0 | R90: 0 | S90: 0 | T90: 0 | U90: 0 | V90: 0
C91: 50 | D91: LAMINA PARA SERRA, SABRE A SER UTILIZADA NO CORTE DE MADEIRA, Compatível para serra tico-tico | E91: 339030.42 | F91: Peça | G91: 23.66 | I91: =H91-(SUM(K91:V91)) -> 0 | J91: =IF(I91<0,"ATENÇÃO","OK") -> OK | K91: 0 | L91: 0 | M91: 0 | N91: 0 | O91: 0 | P91: 0 | Q91: 0 | R91: 0 | S91: 0 | T91: 0 | U91: 0 | V91: 0
C92: 51 | D92: REBOOLO, PEDRA DE ESMERIL, Rebolo/Pedra de Esmeril, Diâmetro 15 centímetros e altura 1,8cm. | E92: 339030.24 | F92: Peça | G92: 21.8 | H92: 2 | I92: =H92-(SUM(K92:V92)) -> 2 | J92: =IF(I92<0,"ATENÇÃO","OK") -> OK | K92: 0 | L92: 0 | M92: 0 | N92: 0 | O92: 0 | P92: 0 | Q92: 0 | R92: 0 | S92: 0 | T92: 0 | U92: 0 | V92: 0
C93: 52 | D93: ESTANHO, PARA SOLDA AZUL 60X40 1MM EM ROLO 500G, Rolo de estanho para solda. Liga deverá ser de 60% Sn e 40% Pb. Diâmetro de 1mm. Carretel 0,5kg | E93: 339030.11 | F93: Peça | G93: 43.63 | H93: 1 | I93: =H93-(SUM(K93:V93)) -> 1 | J93: =IF(I93<0,"ATENÇÃO","OK") -> OK | K93: 0 | L93: 0 | M93: 0 | N93: 0 | O93: 0 | P93: 0 | Q93: 0 | R93: 0 | S93: 0 | T93: 0 | U93: 0 | V93: 0
A94: Cristiani Louri Rodrigues & Cia. Ltda - ME | B94: 9 | C94: 1 | D94: RODA DE BORRACHA, COMPLETA PARA CARRINHO DE PLATAFORMA, Conjunto Roda completa: Pneu 3,25cm X 8cm com Câmara de ar e Aro metálico, furo eixo com rolamento Ø1", para carrinho de quatro rodados. | E94: 339030.25 | F94: Peça | G94: 41 | H94: 20 | I94: =H94-(SUM(K94:V94)) -> 20 | J94: =IF(I94<0,"ATENÇÃO","OK") -> OK | K94: 0 | L94: 0 | M94: 0 | N94: 0 | O94: 0 | P94: 0 | Q94: 0 | R94: 0 | S94: 0 | T94: 0 | U94: 0 | V94: 0
C95: 2 | D95: CAMARAS DE AR PARA VEICULOS LEVES, CAMARA DE AR P/PNEU DE CARRINHO DE TRANSPORTE 325/8, Câmara de ar para pneu de carrinho de mão no tamanho 3,25x8cm. | E95: 339030.25 | F95: Peça | G95: 12.11 | H95: 100 | I95: =H95-(SUM(K95:V95)) -> 100 | J95: =IF(I95<0,"ATENÇÃO","OK") -> OK | K95: 0 | L95: 0 | M95: 0 | N95: 0 | O95: 0 | P95: 0 | Q95: 0 | R95: 0 | S95: 0 | T95: 0 | U95: 0 | V95: 0
C96: 3 | D96: PNEUS PARA VEICULOS LEVES, PNEU PARA CARRINHO DE MAO - ARO 3,25, Pneu com câmera para carrinho de mão | E96: 339030.99 | F96: Peça | G96: 36.68 | H96: 100 | I96: =H96-(SUM(K96:V96)) -> 100 | J96: =IF(I96<0,"ATENÇÃO","OK") -> OK | K96: 0 | L96: 0 | M96: 0 | N96: 0 | O96: 0 | P96: 0 | Q96: 0 | R96: 0 | S96: 0 | T96: 0 | U96: 0 | V96: 0
C97: 4 | D97: MAQUINA DE LAVAR A JATO, USO GERAL, HIDROLAVADORA de Alta Pressão, potência mínima 1.700W Alimentação 220V. Equipada com rodas para transporte, lança de alta pressão com jato regulável e mangueira com 5 metros de comprimento. Referência Marca Karcher 1.600w. | E97: 449052.38 | F97: Peça | G97: 639 | H97: 5 | I97: =H97-(SUM(K97:V97)) -> 5 | J97: =IF(I97<0,"ATENÇÃO","OK") -> OK | K97: 0 | L97: 0 | M97: 0 | N97: 0 | O97: 0 | P97: 0 | Q97: 0 | R97: 0 | S97: 0 | T97: 0 | U97: 0 | V97: 0
C98: 5 | D98: MAQUINA DE LAVAR A JATO, USO GERAL, Lavadora de Alta Pressão Profissional. Potência (kw): 3,0, Tensão (V): 220 mono, Pressão (lb/pol²) (bar): 1900 (130), Vazão (L/h): 600. Com mangueira Anti-torção e flexível. Regulagem dos jatos: Jato leque de alta pressão com bico prateado e ângulo de 25º para a limpeza de sujeira em grandes superfícies; Jato de baixa pressão (CHEM) com bico dourado para aplicação de detergentes ou para limpeza com uma pressão reduzida. Com gatilho com trava de segurança, carrinho para transporte, alça para transporte, porta fio, desligamento automático. Dimensões aproximadas (L x A x P): 40 x 42,5 x 77,5 cm. | E98: 449052.28 | F98: Peça | G98: 2442.92 | H98: 2 | I98: =H98-(SUM(K98:V98)) -> 2 | J98: =IF(I98<0,"ATENÇÃO","OK") -> OK | K98: 0 | L98: 0 | M98: 0 | N98: 0 | O98: 0 | P98: 0 | Q98: 0 | R98: 0 | S98: 0 | T98: 0 | U98: 0 | V98: 0
C99: 6 | D99: PISTOLA PARA APLICACAO DE COLA, QUENTE, PISTOLA DE COLA QUENTE, potência: 40-50 Watts, 220V, Ponta Metálica, Corpo injetado em plástico, acompanha 14 BASTÕES DE COLA QUENTE compativeis. | E99: 449052.99 | F99: Peça | G99: 59.36 | I99: =H99-(SUM(K99:V99)) -> 0 | J99: =IF(I99<0,"ATENÇÃO","OK") -> OK | K99: 0 | L99: 0 | M99: 0 | N99: 0 | O99: 0 | P99: 0 | Q99: 0 | R99: 0 | S99: 0 | T99: 0 | U99: 0 | V99: 0
C100: 7 | D100: ESMERILHADEIRA, TIPO PROFISSIONAL, PARA REDE 220 VOLTS, Angular Elétrica 4.1/2" Industrial, Potência : 840W; Diâmetro do disco : 115mm (4-1/2"); Diam. disco abrasivo : 115mm (4-1/2"); Diam. disco diamantado : 115mm (4-1/2"); 11.000 RPM | E100: 449052.38 | F100: Peça | G100: 215.16 | I100: =H100-(SUM(K100:V100)) -> 0 | J100: =IF(I100<0,"ATENÇÃO","OK") -> OK | K100: 0 | L100: 0 | M100: 0 | N100: 0 | O100: 0 | P100: 0 | Q100: 0 | R100: 0 | S100: 0 | T100: 0 | U100: 0 | V100: 0
...

Sheet ESAG
A1: PROCESSO: 1025/2014 - RELANÇAMENTO | D1: OBJETO: AQUISIÇÃO DE FERRAMENTAS, UTENSÍLIOS E MATERIAIS DE REPARO PARA O CAMPUS I, CERES E CESFI | G1: VIGÊNCIA DA ATA: 07/11/2014 até 06/11/2015 | K1: AF/OS nº xxxx/2014 Qtde. DT | L1: AF/OS nº xxxx/2014 Qtde. DT | M1: AF/OS nº xxxx/2014 Qtde. DT | N1: AF/OS nº xxxx/2014 Qtde. DT | O1: AF/OS nº xxxx/2014 Qtde. DT | P1: AF/OS nº xxxx/2014 Qtde. DT | Q1: AF/OS nº xxxx/2014 Qtde. DT | R1: AF/OS nº xxxx/2014 Qtde. DT | S1: AF/OS nº xxxx/2014 Qtde. DT | T1: AF/OS nº xxxx/2014 Qtde. DT | U1: AF/OS nº xxxx/2014 Qtde. DT | V1: AF/OS nº xxxx/2014 Qtde. DT
A2: CENTRO PARTICIPANTE: ESAG
A3: FORNECEDOR | B3: LOTE | C3: ITEM | D3: PRODUTO - CARACTERÍSTICAS MÍNIMAS | E3: DETALHAMENTO | F3: UNIDADE | G3: Preço UNITÁRIO (R$) | H3: Qtde LICITADA | I3: Saldo / Automático | J3: ALERTA | K3: ...../...../...... | L3: ...../...../...... | M3: ...../...../...... | N3: ...../...../...... | O3: ...../...../...... | P3: ...../...../...... | Q3: ...../...../...... | R3: ...../...../...... | S3: ...../...../...... | T3: ...../...../...... | U3: ...../...../...... | V3: ...../...../......
A4: Cristiani Louri Rodrigues & Cia. Ltda - ME | B4: 1 | C4: 1 | D4: DESEMPENADEIRA, DE ACO P/CONTRUCAO, Desempenadeira dentada, com cabo de madeira, Dimensões: 255mm x 120mm. | E4: 339030.42 | F4: Peça | G4: 22 | I4: =H4-(SUM(K4:V4)) -> 0 | J4: =IF(I4<0,"ATENÇÃO","OK") -> OK | K4: 0 | L4: 0 | M4: 0 | N4: 0 | O4: 0 | P4: 0 | Q4: 0 | R4: 0 | S4: 0 | T4: 0 | U4: 0 | V4: 0
C5: 2 | D5: DESEMPENADEIRA, EM MADEIRA LISA, MED.15 X 26CM, Desempenadeira de madeira lisa. Tamanho aprox. 15cmX26cm | E5: 339030.24 | F5: Peça | G5: 5.5 | I5: =H5-(SUM(K5:V5)) -> 0 | J5: =IF(I5<0,"ATENÇÃO","OK") -> OK | K5: 0 | L5: 0 | M5: 0 | N5: 0 | O5: 0 | P5: 0 | Q5: 0 | R5: 0 | S5: 0 | T5: 0 | U5: 0 | V5: 0
C6: 3 | D6: DESEMPENADEIRA, EM PVC, MEDINDO 14 X 27CM, Desempenadeira em PVC 14x 27cm. | E6: 339030.24 | F6: Peça | G6: 4.2 | I6: =H6-(SUM(K6:V6)) -> 0 | J6: =IF(I6<0,"ATENÇÃO","OK") -> OK | K6: 0 | L6: 0 | M6: 0 | N6: 0 | O6: 0 | P6: 0 | Q6: 0 | R6: 0 | S6: 0 | T6: 0 | U6: 0 | V6: 0
C7: 4 | D7: CONEXAO DE PLASTICO PARA INSTALACOES HIDRAULICAS-SANITARIAS, ADAPTADOR CURTO EM PVC, Conexão em "PVC", para água fria, tipo "Adaptador Soldável com Flanges Livres para Caixa D’Água." Ø25mm, Linha Soldável.Material - PVC - Cloreto de Polivinila, cor marrom. | E7: 339030.24 | F7: Peça | G7: 7.7 | I7: =H7-(SUM(K7:V7)) -> 0 | J7: =IF(I7<0,"ATENÇÃO","OK") -> OK | K7: 0 | L7: 0 | M7: 0 | N7: 0 | O7: 0 | P7: 0 | Q7: 0 | R7: 0 | S7: 0 | T7: 0 | U7: 0 | V7: 0
C8: 5 | D8: LANTERNA, DE CABECA, COM 19 LEDS, Lanterna com 19 leds, recarregável. | E8: 339030.13 | F8: Peça | G8: 42.85 | I8: =H8-(SUM(K8:V8)) -> 0 | J8: =IF(I8<0,"ATENÇÃO","OK") -> OK | K8: 0 | L8: 0 | M8: 0 | N8: 0 | O8: 0 | P8: 0 | Q8: 0 | R8: 0 | S8: 0 | T8: 0 | U8: 0 | V8: 0
C9: 6 | D9: REBITADOR MANUAL, TIPO ALAVANCA, Rebitador manual tipo alavanca. Corpo em alumínio fundido. Castanhas em aço cromo molibdnênio temperadas. Cabos tubulares cromados. Ponteiras para cinco bitolas de rebites: 3.2, 4.0, 4.8, 6.0, 6.4mm. Cabos com revestimento especial. Tamanho: 16,5". | E9: 449052.38 | F9: Peça | G9: 34.7 | I9: =H9-(SUM(K9:V9)) -> 0 | J9: =IF(I9<0,"ATENÇÃO","OK") -> OK | K9: 0 | L9: 0 | M9: 0 | N9: 0 | O9: 0 | P9: 0 | Q9: 0 | R9: 0 | S9: 0 | T9: 0 | U9: 0 | V9: 0
A10: Kafer Comércio Ltda | B10: 2 | C10: 1 | D10: LIXADEIRA INDUSTRIAL, COM MESA, DE FITA, Lixadeira de cinta com disco (combinada de bancada), com mesa regulável, para lixas com comprimento de 1490mm x 150 mm, motorizada com motor de 1cv – 4 P, peso aproximado de 50kg, correia utilizada 1 =A-29. Marca / modelo referência: LX 2S ACERBI. | E10: 449052.38 | F10: Peça | G10: 1535 | I10: =H10-(SUM(K10:V10)) -> 0 | J10: =IF(I10<0,"ATENÇÃO","OK") -> OK | K10: 0 | L10: 0 | M10: 0 | N10: 0 | O10: 0 | P10: 0 | Q10: 0 | R10: 0 | S10: 0 | T10: 0 | U10: 0 | V10: 0
C11: 2 | D11: LIXADEIRA, ANGULAR 115MM, TIPO PORTÁTIL, POTÊNCIA DE 850 W, TENSÃO 220V. | E11: 449052.38 | F11: Peça | G11: 253.09 | I11: =H11-(SUM(K11:V11)) -> 0 | J11: =IF(I11<0,"ATENÇÃO","OK") -> OK | K11: 0 | L11: 0 | M11: 0 | N11: 0 | O11: 0 | P11: 0 | Q11: 0 | R11: 0 | S11: 0 | T11: 0 | U11: 0 | V11: 0
C12: 3 | D12: LIXADEIRA, COM MALETA E ACESSORIOS, Lixadeira de cinta manual – lixadeira de cinta elétrica com aplicação industrial, 220v, potência entre 650 e 850 W, velocidade da cinta sem carga entre 200 e 400 m/min, dimensões da lixa de aproximadamente 75x533mm, com coletor de pó, peso variando entre 3 à 5 kg. Marca / modelo referência: GBS 75 AE - BOSCH ou Dewalt DW433 etc. | E12: 449052.38 | F12: Peça | G12: 1047.36 | I12: =H12-(SUM(K12:V12)) -> 0 | J12: =IF(I12<0,"ATENÇÃO","OK") -> OK | K12: 0 | L12: 0 | M12: 0 | N12: 0 | O12: 0 | P12: 0 | Q12: 0 | R12: 0 | S12: 0 | T12: 0 | U12: 0 | V12: 0
C13: 4 | D13: LIXADEIRA, DE CINTA, A lixadeira deve vir completa, com todos os acessórios, com três jogos de lixas, para o seu funcionamento. Deve possuir duas funções, lixadeira de disco e lixadeira de fita e ser apoiada no chão. A lixadeira de disco deve ter inclinação da mesa de 45º, com dimensão mínima de 250mm. A lixadeira de fita deve ter dimensão de lixa aproximada de 1480 X 150 mm e posição de trabalho de 0&#730; e 90&#730;. A potência mínima deve ser de 1CV e a tensão de 220V. | E13: 449052.38 | F13: Peça | G13: 2986.17 | I13: =H13-(SUM(K13:V13)) -> 0 | J13: =IF(I13<0,"ATENÇÃO","OK") -> OK | K13: 0 | L13: 0 | M13: 0 | N13: 0 | O13: 0 | P13: 0 | Q13: 0 | R13: 0 | S13: 0 | T13: 0 | U13: 0 | V13: 0
C14: 5 | D14: LIXADEIRA, ORBITAL, ELETRICA, Lixadeira orbital elétrica industrial ou profissional, 220v, potencia de aprox. 170w, de 13000 a 14000 oscilações por minuto, para lixa de 114x140mm, 1/3 de lixa. | E14: 449052.38 | F14: Peça | G14: 274.33 | I14: =H14-(SUM(K14:V14)) -> 0 | J14: =IF(I14<0,"ATENÇÃO","OK") -> OK | K14: 0 | L14: 0 | M14: 0 | N14: 0 | O14: 0 | P14: 0 | Q14: 0 | R14: 0 | S14: 0 | T14: 0 | U14: 0 | V14: 0
A15: Kafer Comércio Ltda | B15: 3 | C15: 1 | D15: APARELHO PARA SOLDA, ELETRICA, Aparelho de solda Monofásico. Alimentação 220V -50/ 60 Hz – Plug universal, Ciclo de tarefa: 10%, Corrente máxima: 160 A, Capacidade de entrada: 8 Kva, Intervalo de ajuste da corrente: 55 - 160 A, Diâmetro do eletrodo compatível: 2 - 3.2 mm. Incluso Cabos: Alicate, Alicate terra. | E15: 449052.38 | F15: Peça | G15: 316 | I15: =H15-(SUM(K15:V15)) -> 0 | J15: =IF(I15<0,"ATENÇÃO","OK") -> OK | K15: 0 | L15: 0 | M15: 0 | N15: 0 | O15: 0 | P15: 0 | Q15: 0 | R15: 0 | S15: 0 | T15: 0 | U15: 0 | V15: 0
C16: 2 | D16: COLETOR DE PO, COM CHAVE ELETRICA, Coletor de pó com Chave elétrica com botão de segurança, rodas e alças para movimentação, com saco de poliester de 80 litros lavável. Tensão de 220V ou bivolt. | E16: 449052.38 | F16: Peça | G16: 788.8 | I16: =H16-(SUM(K16:V16)) -> 0 | J16: =IF(I16<0,"ATENÇÃO","OK") -> OK | K16: 0 | L16: 0 | M16: 0 | N16: 0 | O16: 0 | P16: 0 | Q16: 0 | R16: 0 | S16: 0 | T16: 0 | U16: 0 | V16: 0
C17: 3 | D17: MORSA, DE BANCADA PARA FIXACAO DE PECAS NOE 8, Morsa de bancada para fixação de peças Nº 8 | E17: 449052.38 | F17: Peça | G17: 249.44 | I17: =H17-(SUM(K17:V17)) -> 0 | J17: =IF(I17<0,"ATENÇÃO","OK") -> OK | K17: 0 | L17: 0 | M17: 0 | N17: 0 | O17: 0 | P17: 0 | Q17: 0 | R17: 0 | S17: 0 | T17: 0 | U17: 0 | V17: 0
C18: 4 | D18: MORSA, MINI MORSA COM EIXO GIRATORIO, Mini morsa com eixo giratório 360&#730; que prenda superfícies de até 5cm de largura. Deve ter capa de borracha protetora nas suas “garras”. | E18: 449052.38 | F18: Peça | G18: 136.07 | I18: =H18-(SUM(K18:V18)) -> 0 | J18: =IF(I18<0,"ATENÇÃO","OK") -> OK | K18: 0 | L18: 0 | M18: 0 | N18: 0 | O18: 0 | P18: 0 | Q18: 0 | R18: 0 | S18: 0 | T18: 0 | U18: 0 | V18: 0
C19: 5 | D19: PISTOLA PARA PINTURA, DE ALTA PRESSAO, Pistola de pintura por gravidade, com bico de 1,4 mm de diâmetro, caneca em alumínio com capacidade de 600ml, para aplicação de tintas automotivas. Marca / modelo de referência: OMX-610 MARCA DEVILBISS. | E19: 449052.38 | F19: Peça | G19: 763.36 | I19: =H19-(SUM(K19:V19)) -> 0 | J19: =IF(I19<0,"ATENÇÃO","OK") -> OK | K19: 0 | L19: 0 | M19: 0 | N19: 0 | O19: 0 | P19: 0 | Q19: 0 | R19: 0 | S19: 0 | T19: 0 | U19: 0 | V19: 0
C20: 6 | D20: PLAINA DE BANCADA, DE MESA, ELETRICA, TAMANHO MEDIO, Plaina Elétrica profissional, potencia minima 620 W, largura de corte 82mm (3' ¼"), profundidade de corte 2,5X158X158mm, peso 2,6Kg, voltagem 220 V. Acompanha conjunto de calibrador da face, guia reta, faca de plaina e chave soquete. | E20: 449052.38 | F20: Peça | G20: 426.23 | I20: =H20-(SUM(K20:V20)) -> 0 | J20: =IF(I20<0,"ATENÇÃO","OK") -> OK | K20: 0 | L20: 0 | M20: 0 | N20: 0 | O20: 0 | P20: 0 | Q20: 0 | R20: 0 | S20: 0 | T20: 0 | U20: 0 | V20: 0
C21: 7 | D21: PLAINA DE BANCADA, DESEMPENADEIRA, Equipamento para desempenar e desbastar, fazendo ajustes nos cortes de madeiras, compensados e MDF. Com 04 facas, eixo em diagonal, uso industrial. Descrição do produto: Motor: 1CV - 2 POLOS; Comprimento da mesa: 1.200mm; Largura da mesa: 160mm; Diâmetro do eixo: 61mm; Número de Facas: 4 un; Dimensões das Facas: 158 x 18 x 3mm; Peso: Aproximadamente 116Kg. | E21: 449052.38 | F21: Peça | G21: 4266.66 | I21: =H21-(SUM(K21:V21)) -> 0 | J21: =IF(I21<0,"ATENÇÃO","OK") -> OK | K21: 0 | L21: 0 | M21: 0 | N21: 0 | O21: 0 | P21: 0 | Q21: 0 | R21: 0 | S21: 0 | T21: 0 | U21: 0 | V21: 0
A22: Kafer Comércio Ltda | B22: 5 | C22: 1 | D22: FURADEIRA, ELETRICA DE IMPACTO, Furadeira de impacto com potência mínima de 600W, com mandril de 1/2”ou 13mm, com número de rotações de 0-3000rpm. Tensão de 220V ou bivolt. Deve vir com maleta compatível. | E22: 449052.34 | F22: Peça | G22: 295.15 | I22: =H22-(SUM(K22:V22)) -> 0 | J22: =IF(I22<0,"ATENÇÃO","OK") -> OK | K22: 0 | L22: 0 | M22: 0 | N22: 0 | O22: 0 | P22: 0 | Q22: 0 | R22: 0 | S22: 0 | T22: 0 | U22: 0 | V22: 0
C23: 2 | D23: FURADEIRA, ELETRICA DE IMPACTO, Furadeira de impacto profissional ½”, com potência mínima de 800 W, 3000 RPM, 220 V, para trabalhos pesados de perfuração em concreto, aço e madeira. Deve possuir comutador mecânico de duas velocidades, carcaça de engrenagem metálica, embreagem de segurança. Carcaça e punho emborrachado. Deverá vir acompanhada de maleta com os seguintes itens: 1 chave de catraca, 1 porta bits, 1 escariador, 2 guias para pontas, 13 Bbrocas para metal / madeira / plástico (1/16, 5/64, 3/32, 7/64, 1/8, 9/64, 5/32, 11/64, 3/16, 13/64, 7/32, 15/64, 1/4 polegadas), 12 brocas para madeira (1/8, 9/64, 5/32, 11/16, 3/16, 13/64, 7/32, 15/64, 1/4, 9/32, 19/64,5/16 polegadas), 5 brocas para concreto: 1/8, 3/16, 1/4, 5/16, 3/8 polegadas. | E23: 449052.34 | F23: Peça | G23: 477.5 | I23: =H23-(SUM(K23:V23)) -> 0 | J23: =IF(I23<0,"ATENÇÃO","OK") -> OK | K23: 0 | L23: 0 | M23: 0 | N23: 0 | O23: 0 | P23: 0 | Q23: 0 | R23: 0 | S23: 0 | T23: 0 | U23: 0 | V23: 0
C24: 3 | D24: FURADEIRA, MANUAL 700W DE POTENCIA, COM MANDRIL DE 1/2 POLEGADA, Furadeira Manual 700w de potência, 220V, com mandril de ½ polegada e velocidade regulável no gatilho | E24: 449052.38 | G24: 254.3 | I24: =H24-(SUM(K24:V24)) -> 0 | J24: =IF(I24<0,"ATENÇÃO","OK") -> OK | K24: 0 | L24: 0 | M24: 0 | N24: 0 | O24: 0 | P24: 0 | Q24: 0 | R24: 0 | S24: 0 | T24: 0 | U24: 0 | V24: 0
C25: 4 | D25: FURADEIRA, PARAFUSADEIRA, Parafusadeira industrial 220V., 685W 500rpm similar (DW268) com kit de chave regulador de torque com lanterna. | E25: 449052.38 | F25: Peça | G25: 591.66 | I25: =H25-(SUM(K25:V25)) -> 0 | J25: =IF(I25<0,"ATENÇÃO","OK") -> OK | K25: 0 | L25: 0 | M25: 0 | N25: 0 | O25: 0 | P25: 0 | Q25: 0 | R25: 0 | S25: 0 | T25: 0 | U25: 0 | V25: 0
C26: 5 | D26: FURADEIRA, PARAFUSADEIRA, Parafusadeira-Furadeira sem Fio, rotação variavel, reversivel, bateria de 12v, Bivolt ou 200V, acompanha carregador e suporte para bateria, com maleta, acompanha: 2 Bits Phillips de 25 mm: PH1 e PH2, 2 Bits. Pozidriv de 25 mm: PZ1 e PZ2, 2 Bits de fenda: 5 e 6 mm, 6 Brocas para metal. | E26: 449052.38 | F26: Peça | G26: 242.93 | I26: =H26-(SUM(K26:V26)) -> 0 | J26: =IF(I26<0,"ATENÇÃO","OK") -> OK | K26: 0 | L26: 0 | M26: 0 | N26: 0 | O26: 0 | P26: 0 | Q26: 0 | R26: 0 | S26: 0 | T26: 0 | U26: 0 | V26: 0
C27: 6 | D27: FURADEIRA, SEM IMPACTO, POTENCIA 600W, 220V, 1/2", 1000-2500 RPM Industrial. Motor de 600 wattsç Comutador de velocidade mecânico; Botão de trava para trabalhos contínuos; Tipo: Industria; RPM: 1000-2500RPM; Velocidade: 2 VVR; Encaixe: 1/2" | E27: 449052.34 | F27: Peça | G27: 473.53 | I27: =H27-(SUM(K27:V27)) -> 0 | J27: =IF(I27<0,"ATENÇÃO","OK") -> OK | K27: 0 | L27: 0 | M27: 0 | N27: 0 | O27: 0 | P27: 0 | Q27: 0 | R27: 0 | S27: 0 | T27: 0 | U27: 0 | V27: 0
C28: 7 | D28: FURADEIRA, TIPO PARAFUSADEIRA MOVIDA A BATERIA, Furadeira/Parafusadeira Profissional à Bateria. Mandril: 3/8"; Rotação: 400/1200RPM; Voltagem: 220V; Baterias: 12 / 14 V | E28: 449052.34 | F28: Peça | G28: 381.27 | I28: =H28-(SUM(K28:V28)) -> 0 | J28: =IF(I28<0,"ATENÇÃO","OK") -> OK | K28: 0 | L28: 0 | M28: 0 | N28: 0 | O28: 0 | P28: 0 | Q28: 0 | R28: 0 | S28: 0 | T28: 0 | U28: 0 | V28: 0
C29: 8 | D29: FURADEIRA, TIPO PARAFUSADEIRA,INDUSTRIAL ELETRONICA 650 W, Furadeira de no mínimo 650 Watts de potência;Mandril de 1/2" (13mm);Empunhadura lateral multi-posição.Alimentação 220V - 5060Hz.Incluso maleta e chave de mandril. | E29: 449052.38 | F29: Peça | G29: 353 | I29: =H29-(SUM(K29:V29)) -> 0 | J29: =IF(I29<0,"ATENÇÃO","OK") -> OK | K29: 0 | L29: 0 | M29: 0 | N29: 0 | O29: 0 | P29: 0 | Q29: 0 | R29: 0 | S29: 0 | T29: 0 | U29: 0 | V29: 0
C30: 9 | D30: FURADEIRA DE BANCADA, DE BANCADA, Descrição do produto: Potência: 350 W; Velocidade: 570-3050; Níveis de velocidade: 5 níveis de ajuste de velocidade variável; capacidade: 1,5 mm, 6 mm, 13 mm (1/16", 1/4", 1/2"); Motor de 350 W; Base de Ferro Fundido; ajuste de profundidade | E30: 449052.38 | F30: Peça | G30: 509.66 | I30: =H30-(SUM(K30:V30)) -> 0 | J30: =IF(I30<0,"ATENÇÃO","OK") -> OK | K30: 0 | L30: 0 | M30: 0 | N30: 0 | O30: 0 | P30: 0 | Q30: 0 | R30: 0 | S30: 0 | T30: 0 | U30: 0 | V30: 0
C31: 10 | D31: FURADEIRA INDUSTRIAL, FURADEIRA MARTELETE ROMPEDOR, Furadeira / Martelete Rompedor SDS. Potencia mínima 800w, Encaixe tipo SDS,Velocidade variável, Função perfuração com e sem impacto. Alimentação 220V. Ref Bosch Gbh 2-24d. | E31: 449052.38 | F31: Peça | G31: 666 | I31: =H31-(SUM(K31:V31)) -> 0 | J31: =IF(I31<0,"ATENÇÃO","OK") -> OK | K31: 0 | L31: 0 | M31: 0 | N31: 0 | O31: 0 | P31: 0 | Q31: 0 | R31: 0 | S31: 0 | T31: 0 | U31: 0 | V31: 0
C32: 11 | D32: PARAFUSADEIRA ELETRICA EMPUNHAVEL, A BATERIA, Parafusadeira a bateria 12Volts, bateria íon de lítio.Mandril sem chave 3/8”, Luz LED, Clip para pendurar, 2baterias Ion de Líthium, Encaixe 3/8" (10mm), 2niveis de velocidades, de 0 a 400/ 0 a 1.500RPM, torque 25 NewTons. Marca de Referência: Dewalt. Conjunto com carregador (110/220v) e maleta. | E32: 449052.38 | F32: Peça | G32: 460.5 | I32: =H32-(SUM(K32:V32)) -> 0 | J32: =IF(I32<0,"ATENÇÃO","OK") -> OK | K32: 0 | L32: 0 | M32: 0 | N32: 0 | O32: 0 | P32: 0 | Q32: 0 | R32: 0 | S32: 0 | T32: 0 | U32: 0 | V32: 0
C33: 12 | D33: PARAFUSADEIRA ELETRICA EMPUNHAVEL, COMPATIVEL A REDE 220 VOLTS, Parafusadeira com o mínimo de 14V, com bateria em ións de lítio, com configurações de, no mínimo, 25 opções de torque e uma para furação. Tensão de 220V ou bivolt. Deve vir com maleta compatível. | E33: 449052.38 | F33: Peça | G33: 380.04 | I33: =H33-(SUM(K33:V33)) -> 0 | J33: =IF(I33<0,"ATENÇÃO","OK") -> OK | K33: 0 | L33: 0 | M33: 0 | N33: 0 | O33: 0 | P33: 0 | Q33: 0 | R33: 0 | S33: 0 | T33: 0 | U33: 0 | V33: 0
A34: Cristiani Louri Rodrigues & Cia. Ltda - ME | B34: 6 | C34: 1 | D34: PLAINA ELETRICA, PLAINA 550 W, 220 V, Plaina Elétrica 3 1/4"(82mm) 550 Watts; Gatilho com trava de segurança, utilização de Lâminas de aço rápido, manopla com ajustes de profundidade; sapata usinada com chanfros de borda, Potência: 550 Watts, Rotação: 17.000 Rpm, Capicade de corte: 1mm , Peso: 2,6 Kg, Largura da Lâmina: 82mm, Capacidade de rebaixo: 9mm, com Guia paralela e Chave para troca da Lâmina. Marca de referência: Modelo D26676 - Dewalt | E34: 449052.34 | F34: Peça | G34: 297 | I34: =H34-(SUM(K34:V34)) -> 0 | J34: =IF(I34<0,"ATENÇÃO","OK") -> OK | K34: 0 | L34: 0 | M34: 0 | N34: 0 | O34: 0 | P34: 0 | Q34: 0 | R34: 0 | S34: 0 | T34: 0 | U34: 0 | V34: 0
C35: 2 | D35: SERRA MANUAL, MEIA ESQUADRIA, Conjunto serra tipo "meia esquadria" Manual, Sistema com mesa ajustável, Indicador de grau, Escala na base, Lamina para cortar madeira e plástico, Apoio de madeira, Comprimento da lâmina de 550 mm. Material: Aço. | E35: 449052.38 | F35: Peça | G35: 338 | I35: =H35-(SUM(K35:V35)) -> 0 | J35: =IF(I35<0,"ATENÇÃO","OK") -> OK | K35: 0 | L35: 0 | M35: 0 | N35: 0 | O35: 0 | P35: 0 | Q35: 0 | R35: 0 | S35: 0 | T35: 0 | U35: 0 | V35: 0
C36: 3 | D36: SERRA MANUAL, MEIA ESQUADRIA, Serra meio-esquadria profissional – potência mínima 1500 W – serra de 10 polegadas. Com garantia e assistência técncia em Santa Catarina | E36: 449052.38 | F36: Peça | G36: 945 | I36: =H36-(SUM(K36:V36)) -> 0 | J36: =IF(I36<0,"ATENÇÃO","OK") -> OK | K36: 0 | L36: 0 | M36: 0 | N36: 0 | O36: 0 | P36: 0 | Q36: 0 | R36: 0 | S36: 0 | T36: 0 | U36: 0 | V36: 0
C37: 4 | D37: SERRA MANUAL, TICO-TICO,MANUAL, serra tico-tico 1600RPM, 220v | E37: 449052.38 | G37: 218 | I37: =H37-(SUM(K37:V37)) -> 0 | J37: =IF(I37<0,"ATENÇÃO","OK") -> OK | K37: 0 | L37: 0 | M37: 0 | N37: 0 | O37: 0 | P37: 0 | Q37: 0 | R37: 0 | S37: 0 | T37: 0 | U37: 0 | V37: 0
C38: 5 | D38: SERRA MANUAL, TICO-TICO,MANUAL, Serra tico-tico de bancada com para lâminas com dimensões de 5”; Tensão de 220V ou bivolt. | E38: 449052.38 | F38: Peça | G38: 490 | I38: =H38-(SUM(K38:V38)) -> 0 | J38: =IF(I38<0,"ATENÇÃO","OK") -> OK | K38: 0 | L38: 0 | M38: 0 | N38: 0 | O38: 0 | P38: 0 | Q38: 0 | R38: 0 | S38: 0 | T38: 0 | U38: 0 | V38: 0
C39: 6 | D39: SERRA MANUAL, TICO-TICO,MANUAL, Serra tico-tico elétrica, aplicação industrial, 220V, 650W de potência mínima, de 500 a 3100 golpes por minuto, capacidade corte madeira de 90mm e aço 8,0mm, peso aproximado de até 3kg. Com 15 lâminas com 75mm de comprimento para madeira com prego e alumínio até 13mm de espessura e 15 laminas com 75mm comprimento para corte limpo em madeira com até 50mm espessura. | E39: 449052.38 | F39: Peça | G39: 470 | I39: =H39-(SUM(K39:V39)) -> 0 | J39: =IF(I39<0,"ATENÇÃO","OK") -> OK | K39: 0 | L39: 0 | M39: 0 | N39: 0 | O39: 0 | P39: 0 | Q39: 0 | R39: 0 | S39: 0 | T39: 0 | U39: 0 | V39: 0
C40: 7 | D40: SOPRADOR TERMICO, POTENCIA 1800W, Soprador Térmico 220V Temp.1: 50º; 2:300º/400º; 3:400º/570º 1800W. Características: Três níveis de temperatura; Controle constante de temperatura; Base plana para uso estável; Entradas de ar lateral com tela de proteção; Acompanha kit de acessórios e maleta plástica. Especificações técnicas: Potência: 1800 watts; Tensão: 220V; Temperatura: de 50ºC a 570°C | E40: 449052.38 | F40: Peça | G40: 151.2 | I40: =H40-(SUM(K40:V40)) -> 0 | J40: =IF(I40<0,"ATENÇÃO","OK") -> OK | K40: 0 | L40: 0 | M40: 0 | N40: 0 | O40: 0 | P40: 0 | Q40: 0 | R40: 0 | S40: 0 | T40: 0 | U40: 0 | V40: 0
C41: 8 | D41: ROCADEIRA, LATERAL, Roçadeira Elétrica. Tipo de corte: Lateral. Funcionamento a base elétrica, tensão da rede de 220V, potência mínima de 1000W. Deve possuir guidão para empunhadura, cinto/alça ajustável com regulagem, trava na tomada. O Material da lâmina deve ser confeccionado em aço cromo vanádio temperado. Carcaça para proteção e sustentação do motor confeccionada em polipropileno para evitar corrosão. Deve possuir carretel com duplo fio de nylon que é intercambiável com a lâmina (as duas podem ser usadas alternadamente com o mesmo propósito). Sistema de fixa-cabo que impede que o cabo elétrico se desconecte acidentalmente. Empunhadura de duplo acionamento, para garantir maior segurança ao operador. O motor deve possuir sistema de proteção térmica que desliga automaticamente em caso de superaquecimento. Eixo de transmissão (motor/cardã) do tipo rígido, almejando maior resistência e durabilidade. Braços reguláveis: permitem ajustar a melhor posição/altura para o usuário e, também, dobrá-los sem desmontar, facilitando o transporte. Medidas e peso: Altura 45,00 Centimetros, Largura 71,00 Centimetros, Profundidade 1,86 Metros. Peso aproximado 6 Quilos. São permitidas variações nas medidas em até 10%. Referência: Semelhante ao Modelo Tramontina RE1000. | E41: 449052.38 | F41: Peça | G41: 1160 | I41: =H41-(SUM(K41:V41)) -> 0 | J41: =IF(I41<0,"ATENÇÃO","OK") -> OK | K41: 0 | L41: 0 | M41: 0 | N41: 0 | O41: 0 | P41: 0 | Q41: 0 | R41: 0 | S41: 0 | T41: 0 | U41: 0 | V41: 0
A42: Cristiani Louri Rodrigues & Cia. Ltda - ME | B42: 7 | C42: 1 | D42: ELETRODO, PARA A«O CARBONO, Eletrodos para aço carbono; Bitola 2,5mm; classificação 6013. Caixa com 5KG. | E42: 339030.24 | F42: Peça | G42: 18.75 | I42: =H42-(SUM(K42:V42)) -> 0 | J42: =IF(I42<0,"ATENÇÃO","OK") -> OK | K42: 0 | L42: 0 | M42: 0 | N42: 0 | O42: 0 | P42: 0 | Q42: 0 | R42: 0 | S42: 0 | T42: 0 | U42: 0 | V42: 0
C43: 2 | D43: ELETRODO, PARA SOLDA ELETRICA, Eletrodo revestido para solda 308 L – eletrodo revestido, norma AWS A5.1, classificação 308 L, para aços inox, com baixo teor de aço carbono, resistente a corrosão intergranular, indicadora para aços inoxidáveis do tipo AISI 304L ou fundidos do tipo CF-3. Com 2,5 mm de diâmetro ideal para uso em transformadores ou retificadores. | E43: 339030.42 | F43: Kg | G43: 61 | I43: =H43-(SUM(K43:V43)) -> 0 | J43: =IF(I43<0,"ATENÇÃO","OK") -> OK | K43: 0 | L43: 0 | M43: 0 | N43: 0 | O43: 0 | P43: 0 | Q43: 0 | R43: 0 | S43: 0 | T43: 0 | U43: 0 | V43: 0
C44: 3 | D44: ELETRODO, PARA SOLDA ELETRICA, Eletrodo revestido para solda 6013 – eletrodo revestido, norma AWS A5.1, classificação 6013, para aços carbonos comum para uso geral, todos os tipos de juntas e posições, estruturas gerais, bom desempenho em chapas galvanizadas. Com 2,5 mm de diâmetro, ideal para uso em transformadores ou retificadores. | E44: 339030.42 | F44: Kg | G44: 12.07 | I44: =H44-(SUM(K44:V44)) -> 0 | J44: =IF(I44<0,"ATENÇÃO","OK") -> OK | K44: 0 | L44: 0 | M44: 0 | N44: 0 | O44: 0 | P44: 0 | Q44: 0 | R44: 0 | S44: 0 | T44: 0 | U44: 0 | V44: 0
C45: 4 | D45: ELETRODO, PARA SOLDA ELETRICA, Eletrodo revestido para solda 6013 – eletrodo revestido, norma AWS A5.1, classificação 6013, para aços carbonos comum para uso geral, todos os tipos de juntas e posições, estruturas gerais, bom desempenho em chapas galvanizadas. Com 3,25 mm de diâmetro ideal para uso em transformadores ou retificadores. | E45: 339030.42 | F45: Kg | G45: 13.29 | I45: =H45-(SUM(K45:V45)) -> 0 | J45: =IF(I45<0,"ATENÇÃO","OK") -> OK | K45: 0 | L45: 0 | M45: 0 | N45: 0 | O45: 0 | P45: 0 | Q45: 0 | R45: 0 | S45: 0 | T45: 0 | U45: 0 | V45: 0
C46: 5 | D46: ELETRODO, TAMANHO 46 X 2.5, | E46: 339030.42 | F46: Kg | G46: 21.01 | I46: =H46-(SUM(K46:V46)) -> 0 | J46: =IF(I46<0,"ATENÇÃO","OK") -> OK | K46: 0 | L46: 0 | M46: 0 | N46: 0 | O46: 0 | P46: 0 | Q46: 0 | R46: 0 | S46: 0 | T46: 0 | U46: 0 | V46: 0
C47: 6 | D47: KIT DE ACESSORIOS, PARA RETIFICADEIRA COM 110 PECAS, Kit completo com estojo contendo 110 acessórios profissionais variados. Que Realize inúmeras funções, tais como: cortar, gravar, esmerilhar, limpar/polir, lixar etc. Peso bruto aproximado: 410 gramas. Dimensões aproximadas da Maleta: 19cm x 23cm x 3,5 cm. Deve conter os seguintes itens: 01 Escariador (FRESAS DE ALTA VELOCIDADE Ø 3,2mm), 01 Ponta de carbureto de cilício (PONTA MONTADA DE CARBURETO DE SILÍCIO Ø 7,1mm), 01 Ponta cônica (PONTA MONTADA DE CARBURETO DE SILÍCIO Ø 4,8mm) - 01 Ponta cônica (PONTA MONTADA DE ÓXIDO DE ALUMÍNIO Ø 9,5mm), 01 Ponta de óxido de aluminio (PONTA MONTADA DE ÓXIDO DE ALUMÍNIO Ø6,4mm), 12 Discos de corte ( Ø23,8mm x 0,6mm), 12 Discos de corte (Ø23,8 x 1mm), 01 Discos de corte (REFORÇADOS COM FIBRA DE VIDRO Ø 31,8 x 1,15mm), 01 Disco de corte – (Ø31,8mm x 1,58mm), 01 Escova de cerda (Ø3,2mm), 01 Escova de aço de carbono ( Ø 19,1mm) - 04 Discos de feltro (Ø12,7mm), 01 Pasta de polimento (para acessórios de feltro ou de tecido para polir metais e plásticos), 01 Feltro ( Ø 9,5mm), 04 Feltros de polimento (Ø 25,4mm), 01 Tubo de lixa com suporte (Ø12,7mm), 06 Tubos de lixa ( grana 60), 12 Discos de lixa ( grana grossa 180), 12 Discos de lixa ( grana média 220), 12 Discos de lixa ( grana fina 240), 01 Tubo de lixa (Ø6,4mm), 06 Tubos de lixa ( Ø 6,4mm, grana grossa 60), 06 Tubos de Lixa (Ø 12,7mm, grana grossa 120), 06 Tubos de lixa (Ø6,4mm, grana grossa 120), 01 Disco abrasivo, 02 Hastes adaptadoras, 01 Haste adaptadora, 01 Pedra lixadora. | E47: 339030.42 | F47: Peça | G47: 124.58 | I47: =H47-(SUM(K47:V47)) -> 0 | J47: =IF(I47<0,"ATENÇÃO","OK") -> OK | K47: 0 | L47: 0 | M47: 0 | N47: 0 | O47: 0 | P47: 0 | Q47: 0 | R47: 0 | S47: 0 | T47: 0 | U47: 0 | V47: 0
C48: 7 | D48: BROCA DE ACO RAPIDO, HELICOIDAL, DIAMETRO DE 14MM, | E48: 339030.42 | F48: Peça | G48: 42.4 | I48: =H48-(SUM(K48:V48)) -> 0 | J48: =IF(I48<0,"ATENÇÃO","OK") -> OK | K48: 0 | L48: 0 | M48: 0 | N48: 0 | O48: 0 | P48: 0 | Q48: 0 | R48: 0 | S48: 0 | T48: 0 | U48: 0 | V48: 0
C49: 8 | D49: BROCA DE ACO RAPIDO, HELICOIDAL, DIAMETRO DE 15.5MM, | E49: 339030.42 | F49: Peça | G49: 97.67 | I49: =H49-(SUM(K49:V49)) -> 0 | J49: =IF(I49<0,"ATENÇÃO","OK") -> OK | K49: 0 | L49: 0 | M49: 0 | N49: 0 | O49: 0 | P49: 0 | Q49: 0 | R49: 0 | S49: 0 | T49: 0 | U49: 0 | V49: 0
C50: 9 | D50: BROCA DE ACO RAPIDO, HELICOIDAL, DIAMETRO DE 18MM, | E50: 339030.42 | F50: Peça | G50: 118.59 | I50: =H50-(SUM(K50:V50)) -> 0 | J50: =IF(I50<0,"ATENÇÃO","OK") -> OK | K50: 0 | L50: 0 | M50: 0 | N50: 0 | O50: 0 | P50: 0 | Q50: 0 | R50: 0 | S50: 0 | T50: 0 | U50: 0 | V50: 0
C51: 10 | D51: BROCA DE ACO RAPIDO, HELICOIDAL, DIAMETRO DE 23MM, | E51: 339030.42 | F51: Peça | G51: 156.18 | I51: =H51-(SUM(K51:V51)) -> 0 | J51: =IF(I51<0,"ATENÇÃO","OK") -> OK | K51: 0 | L51: 0 | M51: 0 | N51: 0 | O51: 0 | P51: 0 | Q51: 0 | R51: 0 | S51: 0 | T51: 0 | U51: 0 | V51: 0
C52: 11 | D52: BROCA DE ACO RAPIDO, HELICOIDAL, DIAMETRO DE 25MM, | E52: 339030.42 | F52: Peça | G52: 182.76 | I52: =H52-(SUM(K52:V52)) -> 0 | J52: =IF(I52<0,"ATENÇÃO","OK") -> OK | K52: 0 | L52: 0 | M52: 0 | N52: 0 | O52: 0 | P52: 0 | Q52: 0 | R52: 0 | S52: 0 | T52: 0 | U52: 0 | V52: 0
C53: 12 | D53: BROCA DE ACO RAPIDO, MEDINDO 10,00 MM, Para metal. | E53: 339030.42 | F53: Peça | G53: 19.66 | I53: =H53-(SUM(K53:V53)) -> 0 | J53: =IF(I53<0,"ATENÇÃO","OK") -> OK | K53: 0 | L53: 0 | M53: 0 | N53: 0 | O53: 0 | P53: 0 | Q53: 0 | R53: 0 | S53: 0 | T53: 0 | U53: 0 | V53: 0
C54: 13 | D54: BROCA DE ACO RAPIDO, MEDINDO 2,00MM, Broca de Aço Rápido Din 340 Ø 2,0 mm | E54: 339030.24 | F54: Peça | G54: 2.6 | I54: =H54-(SUM(K54:V54)) -> 0 | J54: =IF(I54<0,"ATENÇÃO","OK") -> OK | K54: 0 | L54: 0 | M54: 0 | N54: 0 | O54: 0 | P54: 0 | Q54: 0 | R54: 0 | S54: 0 | T54: 0 | U54: 0 | V54: 0
... C65: 24 | D65: BROCA DE VIDEA, MEDINDO 8,00 MM, Broca de vídea para concreto Ø 8,0mm. | E65: 339030.24 | F65: Peça | G65: 6.6 | I65: =H65-(SUM(K65:V65)) -> 0 | J65: =IF(I65<0,"ATENÇÃO","OK") -> OK | K65: 0 | L65: 0 | M65: 0 | N65: 0 | O65: 0 | P65: 0 | Q65: 0 | R65: 0 | S65: 0 | T65: 0 | U65: 0 | V65: 0
C66: 25 | D66: BROCA, COM 4,00MM, Conjunto de brocas para madeira contém 4 brocas com ponta de centragem para furar em madeira. O vários diâmetros incluídos são 3, 4, 5 e 6 mm. Com revestimento de titânio proporcionando elevada performance e uma vida útil mais longa. | E66: 339030.42 | F66: Peça | G66: 41.76 | H66: 1 | I66: =H66-(SUM(K66:V66)) -> 1 | J66: =IF(I66<0,"ATENÇÃO","OK") -> OK | K66: 0 | L66: 0 | M66: 0 | N66: 0 | O66: 0 | P66: 0 | Q66: 0 | R66: 0 | S66: 0 | T66: 0 | U66: 0 | V66: 0
C67: 26 | D67: BROCA, SDS PLUS CURTA VIDIA 06MM, | E67: 339030.42 | F67: Peça | G67: 10.48 | I67: =H67-(SUM(K67:V67)) -> 0 | J67: =IF(I67<0,"ATENÇÃO","OK") -> OK | K67: 0 | L67: 0 | M67: 0 | N67: 0 | O67: 0 | P67: 0 | Q67: 0 | R67: 0 | S67: 0 | T67: 0 | U67: 0 | V67: 0
C68: 27 | D68: BROCA, SDS PLUS CURTA VIDIA 08MM, | E68: 339030.42 | F68: Peça | G68: 13.52 | I68: =H68-(SUM(K68:V68)) -> 0 | J68: =IF(I68<0,"ATENÇÃO","OK") -> OK | K68: 0 | L68: 0 | M68: 0 | N68: 0 | O68: 0 | P68: 0 | Q68: 0 | R68: 0 | S68: 0 | T68: 0 | U68: 0 | V68: 0
C69: 28 | D69: BROCA, VIDEA 2MM, Broca de vídea para concreto Ø 2,0mm | E69: 339030.24 | F69: Peça | G69: 4.65 | I69: =H69-(SUM(K69:V69)) -> 0 | J69: =IF(I69<0,"ATENÇÃO","OK") -> OK | K69: 0 | L69: 0 | M69: 0 | N69: 0 | O69: 0 | P69: 0 | Q69: 0 | R69: 0 | S69: 0 | T69: 0 | U69: 0 | V69: 0
C70: 29 | D70: BROCA, VIDEA 3MM, Broca de vídea para concreto Ø 3,0mm | E70: 339030.24 | F70: Peça | G70: 3.7 | I70: =H70-(SUM(K70:V70)) -> 0 | J70: =IF(I70<0,"ATENÇÃO","OK") -> OK | K70: 0 | L70: 0 | M70: 0 | N70: 0 | O70: 0 | P70: 0 | Q70: 0 | R70: 0 | S70: 0 | T70: 0 | U70: 0 | V70: 0
C71: 30 | D71: COMPONENTES E ACESSORIOS DE FERRAMENTAS, DISCO DE BORRACHA PARA LIXADEIRA, Disco de borracha semi-flexível, 4.1/2", com porca, para lixadeira. | E71: 339030.42 | F71: Peça | G71: 6.82 | I71: =H71-(SUM(K71:V71)) -> 0 | J71: =IF(I71<0,"ATENÇÃO","OK") -> OK | K71: 0 | L71: 0 | M71: 0 | N71: 0 | O71: 0 | P71: 0 | Q71: 0 | R71: 0 | S71: 0 | T71: 0 | U71: 0 | V71: 0
C72: 31 | D72: DISCO DE CORTE, DE SERRA CIRCULAR, disco de serra circular 300mmx30mm, 36 dentes. | E72: 339030.24 | F72: Peça | G72: 94.14 | I72: =H72-(SUM(K72:V72)) -> 0 | J72: =IF(I72<0,"ATENÇÃO","OK") -> OK | K72: 0 | L72: 0 | M72: 0 | N72: 0 | O72: 0 | P72: 0 | Q72: 0 | R72: 0 | S72: 0 | T72: 0 | U72: 0 | V72: 0
C73: 32 | D73: DISCO DE CORTE, DE SERRA CIRCULAR, Disco para corte e desbaste (policorte), Dimensões: 355x 3,2 x 25,4mm. Marca de referência: Norton. | E73: 339030.42 | F73: Peça | G73: 20.8 | I73: =H73-(SUM(K73:V73)) -> 0 | J73: =IF(I73<0,"ATENÇÃO","OK") -> OK | K73: 0 | L73: 0 | M73: 0 | N73: 0 | O73: 0 | P73: 0 | Q73: 0 | R73: 0 | S73: 0 | T73: 0 | U73: 0 | V73: 0
C74: 33 | D74: DISCO DE CORTE, DE SERRA CIRCULAR, Serra circular, 48 dentes de metal duro, vídea, diâmetro eixo 200mm, furo 30mm, aproximadamente 2,8mm de espessura. | E74: 339030.24 | F74: Peça | G74: 69.32 | I74: =H74-(SUM(K74:V74)) -> 0 | J74: =IF(I74<0,"ATENÇÃO","OK") -> OK | K74: 0 | L74: 0 | M74: 0 | N74: 0 | O74: 0 | P74: 0 | Q74: 0 | R74: 0 | S74: 0 | T74: 0 | U74: 0 | V74: 0
C75: 34 | D75: DISCO DE CORTE, DISCO DE DESBASTE PARA ESMERILHADEIRA, Disco de desbaste para esmerilhadeira. Ø 115mm | E75: 339030.24 | F75: Peça | G75: 5.71 | I75: =H75-(SUM(K75:V75)) -> 0 | J75: =IF(I75<0,"ATENÇÃO","OK") -> OK | K75: 0 | L75: 0 | M75: 0 | N75: 0 | O75: 0 | P75: 0 | Q75: 0 | R75: 0 | S75: 0 | T75: 0 | U75: 0 | V75: 0
C76: 35 | D76: DISCO DE CORTE, P/METALOGRAFIA 230X2X22MM, FAIXA DE DUREZA 35 A 50 HRC, | E76: 339030.42 | F76: Peça | G76: 9.73 | I76: =H76-(SUM(K76:V76)) -> 0 | J76: =IF(I76<0,"ATENÇÃO","OK") -> OK | K76: 0 | L76: 0 | M76: 0 | N76: 0 | O76: 0 | P76: 0 | Q76: 0 | R76: 0 | S76: 0 | T76: 0 | U76: 0 | V76: 0
C77: 36 | D77: DISCO DE CORTE, P/METALOGRAFIA 250X1.5X32MM, FAIXA DE DUREZA 35 A 50 HRC, | E77: 339030.42 | F77: Peça | G77: 9.73 | I77: =H77-(SUM(K77:V77)) -> 0 | J77: =IF(I77<0,"ATENÇÃO","OK") -> OK | K77: 0 | L77: 0 | M77: 0 | N77: 0 | O77: 0 | P77: 0 | Q77: 0 | R77: 0 | S77: 0 | T77: 0 | U77: 0 | V77: 0
C78: 37 | D78: DISCO DE CORTE, PARA ACO E INOX, 2 TELAS, Disco de Corte, 115,0x1,0x22,2mm. Aplicação para aço e inox, indicados para cortes de aços carbonos e aços inoxidáveis em manutenção, com 2 telas. | E78: 339030.42 | F78: Peça | G78: 4.12 | I78: =H78-(SUM(K78:V78)) -> 0 | J78: =IF(I78<0,"ATENÇÃO","OK") -> OK | K78: 0 | L78: 0 | M78: 0 | N78: 0 | O78: 0 | P78: 0 | Q78: 0 | R78: 0 | S78: 0 | T78: 0 | U78: 0 | V78: 0
... C83: 42 | D83: JOGO DE BROCAS, DE ACO RAPIDO, Contendo 25 brocas de Aço Rápido (HSS). Haste Paralela. Para furar Metal. Norma DIN 338, de Ø1mm até Ø13mm(não repetidas), com estojo para guardar. Indicação de medidas na broca e no estojo. | E83: 339030.42 | F83: Peça | G83: 302.48 | I83: =H83-(SUM(K83:V83)) -> 0 | J83: =IF(I83<0,"ATENÇÃO","OK") -> OK | K83: 0 | L83: 0 | M83: 0 | N83: 0 | O83: 0 | P83: 0 | Q83: 0 | R83: 0 | S83: 0 | T83: 0 | U83: 0 | V83: 0
C84: 43 | D84: JOGO DE BROCAS, DE ACO RAPIDO, Jogo contendo 13 peças: Jogo de Brocas em Aço Rápido (HSS) de Ø1,5 à Ø6,5mm, 13 Peças (não repetidas), estojo para guardar, Haste Paralela, Uso Geral DIN338, com indicação de medida no estojo e na broca. | E84: 339030.42 | F84: Peça | G84: 43.64 | H84: 1 | I84: =H84-(SUM(K84:V84)) -> 1 | J84: =IF(I84<0,"ATENÇÃO","OK") -> OK | K84: 0 | L84: 0 | M84: 0 | N84: 0 | O84: 0 | P84: 0 | Q84: 0 | R84: 0 | S84: 0 | T84: 0 | U84: 0 | V84: 0
C85: 44 | D85: JOGO DE BROCAS, DE ACO RAPIDO, tipo helicoidal. Diâmetro de 1 a 13mm. Jogo com 25 peças | E85: 339030.42 | F85: Peça | G85: 302.32 | I85: =H85-(SUM(K85:V85)) -> 0 | J85: =IF(I85<0,"ATENÇÃO","OK") -> OK | K85: 0 | L85: 0 | M85: 0 | N85: 0 | O85: 0 | P85: 0 | Q85: 0 | R85: 0 | S85: 0 | T85: 0 | U85: 0 | V85: 0
C86: 45 | D86: JOGO DE BROCAS, PARA MADEIRA, COMPOSTO POR 4 BROCAS PARA MADEIRA, Jogo de brocas para madeira composto por 4 brocas com ponta de centragem para furar madeira. Diâmetros incluídos 3mm, 4mm, 5mm e 6mm. Com revestimento de titânio. | E86: 339030.42 | F86: Jogo | G86: 23.71 | I86: =H86-(SUM(K86:V86)) -> 0 | J86: =IF(I86<0,"ATENÇÃO","OK") -> OK | K86: 0 | L86: 0 | M86: 0 | N86: 0 | O86: 0 | P86: 0 | Q86: 0 | R86: 0 | S86: 0 | T86: 0 | U86: 0 | V86: 0
C87: 46 | D87: JOGO DE BROCAS, PROFISSIONAIS PARA METAL E CONCRETO, COM 5 BROCAS, Jogo de Brocas Profissionais para Metal e Concreto, acompanha Estojo com 5 Brocas para Metal HSS-R: - 1 Broca com Diâmetro de 3.0 mm e Comprimento 61 mm - 1 Broca com Diâmetro de 4.0 mm e Comprimento 75 mm - 1 Broca com Diâmetro de 5.0 mm e Comprimento 86 mm - 1 Broca com Diâmetro de 6.0 mm e Comprimento 93 mm - 1 Broca com Diâmetro de 8.0 mm e Comprimento 117 mm 4 Brocas para Concreto: - 1 Broca com Diâmetro de 4.0 mm e Comprimento 75 mm - 1 Broca com Diâmetro de 5.0 mm e Comprimento 85 mm - 1 Broca com Diâmetro de 6.0 mm e Comprimento 100 mm - 1 Broca com Diâmetro de 8.0 mm e Comprimento 120 mm | E87: 339030.42 | F87: Jogo | G87: 23.02 | I87: =H87-(SUM(K87:V87)) -> 0 | J87: =IF(I87<0,"ATENÇÃO","OK") -> OK | K87: 0 | L87: 0 | M87: 0 | N87: 0 | O87: 0 | P87: 0 | Q87: 0 | R87: 0 | S87: 0 | T87: 0 | U87: 0 | V87: 0
C88: 47 | D88: LAMINA DE SERRA, ACO RAPIDO, Lâmina para Serra-fita modelo Ferrari SFP-12, de 1/2” x 0,7 x 2240mm, com 4 dentes por polegada. | E88: 339030.42 | F88: Peça | G88: 117 | I88: =H88-(SUM(K88:V88)) -> 0 | J88: =IF(I88<0,"ATENÇÃO","OK") -> OK | K88: 0 | L88: 0 | M88: 0 | N88: 0 | O88: 0 | P88: 0 | Q88: 0 | R88: 0 | S88: 0 | T88: 0 | U88: 0 | V88: 0
C89: 48 | D89: LAMINA DE SERRA, ACO RAPIDO, Lâmina serra fita 1/2"X07X2240mm 4D polegada. | E89: 339030.42 | F89: Peça | G89: 74.48 | I89: =H89-(SUM(K89:V89)) -> 0 | J89: =IF(I89<0,"ATENÇÃO","OK") -> OK | K89: 0 | L89: 0 | M89: 0 | N89: 0 | O89: 0 | P89: 0 | Q89: 0 | R89: 0 | S89: 0 | T89: 0 | U89: 0 | V89: 0
C90: 49 | D90: LAMINA DE SERRA, ACO RAPIDO, Lâminas para serra tico-tico com pino de 5”, com 15 dentes por polegada. kit com 12 unidades. | E90: 339030.42 | F90: Peça | G90: 70 | I90: =H90-(SUM(K90:V90)) -> 0 | J90: =IF(I90<0,"ATENÇÃO","OK") -> OK | K90: 0 | L90: 0 | M90: 0 | N90: 0 | O90: 0 | P90: 0 | Q90: 0 | R90: 0 | S90: 0 | T90: 0 | U90: 0 | V90: 0
C91: 50 | D91: LAMINA PARA SERRA, SABRE A SER UTILIZADA NO CORTE DE MADEIRA, Compatível para serra tico-tico | E91: 339030.42 | F91: Peça | G91: 23.66 | I91: =H91-(SUM(K91:V91)) -> 0 | J91: =IF(I91<0,"ATENÇÃO","OK") -> OK | K91: 0 | L91: 0 | M91: 0 | N91: 0 | O91: 0 | P91: 0 | Q91: 0 | R91: 0 | S91: 0 | T91: 0 | U91: 0 | V91: 0
C92: 51 | D92: REBOOLO, PEDRA DE ESMERIL, Rebolo/Pedra de Esmeril, Diâmetro 15 centímetros e altura 1,8cm. | E92: 339030.24 | F92: Peça | G92: 21.8 | I92: =H92-(SUM(K92:V92)) -> 0 | J92: =IF(I92<0,"ATENÇÃO","OK") -> OK | K92: 0 | L92: 0 | M92: 0 | N92: 0 | O92: 0 | P92: 0 | Q92: 0 | R92: 0 | S92: 0 | T92: 0 | U92: 0 | V92: 0
C93: 52 | D93: ESTANHO, PARA SOLDA AZUL 60X40 1MM EM ROLO 500G, Rolo de estanho para solda. Liga deverá ser de 60% Sn e 40% Pb. Diâmetro de 1mm. Carretel 0,5kg | E93: 339030.11 | F93: Peça | G93: 43.63 | I93: =H93-(SUM(K93:V93)) -> 0 | J93: =IF(I93<0,"ATENÇÃO","OK") -> OK | K93: 0 | L93: 0 | M93: 0 | N93: 0 | O93: 0 | P93: 0 | Q93: 0 | R93: 0 | S93: 0 | T93: 0 | U93: 0 | V93: 0
A94: Cristiani Louri Rodrigues & Cia. Ltda - ME | B94: 9 | C94: 1 | D94: RODA DE BORRACHA, COMPLETA PARA CARRINHO DE PLATAFORMA, Conjunto Roda completa: Pneu 3,25cm X 8cm com Câmara de ar e Aro metálico, furo eixo com rolamento Ø1", para carrinho de quatro rodados. | E94: 339030.25 | F94: Peça | G94: 41 | I94: =H94-(SUM(K94:V94)) -> 0 | J94: =IF(I94<0,"ATENÇÃO","OK") -> OK | K94: 0 | L94: 0 | M94: 0 | N94: 0 | O94: 0 | P94: 0 | Q94: 0 | R94: 0 | S94: 0 | T94: 0 | U94: 0 | V94: 0
C95: 2 | D95: CAMARAS DE AR PARA VEICULOS LEVES, CAMARA DE AR P/PNEU DE CARRINHO DE TRANSPORTE 325/8, Câmara de ar para pneu de carrinho de mão no tamanho 3,25x8cm. | E95: 339030.25 | F95: Peça | G95: 12.11 | I95: =H95-(SUM(K95:V95)) -> 0 | J95: =IF(I95<0,"ATENÇÃO","OK") -> OK | K95: 0 | L95: 0 | M95: 0 | N95: 0 | O95: 0 | P95: 0 | Q95: 0 | R95: 0 | S95: 0 | T95: 0 | U95: 0 | V95: 0
C96: 3 | D96: PNEUS PARA VEICULOS LEVES, PNEU PARA CARRINHO DE MAO - ARO 3,25, Pneu com câmera para carrinho de mão | E96: 339030.99 | F96: Peça | G96: 36.68 | I96: =H96-(SUM(K96:V96)) -> 0 | J96: =IF(I96<0,"ATENÇÃO","OK") -> OK | K96: 0 | L96: 0 | M96: 0 | N96: 0 | O96: 0 | P96: 0 | Q96: 0 | R96: 0 | S96: 0 | T96: 0 | U96: 0 | V96: 0
C97: 4 | D97: MAQUINA DE LAVAR A JATO, USO GERAL, HIDROLAVADORA de Alta Pressão, potência mínima 1.700W Alimentação 220V. Equipada com rodas para transporte, lança de alta pressão com jato regulável e mangueira com 5 metros de comprimento. Referência Marca Karcher 1.600w. | E97: 449052.38 | F97: Peça | G97: 639 | I97: =H97-(SUM(K97:V97)) -> 0 | J97: =IF(I97<0,"ATENÇÃO","OK") -> OK | K97: 0 | L97: 0 | M97: 0 | N97: 0 | O97: 0 | P97: 0 | Q97: 0 | R97: 0 | S97: 0 | T97: 0 | U97: 0 | V97: 0
C98: 5 | D98: MAQUINA DE LAVAR A JATO, USO GERAL, Lavadora de Alta Pressão Profissional. Potência (kw): 3,0, Tensão (V): 220 mono, Pressão (lb/pol²) (bar): 1900 (130), Vazão (L/h): 600. Com mangueira Anti-torção e flexível. Regulagem dos jatos: Jato leque de alta pressão com bico prateado e ângulo de 25º para a limpeza de sujeira em grandes superfícies; Jato de baixa pressão (CHEM) com bico dourado para aplicação de detergentes ou para limpeza com uma pressão reduzida. Com gatilho com trava de segurança, carrinho para transporte, alça para transporte, porta fio, desligamento automático. Dimensões aproximadas (L x A x P): 40 x 42,5 x 77,5 cm. | E98: 449052.28 | F98: Peça | G98: 2442.92 | I98: =H98-(SUM(K98:V98)) -> 0 | J98: =IF(I98<0,"ATENÇÃO","OK") -> OK | K98: 0 | L98: 0 | M98: 0 | N98: 0 | O98: 0 | P98: 0 | Q98: 0 | R98: 0 | S98: 0 | T98: 0 | U98: 0 | V98: 0
C99: 6 | D99: PISTOLA PARA APLICACAO DE COLA, QUENTE, PISTOLA DE COLA QUENTE, potência: 40-50 Watts, 220V, Ponta Metálica, Corpo injetado em plástico, acompanha 14 BASTÕES DE COLA QUENTE compativeis. | E99: 449052.99 | F99: Peça | G99: 59.36 | I99: =H99-(SUM(K99:V99)) -> 0 | J99: =IF(I99<0,"ATENÇÃO","OK") -> OK | K99: 0 | L99: 0 | M99: 0 | N99: 0 | O99: 0 | P99: 0 | Q99: 0 | R99: 0 | S99: 0 | T99: 0 | U99: 0 | V99: 0
C100: 7 | D100: ESMERILHADEIRA, TIPO PROFISSIONAL, PARA REDE 220 VOLTS, Angular Elétrica 4.1/2" Industrial, Potência : 840W; Diâmetro do disco : 115mm (4-1/2"); Diam. disco abrasivo : 115mm (4-1/2"); Diam. disco diamantado : 115mm (4-1/2"); 11.000 RPM | E100: 449052.38 | F100: Peça | G100: 215.16 | I100: =H100-(SUM(K100:V100)) -> 0 | J100: =IF(I100<0,"ATENÇÃO","OK") -> OK | K100: 0 | L100: 0 | M100: 0 | N100: 0 | O100: 0 | P100: 0 | Q100: 0 | R100: 0 | S100: 0 | T100: 0 | U100: 0 | V100: 0
C101: 8 | D101: ESMERILHADEIRA, TIPO PROFISSIONAL, PARA REDE 220 VOLTS, Esmerilhadeira Angular 4,1/2, 720W, rotação 1.000 a 11.000 giros 220V., com kit de discos. | E101: 449052.38 | F101: Peça | G101: 243.83 | I101: =H101-(SUM(K101:V101)) -> 0 | J101: =IF(I101<0,"ATENÇÃO","OK") -> OK | K101: 0 | L101: 0 | M101: 0 | N101: 0 | O101: 0 | P101: 0 | Q101: 0 | R101: 0 | S101: 0 | T101: 0 | U101: 0 | V101: 0
C102: 9 | D102: MAQUINA DE RETIFICAR, MICRO RETIFICA, Micro retífica. Rotação aproximada: até 35.000 rpm. Acompanha maleta com kit de acessórios (chaves, cilindros, discos, escova, haste, lima, lixa, roda, rebolo, etc.). Utilizado para retificar e gravar é possível perfurar, lixar, desbastar, polir, gravar, cortar, fresar e limpar madeiras, metais e plásticos em modelismo. Potência aproximada: 135 watts. | E102: 449052.38 | F102: Peça | G102: 182 | I102: =H102-(SUM(K102:V102)) -> 0 | J102: =IF(I102<0,"ATENÇÃO","OK") -> OK | K102: 0 | L102: 0 | M102: 0 | N102: 0 | O102: 0 | P102: 0 | Q102: 0 | R102: 0 | S102: 0 | T102: 0 | U102: 0 | V102: 0
C103: 10 | D103: MOTO ESMERIL, DE BANCADA, Motoesmeril de Bancada, com dois rebolos de 6” (aproximadamente 150mm) para diversas aplicações, com motor de 1/2hp, Caixa de motor deve ser elevada, permitindo esmerilhar objetos compridos, com corpo fabricado em ferro fundido, deve acompanhar pés de borracha antivibração e que evita deslizamento. Mesa para apoio e afiamento em alumínio com mecanismo ajustável. Proteção superior transparente localizada sobre os dois rebolos. Deve acompanhar ainda um boné de polimento e uma escova de aço compatível com o equipamento. | E103: 449052.38 | F103: Peça | G103: 194.33 | I103: =H103-(SUM(K103:V103)) -> 0 | J103: =IF(I103<0,"ATENÇÃO","OK") -> OK | K103: 0 | L103: 0 | M103: 0 | N103: 0 | O103: 0 | P103: 0 | Q103: 0 | R103: 0 | S103: 0 | T103: 0 | U103: 0 | V103: 0
C104: 11 | D104: PIA DE LAVAR PECAS, CUBA DE EMBUTIR OVAL, LOU«A, Cuba de embutir oval, louça, ideal para aplicação em pedras e bancadas, válvula disposta de maneira que permite usar várias torneiras e misturadores, medidas aproximadas: 40 x 30 cm. | E104: 449052.39 | F104: Peça | G104: 39.2 | I104: =H104-(SUM(K104:V104)) -> 0 | J104: =IF(I104<0,"ATENÇÃO","OK") -> OK | K104: 0 | L104: 0 | M104: 0 | N104: 0 | O104: 0 | P104: 0 | Q104: 0 | R104: 0 | S104: 0 | T104: 0 | U104: 0 | V104: 0
C105: 12 | D105: TRENA (EQUIPAMENTO), DIGITAL, Trena Digital: Display LCD (Cristal Líquido) , Escala de medição: 0,5 a 50 metros / 20 pol. A 164 pés, Precisão: 1% , Freqüência de trabalho: 40kHz (somente trena); 20kHz (trena e receptor) , Resultados em unidade imperial ou métrica , Mira laser para auxiliar a medição , Memória de 10 posições , Indicação de bateria fraca , Calculo de área e volume , Soma de comprimentos, Desligamento automático para economizar a carga da bateria , Display com iluminação de fundo , Opção de medição somente pela trena ou com o auxilio do receptor , Indicadores sonoros de leitura errada e confirmação da leitura , Alimentação: 2 baterias de 9V (uma para a trena e outra para o receptor), Peso: 315g , Dimensões: 150 x 75 x 46mm . | E105: 449052.04 | F105: Peça | G105: 465.81 | I105: =H105-(SUM(K105:V105)) -> 0 | J105: =IF(I105<0,"ATENÇÃO","OK") -> OK | K105: 0 | L105: 0 | M105: 0 | N105: 0 | O105: 0 | P105: 0 | Q105: 0 | R105: 0 | S105: 0 | T105: 0 | U105: 0 | V105: 0
C106: 13 | D106: TRENA (EQUIPAMENTO), ELETRONICA,C/MIRA LASER,DIGITAL,PORTATIL,PRECIS.MIN +/-99,5%, Trena a laser para medição; Capacidade 250 metros; visibilidade do laser perfeita mesmo em ambientes de muita luz ou sol intenso; Visor integrado com capacidade de ampliação de 1,6 vezes; recursos de soma, subtração, medições indiretas complexas (duplo Pitágoras), medição de áreas irregulares, medição contínua; classe do laser 2; Diodo do laser 635 nm, < 1mW; Faixa de medição interior 0,05 a 250 m; Precisão de medição ± 1 mm; Bateria consumo 4 x LR03 (AAA); Fixação em tripé 1/4''; Dimensões aproximadas: 120 x 63 x 32 mm (PxLxA); Tempo de medição, médio: < 0,5 seg; Tempo de medição máx.: 4s; Dispositivo de desconexão automática: 4min; Unidades de medida: m/cm/mm; Número dos valores da memória: 30; Vida útil da bateria, medições individuais aprox.: 30.000; Proteção contra pó e salpicos de água: IP54. itens inclusos: Trena, 4 pilhas 1,5V LR03 AAA, bolsa de proteção, alça de segurança e tripé. Marca de Referência: Trena a Laser Bosch modelo GLM250VF – 250m. | E106: 449052.04 | F106: Peça | G106: 1406.65 | I106: =H106-(SUM(K106:V106)) -> 0 | J106: =IF(I106<0,"ATENÇÃO","OK") -> OK | K106: 0 | L106: 0 | M106: 0 | N106: 0 | O106: 0 | P106: 0 | Q106: 0 | R106: 0 | S106: 0 | T106: 0 | U106: 0 | V106: 0
... C114: 21 | D114: ESCADA METALICA, EM ALUMINIO COM 09 DEGRAUS., Escada de aluminio profissional com alça, 9 degraus. Patamar da escada em polimero injetado de alta resistência com degraus largos e antiderapantes. Trava de segurança contra fechamento da escada. Peso suportado aproximado de 120kg. | E114: 449052.12 | F114: Peça | G114: 254.26 | I114: =H114-(SUM(K114:V114)) -> 0 | J114: =IF(I114<0,"ATENÇÃO","OK") -> OK | K114: 0 | L114: 0 | M114: 0 | N114: 0 | O114: 0 | P114: 0 | Q114: 0 | R114: 0 | S114: 0 | T114: 0 | U114: 0 | V114: 0
A115: Cristiani Louri Rodrigues & Cia. Ltda - ME | B115: 12 | C115: 1 | D115: Protetor Auditivo circum-auricular, constituído de (02) duas conchas em formato oval de material plástico rígido, montadas simetricamente nas extremidades de uma haste, suporte ajustável. Atenuação de NRRsf 20 dB, constituído de material dielétrica, design leve e com ajustes. | E115: 339030.28 | F115: Peça | G115: 24.91 | I115: =H115-(SUM(K115:V115)) -> 0 | J115: =IF(I115<0,"ATENÇÃO","OK") -> OK | K115: 0 | L115: 0 | M115: 0 | N115: 0 | O115: 0 | P115: 0 | Q115: 0 | R115: 0 | S115: 0 | T115: 0 | U115: 0 | V115: 0
C116: 2 | D116: Protetor auricular tipo plug, atenuação de NRRsf 16 dB, composto de três flanges de silicone macias e cônicas, pré-moldadas, flexíveis, antialérgicas, laváveis, reutilizáveis, tamanho único, moldável a diferentes canais auditivos, com cordão e embalagem protetora. | E116: 339030.28 | F116: Peça | G116: 2.38 | I116: =H116-(SUM(K116:V116)) -> 0 | J116: =IF(I116<0,"ATENÇÃO","OK") -> OK | K116: 0 | L116: 0 | M116: 0 | N116: 0 | O116: 0 | P116: 0 | Q116: 0 | R116: 0 | S116: 0 | T116: 0 | U116: 0 | V116: 0
C117: 3 | D117: Óculos de Segurança ampla-visão, armação em uma única peça de PVC transparente com sistema de ventilação indireta, composto de fendas na parte superior e inferior, visor de policarbonato incolor com tratamento antiembaçante e antirisco, tirante elástico para ajuste. | E117: 339030.28 | F117: Peça | G117: 6.87 | I117: =H117-(SUM(K117:V117)) -> 0 | J117: =IF(I117<0,"ATENÇÃO","OK") -> OK | K117: 0 | L117: 0 | M117: 0 | N117: 0 | O117: 0 | P117: 0 | Q117: 0 | R117: 0 | S117: 0 | T117: 0 | U117: 0 | V117: 0
C118: 4 | D118: Óculos de segurança com Haste regulável e dispositivo que apoia o óculos no septo nasal, lente transparente em policarbonato antirisco. | E118: 339030.28 | F118: Peça | G118: 11.5 | I118: =H118-(SUM(K118:V118)) -> 0 | J118: =IF(I118<0,"ATENÇÃO","OK") -> OK | K118: 0 | L118: 0 | M118: 0 | N118: 0 | O118: 0 | P118: 0 | Q118: 0 | R118: 0 | S118: 0 | T118: 0 | U118: 0 | V118: 0
C119: 5 | D119: Óculos de segurança, constituído de armação e visor em uma única peça de policarbonato incolor, antiembaçante e atirisco, hastes sem regulagem, tipo espátula do mesmo material com seis fendas para ventilação. | E119: 339030.28 | F119: Peça | G119: 6.33 | I119: =H119-(SUM(K119:V119)) -> 0 | J119: =IF(I119<0,"ATENÇÃO","OK") -> OK | K119: 0 | L119: 0 | M119: 0 | N119: 0 | O119: 0 | P119: 0 | Q119: 0 | R119: 0 | S119: 0 | T119: 0 | U119: 0 | V119: 0
C120: 6 | D120: Óculos de segurança, constituídos de arco de plástico preto, lente de policarbonato verde (tonalidade 5), com ponte, apoio nasal e proteção lateral injetada do mesmo material, com um orifício na parte frontal superior e uma fenda em cada extremidade para o encaixe no arco. | E120: 339030.28 | F120: Peça | G120: 3.63 | I120: =H120-(SUM(K120:V120)) -> 0 | J120: =IF(I120<0,"ATENÇÃO","OK") -> OK | K120: 0 | L120: 0 | M120: 0 | N120: 0 | O120: 0 | P120: 0 | Q120: 0 | R120: 0 | S120: 0 | T120: 0 | U120: 0 | V120: 0
C121: 7 | D121: Respirador purificador semifacial utilizado com dois filtros químicos, tirante em elástico com ajuste, vedação maleável e confortável. | E121: 339030.28 | F121: Peça | G121: 26.13 | I121: =H121-(SUM(K121:V121)) -> 0 | J121: =IF(I121<0,"ATENÇÃO","OK") -> OK | K121: 0 | L121: 0 | M121: 0 | N121: 0 | O121: 0 | P121: 0 | Q121: 0 | R121: 0 | S121: 0 | T121: 0 | U121: 0 | V121: 0
...

Sheet CEART
A1: PROCESSO: 1025/2014 - RELANÇAMENTO | D1: OBJETO: AQUISIÇÃO DE FERRAMENTAS, UTENSÍLIOS E MATERIAIS DE REPARO PARA O CAMPUS I, CERES E CESFI | G1: VIGÊNCIA DA ATA: 07/11/2014 até 06/11/2015 | K1: AF/OS nº xxxx/2014 Qtde. DT | L1: AF/OS nº xxxx/2014 Qtde. DT | M1: AF/OS nº xxxx/2014 Qtde. DT | N1: AF/OS nº xxxx/2014 Qtde. DT | O1: AF/OS nº xxxx/2014 Qtde. DT | P1: AF/OS nº xxxx/2014 Qtde. DT | Q1: AF/OS nº xxxx/2014 Qtde. DT | R1: AF/OS nº xxxx/2014 Qtde. DT | S1: AF/OS nº xxxx/2014 Qtde. DT | T1: AF/OS nº xxxx/2014 Qtde. DT | U1: AF/OS nº xxxx/2014 Qtde. DT | V1: AF/OS nº xxxx/2014 Qtde. DT
A2: CENTRO PARTICIPANTE: CEART
A3: FORNECEDOR | B3: LOTE | C3: ITEM | D3: PRODUTO - CARACTERÍSTICAS MÍNIMAS | E3: DETALHAMENTO | F3: UNIDADE | G3: Preço UNITÁRIO (R$) | H3: Qtde LICITADA | I3: Saldo / Automático | J3: ALERTA | K3: ...../...../...... | L3: ...../...../...... | M3: ...../...../...... | N3: ...../...../...... | O3: ...../...../...... | P3: ...../...../...... | Q3: ...../...../...... | R3: ...../...../...... | S3: ...../...../...... | T3: ...../...../...... | U3: ...../...../...... | V3: ...../...../......
A4: Cristiani Louri Rodrigues & Cia. Ltda - ME | B4: 1 | C4: 1 | D4: DESEMPENADEIRA, DE ACO P/CONTRUCAO, Desempenadeira dentada, com cabo de madeira, Dimensões: 255mm x 120mm. | E4: 339030.42 | F4: Peça | G4: 22 | I4: =H4-(SUM(K4:V4)) -> 0 | J4: =IF(I4<0,"ATENÇÃO","OK") -> OK | K4: 0 | L4: 0 | M4: 0 | N4: 0 | O4: 0 | P4: 0 | Q4: 0 | R4: 0 | S4: 0 | T4: 0 | U4: 0 | V4: 0
C5: 2 | D5: DESEMPENADEIRA, EM MADEIRA LISA, MED.15 X 26CM, Desempenadeira de madeira lisa. Tamanho aprox. 15cmX26cm | E5: 339030.24 | F5: Peça | G5: 5.5 | I5: =H5-(SUM(K5:V5)) -> 0 | J5: =IF(I5<0,"ATENÇÃO","OK") -> OK | K5: 0 | L5: 0 | M5: 0 | N5: 0 | O5: 0 | P5: 0 | Q5: 0 | R5: 0 | S5: 0 | T5: 0 | U5: 0 | V5: 0
C6: 3 | D6: DESEMPENADEIRA, EM PVC, MEDINDO 14 X 27CM, Desempenadeira em PVC 14x 27cm. | E6: 339030.24 | F6: Peça | G6: 4.2 | I6: =H6-(SUM(K6:V6)) -> 0 | J6: =IF(I6<0,"ATENÇÃO","OK") -> OK | K6: 0 | L6: 0 | M6: 0 | N6: 0 | O6: 0 | P6: 0 | Q6: 0 | R6: 0 | S6: 0 | T6: 0 | U6: 0 | V6: 0
C7: 4 | D7: CONEXAO DE PLASTICO PARA INSTALACOES HIDRAULICAS-SANITARIAS, ADAPTADOR CURTO EM PVC, Conexão em "PVC", para água fria, tipo "Adaptador Soldável com Flanges Livres para Caixa D’Água." Ø25mm, Linha Soldável.Material - PVC - Cloreto de Polivinila, cor marrom. | E7: 339030.24 | F7: Peça | G7: 7.7 | I7: =H7-(SUM(K7:V7)) -> 0 | J7: =IF(I7<0,"ATENÇÃO","OK") -> OK | K7: 0 | L7: 0 | M7: 0 | N7: 0 | O7: 0 | P7: 0 | Q7: 0 | R7: 0 | S7: 0 | T7: 0 | U7: 0 | V7: 0
C8: 5 | D8: LANTERNA, DE CABECA, COM 19 LEDS, Lanterna com 19 leds, recarregável. | E8: 339030.13 | F8: Peça | G8: 42.85 | I8: =H8-(SUM(K8:V8)) -> 0 | J8: =IF(I8<0,"ATENÇÃO","OK") -> OK | K8: 0 | L8: 0 | M8: 0 | N8: 0 | O8: 0 | P8: 0 | Q8: 0 | R8: 0 | S8: 0 | T8: 0 | U8: 0 | V8: 0
C9: 6 | D9: REBITADOR MANUAL, TIPO ALAVANCA, Rebitador manual tipo alavanca. Corpo em alumínio fundido. Castanhas em aço cromo molibdnênio temperadas. Cabos tubulares cromados. Ponteiras para cinco bitolas de rebites: 3.2, 4.0, 4.8, 6.0, 6.4mm. Cabos com revestimento especial. Tamanho: 16,5". | E9: 449052.38 | F9: Peça | G9: 34.7 | I9: =H9-(SUM(K9:V9)) -> 0 | J9: =IF(I9<0,"ATENÇÃO","OK") -> OK | K9: 0 | L9: 0 | M9: 0 | N9: 0 | O9: 0 | P9: 0 | Q9: 0 | R9: 0 | S9: 0 | T9: 0 | U9: 0 | V9: 0
A10: Kafer Comércio Ltda | B10: 2 | C10: 1 | D10: LIXADEIRA INDUSTRIAL, COM MESA, DE FITA, Lixadeira de cinta com disco (combinada de bancada), com mesa regulável, para lixas com comprimento de 1490mm x 150 mm, motorizada com motor de 1cv – 4 P, peso aproximado de 50kg, correia utilizada 1 =A-29. Marca / modelo referência: LX 2S ACERBI. | E10: 449052.38 | F10: Peça | G10: 1535 | H10: 2 | I10: =H10-(SUM(K10:V10)) -> 2 | J10: =IF(I10<0,"ATENÇÃO","OK") -> OK | K10: 0 | L10: 0 | M10: 0 | N10: 0 | O10: 0 | P10: 0 | Q10: 0 | R10: 0 | S10: 0 | T10: 0 | U10: 0 | V10: 0
C11: 2 | D11: LIXADEIRA, ANGULAR 115MM, TIPO PORTÁTIL, POTÊNCIA DE 850 W, TENSÃO 220V. | E11: 449052.38 | F11: Peça | G11: 253.09 | H11: 1 | I11: =H11-(SUM(K11:V11)) -> 1 | J11: =IF(I11<0,"ATENÇÃO","OK") -> OK | K11: 0 | L11: 0 | M11: 0 | N11: 0 | O11: 0 | P11: 0 | Q11: 0 | R11: 0 | S11: 0 | T11: 0 | U11: 0 | V11: 0
C12: 3 | D12: LIXADEIRA, COM MALETA E ACESSORIOS, Lixadeira de cinta manual – lixadeira de cinta elétrica com aplicação industrial, 220v, potência entre 650 e 850 W, velocidade da cinta sem carga entre 200 e 400 m/min, dimensões da lixa de aproximadamente 75x533mm, com coletor de pó, peso variando entre 3 à 5 kg. Marca / modelo referência: GBS 75 AE - BOSCH ou Dewalt DW433 etc. | E12: 449052.38 | F12: Peça | G12: 1047.36 | H12: 3 | I12: =H12-(SUM(K12:V12)) -> 3 | J12: =IF(I12<0,"ATENÇÃO","OK") -> OK | K12: 0 | L12: 0 | M12: 0 | N12: 0 | O12: 0 | P12: 0 | Q12: 0 | R12: 0 | S12: 0 | T12: 0 | U12: 0 | V12: 0
C13: 4 | D13: LIXADEIRA, DE CINTA, A lixadeira deve vir completa, com todos os acessórios, com três jogos de lixas, para o seu funcionamento. Deve possuir duas funções, lixadeira de disco e lixadeira de fita e ser apoiada no chão. A lixadeira de disco deve ter inclinação da mesa de 45º, com dimensão mínima de 250mm. A lixadeira de fita deve ter dimensão de lixa aproximada de 1480 X 150 mm e posição de trabalho de 0&#730; e 90&#730;. A potência mínima deve ser de 1CV e a tensão de 220V. | E13: 449052.38 | F13: Peça | G13: 2986.17 | I13: =H13-(SUM(K13:V13)) -> 0 | J13: =IF(I13<0,"ATENÇÃO","OK") -> OK | K13: 0 | L13: 0 | M13: 0 | N13: 0 | O13: 0 | P13: 0 | Q13: 0 | R13: 0 | S13: 0 | T13: 0 | U13: 0 | V13: 0
C14: 5 | D14: LIXADEIRA, ORBITAL, ELETRICA, Lixadeira orbital elétrica industrial ou profissional, 220v, potencia de aprox. 170w, de 13000 a 14000 oscilações por minuto, para lixa de 114x140mm, 1/3 de lixa. | E14: 449052.38 | F14: Peça | G14: 274.33 | I14: =H14-(SUM(K14:V14)) -> 0 | J14: =IF(I14<0,"ATENÇÃO","OK") -> OK | K14: 0 | L14: 0 | M14: 0 | N14: 0 | O14: 0 | P14: 0 | Q14: 0 | R14: 0 | S14: 0 | T14: 0 | U14: 0 | V14: 0
A15: Kafer Comércio Ltda | B15: 3 | C15: 1 | D15: APARELHO PARA SOLDA, ELETRICA, Aparelho de solda Monofásico. Alimentação 220V -50/ 60 Hz – Plug universal, Ciclo de tarefa: 10%, Corrente máxima: 160 A, Capacidade de entrada: 8 Kva, Intervalo de ajuste da corrente: 55 - 160 A, Diâmetro do eletrodo compatível: 2 - 3.2 mm. Incluso Cabos: Alicate, Alicate terra. | E15: 449052.38 | F15: Peça | G15: 316 | I15: =H15-(SUM(K15:V15)) -> 0 | J15: =IF(I15<0,"ATENÇÃO","OK") -> OK | K15: 0 | L15: 0 | M15: 0 | N15: 0 | O15: 0 | P15: 0 | Q15: 0 | R15: 0 | S15: 0 | T15: 0 | U15: 0 | V15: 0
C16: 2 | D16: COLETOR DE PO, COM CHAVE ELETRICA, Coletor de pó com Chave elétrica com botão de segurança, rodas e alças para movimentação, com saco de poliester de 80 litros lavável. Tensão de 220V ou bivolt. | E16: 449052.38 | F16: Peça | G16: 788.8 | I16: =H16-(SUM(K16:V16)) -> 0 | J16: =IF(I16<0,"ATENÇÃO","OK") -> OK | K16: 0 | L16: 0 | M16: 0 | N16: 0 | O16: 0 | P16: 0 | Q16: 0 | R16: 0 | S16: 0 | T16: 0 | U16: 0 | V16: 0
C17: 3 | D17: MORSA, DE BANCADA PARA FIXACAO DE PECAS NOE 8, Morsa de bancada para fixação de peças Nº 8 | E17: 449052.38 | F17: Peça | G17: 249.44 | I17: =H17-(SUM(K17:V17)) -> 0 | J17: =IF(I17<0,"ATENÇÃO","OK") -> OK | K17: 0 | L17: 0 | M17: 0 | N17: 0 | O17: 0 | P17: 0 | Q17: 0 | R17: 0 | S17: 0 | T17: 0 | U17: 0 | V17: 0
C18: 4 | D18: MORSA, MINI MORSA COM EIXO GIRATORIO, Mini morsa com eixo giratório 360&#730; que prenda superfícies de até 5cm de largura. Deve ter capa de borracha protetora nas suas “garras”. | E18: 449052.38 | F18: Peça | G18: 136.07 | I18: =H18-(SUM(K18:V18)) -> 0 | J18: =IF(I18<0,"ATENÇÃO","OK") -> OK | K18: 0 | L18: 0 | M18: 0 | N18: 0 | O18: 0 | P18: 0 | Q18: 0 | R18: 0 | S18: 0 | T18: 0 | U18: 0 | V18: 0
C19: 5 | D19: PISTOLA PARA PINTURA, DE ALTA PRESSAO, Pistola de pintura por gravidade, com bico de 1,4 mm de diâmetro, caneca em alumínio com capacidade de 600ml, para aplicação de tintas automotivas. Marca / modelo de referência: OMX-610 MARCA DEVILBISS. | E19: 449052.38 | F19: Peça | G19: 763.36 | I19: =H19-(SUM(K19:V19)) -> 0 | J19: =IF(I19<0,"ATENÇÃO","OK") -> OK | K19: 0 | L19: 0 | M19: 0 | N19: 0 | O19: 0 | P19: 0 | Q19: 0 | R19: 0 | S19: 0 | T19: 0 | U19: 0 | V19: 0
C20: 6 | D20: PLAINA DE BANCADA, DE MESA, ELETRICA, TAMANHO MEDIO, Plaina Elétrica profissional, potencia minima 620 W, largura de corte 82mm (3' ¼"), profundidade de corte 2,5X158X158mm, peso 2,6Kg, voltagem 220 V. Acompanha conjunto de calibrador da face, guia reta, faca de plaina e chave soquete. | E20: 449052.38 | F20: Peça | G20: 426.23 | H20: 1 | I20: =H20-(SUM(K20:V20)) -> 1 | J20: =IF(I20<0,"ATENÇÃO","OK") -> OK | K20: 0 | L20: 0 | M20: 0 | N20: 0 | O20: 0 | P20: 0 | Q20: 0 | R20: 0 | S20: 0 | T20: 0 | U20: 0 | V20: 0
C21: 7 | D21: PLAINA DE BANCADA, DESEMPENADEIRA, Equipamento para desempenar e desbastar, fazendo ajustes nos cortes de madeiras, compensados e MDF. Com 04 facas, eixo em diagonal, uso industrial. Descrição do produto: Motor: 1CV - 2 POLOS; Comprimento da mesa: 1.200mm; Largura da mesa: 160mm; Diâmetro do eixo: 61mm; Número de Facas: 4 un; Dimensões das Facas: 158 x 18 x 3mm; Peso: Aproximadamente 116Kg. | E21: 449052.38 | F21: Peça | G21: 4266.66 | H21: 1 | I21: =H21-(SUM(K21:V21)) -> 1 | J21: =IF(I21<0,"ATENÇÃO","OK") -> OK | K21: 0 | L21: 0 | M21: 0 | N21: 0 | O21: 0 | P21: 0 | Q21: 0 | R21: 0 | S21: 0 | T21: 0 | U21: 0 | V21: 0
A22: Kafer Comércio Ltda | B22: 5 | C22: 1 | D22: FURADEIRA, ELETRICA DE IMPACTO, Furadeira de impacto com potência mínima de 600W, com mandril de 1/2”ou 13mm, com número de rotações de 0-3000rpm. Tensão de 220V ou bivolt. Deve vir com maleta compatível. | E22: 449052.34 | F22: Peça | G22: 295.15 | I22: =H22-(SUM(K22:V22)) -> 0 | J22: =IF(I22<0,"ATENÇÃO","OK") -> OK | K22: 0 | L22: 0 | M22: 0 | N22: 0 | O22: 0 | P22: 0 | Q22: 0 | R22: 0 | S22: 0 | T22: 0 | U22: 0 | V22: 0
C23: 2 | D23: FURADEIRA, ELETRICA DE IMPACTO, Furadeira de impacto profissional ½”, com potência mínima de 800 W, 3000 RPM, 220 V, para trabalhos pesados de perfuração em concreto, aço e madeira. Deve possuir comutador mecânico de duas velocidades, carcaça de engrenagem metálica, embreagem de segurança. Carcaça e punho emborrachado. Deverá vir acompanhada de maleta com os seguintes itens: 1 chave de catraca, 1 porta bits, 1 escariador, 2 guias para pontas, 13 Bbrocas para metal / madeira / plástico (1/16, 5/64, 3/32, 7/64, 1/8, 9/64, 5/32, 11/64, 3/16, 13/64, 7/32, 15/64, 1/4 polegadas), 12 brocas para madeira (1/8, 9/64, 5/32, 11/16, 3/16, 13/64, 7/32, 15/64, 1/4, 9/32, 19/64,5/16 polegadas), 5 brocas para concreto: 1/8, 3/16, 1/4, 5/16, 3/8 polegadas. | E23: 449052.34 | F23: Peça | G23: 477.5 | H23: 1 | I23: =H23-(SUM(K23:V23)) -> 1 | J23: =IF(I23<0,"ATENÇÃO","OK") -> OK | K23: 0 | L23: 0 | M23: 0 | N23: 0 | O23: 0 | P23: 0 | Q23: 0 | R23: 0 | S23: 0 | T23: 0 | U23: 0 | V23: 0
C24: 3 | D24: FURADEIRA, MANUAL 700W DE POTENCIA, COM MANDRIL DE 1/2 POLEGADA, Furadeira Manual 700w de potência, 220V, com mandril de ½ polegada e velocidade regulável no gatilho | E24: 449052.38 | G24: 254.3 | I24: =H24-(SUM(K24:V24)) -> 0 | J24: =IF(I24<0,"ATENÇÃO","OK") -> OK | K24: 0 | L24: 0 | M24: 0 | N24: 0 | O24: 0 | P24: 0 | Q24: 0 | R24: 0 | S24: 0 | T24: 0 | U24: 0 | V24: 0
C25: 4 | D25: FURADEIRA, PARAFUSADEIRA, Parafusadeira industrial 220V., 685W 500rpm similar (DW268) com kit de chave regulador de torque com lanterna. | E25: 449052.38 | F25: Peça | G25: 591.66 | I25: =H25-(SUM(K25:V25)) -> 0 | J25: =IF(I25<0,"ATENÇÃO","OK") -> OK | K25: 0 | L25: 0 | M25: 0 | N25: 0 | O25: 0 | P25: 0 | Q25: 0 | R25: 0 | S25: 0 | T25: 0 | U25: 0 | V25: 0
C26: 5 | D26: FURADEIRA, PARAFUSADEIRA, Parafusadeira-Furadeira sem Fio, rotação variavel, reversivel, bateria de 12v, Bivolt ou 200V, acompanha carregador e suporte para bateria, com maleta, acompanha: 2 Bits Phillips de 25 mm: PH1 e PH2, 2 Bits. Pozidriv de 25 mm: PZ1 e PZ2, 2 Bits de fenda: 5 e 6 mm, 6 Brocas para metal. | E26: 449052.38 | F26: Peça | G26: 242.93 | I26: =H26-(SUM(K26:V26)) -> 0 | J26: =IF(I26<0,"ATENÇÃO","OK") -> OK | K26: 0 | L26: 0 | M26: 0 | N26: 0 | O26: 0 | P26: 0 | Q26: 0 | R26: 0 | S26: 0 | T26: 0 | U26: 0 | V26: 0
C27: 6 | D27: FURADEIRA, SEM IMPACTO, POTENCIA 600W, 220V, 1/2", 1000-2500 RPM Industrial. Motor de 600 wattsç Comutador de velocidade mecânico; Botão de trava para trabalhos contínuos; Tipo: Industria; RPM: 1000-2500RPM; Velocidade: 2 VVR; Encaixe: 1/2" | E27: 449052.34 | F27: Peça | G27: 473.53 | I27: =H27-(SUM(K27:V27)) -> 0 | J27: =IF(I27<0,"ATENÇÃO","OK") -> OK | K27: 0 | L27: 0 | M27: 0 | N27: 0 | O27: 0 | P27: 0 | Q27: 0 | R27: 0 | S27: 0 | T27: 0 | U27: 0 | V27: 0
C28: 7 | D28: FURADEIRA, TIPO PARAFUSADEIRA MOVIDA A BATERIA, Furadeira/Parafusadeira Profissional à Bateria. Mandril: 3/8"; Rotação: 400/1200RPM; Voltagem: 220V; Baterias: 12 / 14 V | E28: 449052.34 | F28: Peça | G28: 381.27 | I28: =H28-(SUM(K28:V28)) -> 0 | J28: =IF(I28<0,"ATENÇÃO","OK") -> OK | K28: 0 | L28: 0 | M28: 0 | N28: 0 | O28: 0 | P28: 0 | Q28: 0 | R28: 0 | S28: 0 | T28: 0 | U28: 0 | V28: 0
C29: 8 | D29: FURADEIRA, TIPO PARAFUSADEIRA,INDUSTRIAL ELETRONICA 650 W, Furadeira de no mínimo 650 Watts de potência;Mandril de 1/2" (13mm);Empunhadura lateral multi-posição.Alimentação 220V - 5060Hz.Incluso maleta e chave de mandril. | E29: 449052.38 | F29: Peça | G29: 353 | I29: =H29-(SUM(K29:V29)) -> 0 | J29: =IF(I29<0,"ATENÇÃO","OK") -> OK | K29: 0 | L29: 0 | M29: 0 | N29: 0 | O29: 0 | P29: 0 | Q29: 0 | R29: 0 | S29: 0 | T29: 0 | U29: 0 | V29: 0
C30: 9 | D30: FURADEIRA DE BANCADA, DE BANCADA, Descrição do produto: Potência: 350 W; Velocidade: 570-3050; Níveis de velocidade: 5 níveis de ajuste de velocidade variável; capacidade: 1,5 mm, 6 mm, 13 mm (1/16", 1/4", 1/2"); Motor de 350 W; Base de Ferro Fundido; ajuste de profundidade | E30: 449052.38 | F30: Peça | G30: 509.66 | H30: 2 | I30: =H30-(SUM(K30:V30)) -> 2 | J30: =IF(I30<0,"ATENÇÃO","OK") -> OK | K30: 0 | L30: 0 | M30: 0 | N30: 0 | O30: 0 | P30: 0 | Q30: 0 | R30: 0 | S30: 0 | T30: 0 | U30: 0 | V30: 0
C31: 10 | D31: FURADEIRA INDUSTRIAL, FURADEIRA MARTELETE ROMPEDOR, Furadeira / Martelete Rompedor SDS. Potencia mínima 800w, Encaixe tipo SDS,Velocidade variável, Função perfuração com e sem impacto. Alimentação 220V. Ref Bosch Gbh 2-24d. | E31: 449052.38 | F31: Peça | G31: 666 | I31: =H31-(SUM(K31:V31)) -> 0 | J31: =IF(I31<0,"ATENÇÃO","OK") -> OK | K31: 0 | L31: 0 | M31: 0 | N31: 0 | O31: 0 | P31: 0 | Q31: 0 | R31: 0 | S31: 0 | T31: 0 | U31: 0 | V31: 0
C32: 11 | D32: PARAFUSADEIRA ELETRICA EMPUNHAVEL, A BATERIA, Parafusadeira a bateria 12Volts, bateria íon de lítio.Mandril sem chave 3/8”, Luz LED, Clip para pendurar, 2baterias Ion de Líthium, Encaixe 3/8" (10mm), 2niveis de velocidades, de 0 a 400/ 0 a 1.500RPM, torque 25 NewTons. Marca de Referência: Dewalt. Conjunto com carregador (110/220v) e maleta. | E32: 449052.38 | F32: Peça | G32: 460.5 | I32: =H32-(SUM(K32:V32)) -> 0 | J32: =IF(I32<0,"ATENÇÃO","OK") -> OK | K32: 0 | L32: 0 | M32: 0 | N32: 0 | O32: 0 | P32: 0 | Q32: 0 | R32: 0 | S32: 0 | T32: 0 | U32: 0 | V32: 0
C33: 12 | D33: PARAFUSADEIRA ELETRICA EMPUNHAVEL, COMPATIVEL A REDE 220 VOLTS, Parafusadeira com o mínimo de 14V, com bateria em ións de lítio, com configurações de, no mínimo, 25 opções de torque e uma para furação. Tensão de 220V ou bivolt. Deve vir com maleta compatível. | E33: 449052.38 | F33: Peça | G33: 380.04 | I33: =H33-(SUM(K33:V33)) -> 0 | J33: =IF(I33<0,"ATENÇÃO","OK") -> OK | K33: 0 | L33: 0 | M33: 0 | N33: 0 | O33: 0 | P33: 0 | Q33: 0 | R33: 0 | S33: 0 | T33: 0 | U33: 0 | V33: 0
A34: Cristiani Louri Rodrigues & Cia. Ltda - ME | B34: 6 | C34: 1 | D34: PLAINA ELETRICA, PLAINA 550 W, 220 V, Plaina Elétrica 3 1/4"(82mm) 550 Watts; Gatilho com trava de segurança, utilização de Lâminas de aço rápido, manopla com ajustes de profundidade; sapata usinada com chanfros de borda, Potência: 550 Watts, Rotação: 17.000 Rpm, Capicade de corte: 1mm , Peso: 2,6 Kg, Largura da Lâmina: 82mm, Capacidade de rebaixo: 9mm, com Guia paralela e Chave para troca da Lâmina. Marca de referência: Modelo D26676 - Dewalt | E34: 449052.34 | F34: Peça | G34: 297 | I34: =H34-(SUM(K34:V34)) -> 0 | J34: =IF(I34<0,"ATENÇÃO","OK") -> OK | K34: 0 | L34: 0 | M34: 0 | N34: 0 | O34: 0 | P34: 0 | Q34: 0 | R34: 0 | S34: 0 | T34: 0 | U34: 0 | V34: 0
C35: 2 | D35: SERRA MANUAL, MEIA ESQUADRIA, Conjunto serra tipo "meia esquadria" Manual, Sistema com mesa ajustável, Indicador de grau, Escala na base, Lamina para cortar madeira e plástico, Apoio de madeira, Comprimento da lâmina de 550 mm. Material: Aço. | E35: 449052.38 | F35: Peça | G35: 338 | I35: =H35-(SUM(K35:V35)) -> 0 | J35: =IF(I35<0,"ATENÇÃO","OK") -> OK | K35: 0 | L35: 0 | M35: 0 | N35: 0 | O35: 0 | P35: 0 | Q35: 0 | R35: 0 | S35: 0 | T35: 0 | U35: 0 | V35: 0
C36: 3 | D36: SERRA MANUAL, MEIA ESQUADRIA, Serra meio-esquadria profissional – potência mínima 1500 W – serra de 10 polegadas. Com garantia e assistência técncia em Santa Catarina | E36: 449052.38 | F36: Peça | G36: 945 | I36: =H36-(SUM(K36:V36)) -> 0 | J36: =IF(I36<0,"ATENÇÃO","OK") -> OK | K36: 0 | L36: 0 | M36: 0 | N36: 0 | O36: 0 | P36: 0 | Q36: 0 | R36: 0 | S36: 0 | T36: 0 | U36: 0 | V36: 0
C37: 4 | D37: SERRA MANUAL, TICO-TICO,MANUAL, serra tico-tico 1600RPM, 220v | E37: 449052.38 | G37: 218 | H37: 2 | I37: =H37-(SUM(K37:V37)) -> 2 | J37: =IF(I37<0,"ATENÇÃO","OK") -> OK | K37: 0 | L37: 0 | M37: 0 | N37: 0 | O37: 0 | P37: 0 | Q37: 0 | R37: 0 | S37: 0 | T37: 0 | U37: 0 | V37: 0
C38: 5 | D38: SERRA MANUAL, TICO-TICO,MANUAL, Serra tico-tico de bancada com para lâminas com dimensões de 5”; Tensão de 220V ou bivolt. | E38: 449052.38 | F38: Peça | G38: 490 | I38: =H38-(SUM(K38:V38)) -> 0 | J38: =IF(I38<0,"ATENÇÃO","OK") -> OK | K38: 0 | L38: 0 | M38: 0 | N38: 0 | O38: 0 | P38: 0 | Q38: 0 | R38: 0 | S38: 0 | T38: 0 | U38: 0 | V38: 0
C39: 6 | D39: SERRA MANUAL, TICO-TICO,MANUAL, Serra tico-tico elétrica, aplicação industrial, 220V, 650W de potência mínima, de 500 a 3100 golpes por minuto, capacidade corte madeira de 90mm e aço 8,0mm, peso aproximado de até 3kg. Com 15 lâminas com 75mm de comprimento para madeira com prego e alumínio até 13mm de espessura e 15 laminas com 75mm comprimento para corte limpo em madeira com até 50mm espessura. | E39: 449052.38 | F39: Peça | G39: 470 | I39: =H39-(SUM(K39:V39)) -> 0 | J39: =IF(I39<0,"ATENÇÃO","OK") -> OK | K39: 0 | L39: 0 | M39: 0 | N39: 0 | O39: 0 | P39: 0 | Q39: 0 | R39: 0 | S39: 0 | T39: 0 | U39: 0 | V39: 0
C40: 7 | D40: SOPRADOR TERMICO, POTENCIA 1800W, Soprador Térmico 220V Temp.1: 50º; 2:300º/400º; 3:400º/570º 1800W. Características: Três níveis de temperatura; Controle constante de temperatura; Base plana para uso estável; Entradas de ar lateral com tela de proteção; Acompanha kit de acessórios e maleta plástica. Especificações técnicas: Potência: 1800 watts; Tensão: 220V; Temperatura: de 50ºC a 570°C | E40: 449052.38 | F40: Peça | G40: 151.2 | H40: 5 | I40: =H40-(SUM(K40:V40)) -> 5 | J40: =IF(I40<0,"ATENÇÃO","OK") -> OK | K40: 0 | L40: 0 | M40: 0 | N40: 0 | O40: 0 | P40: 0 | Q40: 0 | R40: 0 | S40: 0 | T40: 0 | U40: 0 | V40: 0
C41: 8 | D41: ROCADEIRA, LATERAL, Roçadeira Elétrica. Tipo de corte: Lateral. Funcionamento a base elétrica, tensão da rede de 220V, potência mínima de 1000W. Deve possuir guidão para empunhadura, cinto/alça ajustável com regulagem, trava na tomada. O Material da lâmina deve ser confeccionado em aço cromo vanádio temperado. Carcaça para proteção e sustentação do motor confeccionada em polipropileno para evitar corrosão. Deve possuir carretel com duplo fio de nylon que é intercambiável com a lâmina (as duas podem ser usadas alternadamente com o mesmo propósito). Sistema de fixa-cabo que impede que o cabo elétrico se desconecte acidentalmente. Empunhadura de duplo acionamento, para garantir maior segurança ao operador. O motor deve possuir sistema de proteção térmica que desliga automaticamente em caso de superaquecimento. Eixo de transmissão (motor/cardã) do tipo rígido, almejando maior resistência e durabilidade. Braços reguláveis: permitem ajustar a melhor posição/altura para o usuário e, também, dobrá-los sem desmontar, facilitando o transporte. Medidas e peso: Altura 45,00 Centimetros, Largura 71,00 Centimetros, Profundidade 1,86 Metros. Peso aproximado 6 Quilos. São permitidas variações nas medidas em até 10%. Referência: Semelhante ao Modelo Tramontina RE1000. | E41: 449052.38 | F41: Peça | G41: 1160 | I41: =H41-(SUM(K41:V41)) -> 0 | J41: =IF(I41<0,"ATENÇÃO","OK") -> OK | K41: 0 | L41: 0 | M41: 0 | N41: 0 | O41: 0 | P41: 0 | Q41: 0 | R41: 0 | S41: 0 | T41: 0 | U41: 0 | V41: 0
A42: Cristiani Louri Rodrigues & Cia. Ltda - ME | B42: 7 | C42: 1 | D42: ELETRODO, PARA A«O CARBONO, Eletrodos para aço carbono; Bitola 2,5mm; classificação 6013. Caixa com 5KG. | E42: 339030.24 | F42: Peça | G42: 18.75 | I42: =H42-(SUM(K42:V42)) -> 0 | J42: =IF(I42<0,"ATENÇÃO","OK") -> OK | K42: 0 | L42: 0 | M42: 0 | N42: 0 | O42: 0 | P42: 0 | Q42: 0 | R42: 0 | S42: 0 | T42: 0 | U42: 0 | V42: 0
C43: 2 | D43: ELETRODO, PARA SOLDA ELETRICA, Eletrodo revestido para solda 308 L – eletrodo revestido, norma AWS A5.1, classificação 308 L, para aços inox, com baixo teor de aço carbono, resistente a corrosão intergranular, indicadora para aços inoxidáveis do tipo AISI 304L ou fundidos do tipo CF-3. Com 2,5 mm de diâmetro ideal para uso em transformadores ou retificadores. | E43: 339030.42 | F43: Kg | G43: 61 | H43: 10 | I43: =H43-(SUM(K43:V43)) -> 10 | J43: =IF(I43<0,"ATENÇÃO","OK") -> OK | K43: 0 | L43: 0 | M43: 0 | N43: 0 | O43: 0 | P43: 0 | Q43: 0 | R43: 0 | S43: 0 | T43: 0 | U43: 0 | V43: 0
C44: 3 | D44: ELETRODO, PARA SOLDA ELETRICA, Eletrodo revestido para solda 6013 – eletrodo revestido, norma AWS A5.1, classificação 6013, para aços carbonos comum para uso geral, todos os tipos de juntas e posições, estruturas gerais, bom desempenho em chapas galvanizadas. Com 2,5 mm de diâmetro, ideal para uso em transformadores ou retificadores. | E44: 339030.42 | F44: Kg | G44: 12.07 | H44: 10 | I44: =H44-(SUM(K44:V44)) -> 10 | J44: =IF(I44<0,"ATENÇÃO","OK") -> OK | K44: 0 | L44: 0 | M44: 0 | N44: 0 | O44: 0 | P44: 0 | Q44: 0 | R44: 0 | S44: 0 | T44: 0 | U44: 0 | V44: 0
C45: 4 | D45: ELETRODO, PARA SOLDA ELETRICA, Eletrodo revestido para solda 6013 – eletrodo revestido, norma AWS A5.1, classificação 6013, para aços carbonos comum para uso geral, todos os tipos de juntas e posições, estruturas gerais, bom desempenho em chapas galvanizadas. Com 3,25 mm de diâmetro ideal para uso em transformadores ou retificadores. | E45: 339030.42 | F45: Kg | G45: 13.29 | H45: 10 | I45: =H45-(SUM(K45:V45)) -> 10 | J45: =IF(I45<0,"ATENÇÃO","OK") -> OK | K45: 0 | L45: 0 | M45: 0 | N45: 0 | O45: 0 | P45: 0 | Q45: 0 | R45: 0 | S45: 0 | T45: 0 | U45: 0 | V45: 0
C46: 5 | D46: ELETRODO, TAMANHO 46 X 2.5, | E46: 339030.42 | F46: Kg | G46: 21.01 | H46: 6 | I46: =H46-(SUM(K46:V46)) -> 6 | J46: =IF(I46<0,"ATENÇÃO","OK") -> OK | K46: 0 | L46: 0 | M46: 0 | N46: 0 | O46: 0 | P46: 0 | Q46: 0 | R46: 0 | S46: 0 | T46: 0 | U46: 0 | V46: 0
C47: 6 | D47: KIT DE ACESSORIOS, PARA RETIFICADEIRA COM 110 PECAS, Kit completo com estojo contendo 110 acessórios profissionais variados. Que Realize inúmeras funções, tais como: cortar, gravar, esmerilhar, limpar/polir, lixar etc. Peso bruto aproximado: 410 gramas. Dimensões aproximadas da Maleta: 19cm x 23cm x 3,5 cm. Deve conter os seguintes itens: 01 Escariador (FRESAS DE ALTA VELOCIDADE Ø 3,2mm), 01 Ponta de carbureto de cilício (PONTA MONTADA DE CARBURETO DE SILÍCIO Ø 7,1mm), 01 Ponta cônica (PONTA MONTADA DE CARBURETO DE SILÍCIO Ø 4,8mm) - 01 Ponta cônica (PONTA MONTADA DE ÓXIDO DE ALUMÍNIO Ø 9,5mm), 01 Ponta de óxido de aluminio (PONTA MONTADA DE ÓXIDO DE ALUMÍNIO Ø6,4mm), 12 Discos de corte ( Ø23,8mm x 0,6mm), 12 Discos de corte (Ø23,8 x 1mm), 01 Discos de corte (REFORÇADOS COM FIBRA DE VIDRO Ø 31,8 x 1,15mm), 01 Disco de corte – (Ø31,8mm x 1,58mm), 01 Escova de cerda (Ø3,2mm), 01 Escova de aço de carbono ( Ø 19,1mm) - 04 Discos de feltro (Ø12,7mm), 01 Pasta de polimento (para acessórios de feltro ou de tecido para polir metais e plásticos), 01 Feltro ( Ø 9,5mm), 04 Feltros de polimento (Ø 25,4mm), 01 Tubo de lixa com suporte (Ø12,7mm), 06 Tubos de lixa ( grana 60), 12 Discos de lixa ( grana grossa 180), 12 Discos de lixa ( grana média 220), 12 Discos de lixa ( grana fina 240), 01 Tubo de lixa (Ø6,4mm), 06 Tubos de lixa ( Ø 6,4mm, grana grossa 60), 06 Tubos de Lixa (Ø 12,7mm, grana grossa 120), 06 Tubos de lixa (Ø6,4mm, grana grossa 120), 01 Disco abrasivo, 02 Hastes adaptadoras, 01 Haste adaptadora, 01 Pedra lixadora. | E47: 339030.42 | F47: Peça | G47: 124.58 | H47: 5 | I47: =H47-(SUM(K47:V47)) -> 5 | J47: =IF(I47<0,"ATENÇÃO","OK") -> OK | K47: 0 | L47: 0 | M47: 0 | N47: 0 | O47: 0 | P47: 0 | Q47: 0 | R47: 0 | S47: 0 | T47: 0 | U47: 0 | V47: 0
C48: 7 | D48: BROCA DE ACO RAPIDO, HELICOIDAL, DIAMETRO DE 14MM, | E48: 339030.42 | F48: Peça | G48: 42.4 | H48: 6 | I48: =H48-(SUM(K48:V48)) -> 6 | J48: =IF(I48<0,"ATENÇÃO","OK") -> OK | K48: 0 | L48: 0 | M48: 0 | N48: 0 | O48: 0 | P48: 0 | Q48: 0 | R48: 0 | S48: 0 | T48: 0 | U48: 0 | V48: 0
C49: 8 | D49: BROCA DE ACO RAPIDO, HELICOIDAL, DIAMETRO DE 15.5MM, | E49: 339030.42 | F49: Peça | G49: 97.67 | H49: 3 | I49: =H49-(SUM(K49:V49)) -> 3 | J49: =IF(I49<0,"ATENÇÃO","OK") -> OK | K49: 0 | L49: 0 | M49: 0 | N49: 0 | O49: 0 | P49: 0 | Q49: 0 | R49: 0 | S49: 0 | T49: 0 | U49: 0 | V49: 0
C50: 9 | D50: BROCA DE ACO RAPIDO, HELICOIDAL, DIAMETRO DE 18MM, | E50: 339030.42 | F50: Peça | G50: 118.59 | H50: 2 | I50: =H50-(SUM(K50:V50)) -> 2 | J50: =IF(I50<0,"ATENÇÃO","OK") -> OK | K50: 0 | L50: 0 | M50: 0 | N50: 0 | O50: 0 | P50: 0 | Q50: 0 | R50: 0 | S50: 0 | T50: 0 | U50: 0 | V50: 0
C51: 10 | D51: BROCA DE ACO RAPIDO, HELICOIDAL, DIAMETRO DE 23MM, | E51: 339030.42 | F51: Peça | G51: 156.18 | H51: 2 | I51: =H51-(SUM(K51:V51)) -> 2 | J51: =IF(I51<0,"ATENÇÃO","OK") -> OK | K51: 0 | L51: 0 | M51: 0 | N51: 0 | O51: 0 | P51: 0 | Q51: 0 | R51: 0 | S51: 0 | T51: 0 | U51: 0 | V51: 0
C52: 11 | D52: BROCA DE ACO RAPIDO, HELICOIDAL, DIAMETRO DE 25MM, | E52: 339030.42 | F52: Peça | G52: 182.76 | H52: 2 | I52: =H52-(SUM(K52:V52)) -> 2 | J52: =IF(I52<0,"ATENÇÃO","OK") -> OK | K52: 0 | L52: 0 | M52: 0 | N52: 0 | O52: 0 | P52: 0 | Q52: 0 | R52: 0 | S52: 0 | T52: 0 | U52: 0 | V52: 0
C53: 12 | D53: BROCA DE ACO RAPIDO, MEDINDO 10,00 MM, Para metal. | E53: 339030.42 | F53: Peça | G53: 19.66 | I53: =H53-(SUM(K53:V53)) -> 0 | J53: =IF(I53<0,"ATENÇÃO","OK") -> OK | K53: 0 | L53: 0 | M53: 0 | N53: 0 | O53: 0 | P53: 0 | Q53: 0 | R53: 0 | S53: 0 | T53: 0 | U53: 0 | V53: 0
C54: 13 | D54: BROCA DE ACO RAPIDO, MEDINDO 2,00MM, Broca de Aço Rápido Din 340 Ø 2,0 mm | E54: 339030.24 | F54: Peça | G54: 2.6 | I54: =H54-(SUM(K54:V54)) -> 0 | J54: =IF(I54<0,"ATENÇÃO","OK") -> OK | K54: 0 | L54: 0 | M54: 0 | N54: 0 | O54: 0 | P54: 0 | Q54: 0 | R54: 0 | S54: 0 | T54: 0 | U54: 0 | V54: 0
C55: 14 | D55: BROCA DE ACO RAPIDO, MEDINDO 3,0 MM, | E55: 339030.42 | F55: Peça | G55: 4.56 | H55: 20 | I55: =H55-(SUM(K55:V55)) -> 20 | J55: =IF(I55<0,"ATENÇÃO","OK") -> OK | K55: 0 | L55: 0 | M55: 0 | N55: 0 | O55: 0 | P55: 0 | Q55: 0 | R55: 0 | S55: 0 | T55: 0 | U55: 0 | V55: 0
C56: 15 | D56: BROCA DE ACO RAPIDO, MEDINDO 4,00 MM, BROCA DE CENTRO | E56: 339030.42 | F56: Peça | G56: 14.52 | I56: =H56-(SUM(K56:V56)) -> 0 | J56: =IF(I56<0,"ATENÇÃO","OK") -> OK | K56: 0 | L56: 0 | M56: 0 | N56: 0 | O56: 0 | P56: 0 | Q56: 0 | R56: 0 | S56: 0 | T56: 0 | U56: 0 | V56: 0
C57: 16 | D57: BROCA DE ACO RAPIDO, MEDINDO 5,00 MM, | E57: 339030.42 | F57: Peça | G57: 5.9 | I57: =H57-(SUM(K57:V57)) -> 0 | J57: =IF(I57<0,"ATENÇÃO","OK") -> OK | K57: 0 | L57: 0 | M57: 0 | N57: 0 | O57: 0 | P57: 0 | Q57: 0 | R57: 0 | S57: 0 | T57: 0 | U57: 0 | V57: 0
C58: 17 | D58: BROCA DE ACO RAPIDO, MEDINDO 6,00 MM, BROCA DE CENTRO. | E58: 339030.42 | F58: Peça | G58: 12.59 | I58: =H58-(SUM(K58:V58)) -> 0 | J58: =IF(I58<0,"ATENÇÃO","OK") -> OK | K58: 0 | L58: 0 | M58: 0 | N58: 0 | O58: 0 | P58: 0 | Q58: 0 | R58: 0 | S58: 0 | T58: 0 | U58: 0 | V58: 0
C59: 18 | D59: BROCA DE ACO RAPIDO, MEDINDO 8MM, | E59: 339030.42 | F59: Peça | G59: 12.71 | I59: =H59-(SUM(K59:V59)) -> 0 | J59: =IF(I59<0,"ATENÇÃO","OK") -> OK | K59: 0 | L59: 0 | M59: 0 | N59: 0 | O59: 0 | P59: 0 | Q59: 0 | R59: 0 | S59: 0 | T59: 0 | U59: 0 | V59: 0
C60: 19 | D60: BROCA DE VIDEA, MEDINDO 10,00 MM, | E60: 339030.42 | F60: Peça | G60: 9.27 | I60: =H60-(SUM(K60:V60)) -> 0 | J60: =IF(I60<0,"ATENÇÃO","OK") -> OK | K60: 0 | L60: 0 | M60: 0 | N60: 0 | O60: 0 | P60: 0 | Q60: 0 | R60: 0 | S60: 0 | T60: 0 | U60: 0 | V60: 0
C61: 20 | D61: BROCA DE VIDEA, MEDINDO 4,00MM, Broca de vídea para concreto Ø 4,0mm. | E61: 339030.24 | F61: Peça | G61: 5.25 | I61: =H61-(SUM(K61:V61)) -> 0 | J61: =IF(I61<0,"ATENÇÃO","OK") -> OK | K61: 0 | L61: 0 | M61: 0 | N61: 0 | O61: 0 | P61: 0 | Q61: 0 | R61: 0 | S61: 0 | T61: 0 | U61: 0 | V61: 0
C62: 21 | D62: BROCA DE VIDEA, MEDINDO 5,00 MM, Broca de vídea para concreto Ø 5,0mm. | E62: 339030.24 | F62: Peça | G62: 3.72 | I62: =H62-(SUM(K62:V62)) -> 0 | J62: =IF(I62<0,"ATENÇÃO","OK") -> OK | K62: 0 | L62: 0 | M62: 0 | N62: 0 | O62: 0 | P62: 0 | Q62: 0 | R62: 0 | S62: 0 | T62: 0 | U62: 0 | V62: 0
C63: 22 | D63: BROCA DE VIDEA, MEDINDO 6,00 MM, Broca de vídea para concreto Ø 6,0mm | E63: 339030.24 | F63: Peça | G63: 4.6 | I63: =H63-(SUM(K63:V63)) -> 0 | J63: =IF(I63<0,"ATENÇÃO","OK") -> OK | K63: 0 | L63: 0 | M63: 0 | N63: 0 | O63: 0 | P63: 0 | Q63: 0 | R63: 0 | S63: 0 | T63: 0 | U63: 0 | V63: 0
C64: 23 | D64: BROCA DE VIDEA, MEDINDO 7,00 MM, Broca de vídea para concreto Ø 7,0mm. | E64: 339030.24 | F64: Peça | G64: 8.4 | I64: =H64-(SUM(K64:V64)) -> 0 | J64: =IF(I64<0,"ATENÇÃO","OK") -> OK | K64: 0 | L64: 0 | M64: 0 | N64: 0 | O64: 0 | P64: 0 | Q64: 0 | R64: 0 | S64: 0 | T64: 0 | U64: 0 | V64: 0
C65: 24 | D65: BROCA DE VIDEA, MEDINDO 8,00 MM, Broca de vídea para concreto Ø 8,0mm. | E65: 339030.24 | F65: Peça | G65: 6.6 | I65: =H65-(SUM(K65:V65)) -> 0 | J65: =IF(I65<0,"ATENÇÃO","OK") -> OK | K65: 0 | L65: 0 | M65: 0 | N65: 0 | O65: 0 | P65: 0 | Q65: 0 | R65: 0 | S65: 0 | T65: 0 | U65: 0 | V65: 0
C66: 25 | D66: BROCA, COM 4,00MM, Conjunto de brocas para madeira contém 4 brocas com ponta de centragem para furar em madeira. O vários diâmetros incluídos são 3, 4, 5 e 6 mm. Com revestimento de titânio proporcionando elevada performance e uma vida útil mais longa. | E66: 339030.42 | F66: Peça | G66: 41.76 | I66: =H66-(SUM(K66:V66)) -> 0 | J66: =IF(I66<0,"ATENÇÃO","OK") -> OK | K66: 0 | L66: 0 | M66: 0 | N66: 0 | O66: 0 | P66: 0 | Q66: 0 | R66: 0 | S66: 0 | T66: 0 | U66: 0 | V66: 0
C67: 26 | D67: BROCA, SDS PLUS CURTA VIDIA 06MM, | E67: 339030.42 | F67: Peça | G67: 10.48 | I67: =H67-(SUM(K67:V67)) -> 0 | J67: =IF(I67<0,"ATENÇÃO","OK") -> OK | K67: 0 | L67: 0 | M67: 0 | N67: 0 | O67: 0 | P67: 0 | Q67: 0 | R67: 0 | S67: 0 | T67: 0 | U67: 0 | V67: 0
... C71: 30 | D71: COMPONENTES E ACESSORIOS DE FERRAMENTAS, DISCO DE BORRACHA PARA LIXADEIRA, Disco de borracha semi-flexível, 4.1/2", com porca, para lixadeira. | E71: 339030.42 | F71: Peça | G71: 6.82 | I71: =H71-(SUM(K71:V71)) -> 0 | J71: =IF(I71<0,"ATENÇÃO","OK") -> OK | K71: 0 | L71: 0 | M71: 0 | N71: 0 | O71: 0 | P71: 0 | Q71: 0 | R71: 0 | S71: 0 | T71: 0 | U71: 0 | V71: 0
C72: 31 | D72: DISCO DE CORTE, DE SERRA CIRCULAR, disco de serra circular 300mmx30mm, 36 dentes. | E72: 339030.24 | F72: Peça | G72: 94.14 | H72: 2 | I72: =H72-(SUM(K72:V72)) -> 2 | J72: =IF(I72<0,"ATENÇÃO","OK") -> OK | K72: 0 | L72: 0 | M72: 0 | N72: 0 | O72: 0 | P72: 0 | Q72: 0 | R72: 0 | S72: 0 | T72: 0 | U72: 0 | V72: 0
C73: 32 | D73: DISCO DE CORTE, DE SERRA CIRCULAR, Disco para corte e desbaste (policorte), Dimensões: 355x 3,2 x 25,4mm. Marca de referência: Norton. | E73: 339030.42 | F73: Peça | G73: 20.8 | I73: =H73-(SUM(K73:V73)) -> 0 | J73: =IF(I73<0,"ATENÇÃO","OK") -> OK | K73: 0 | L73: 0 | M73: 0 | N73: 0 | O73: 0 | P73: 0 | Q73: 0 | R73: 0 | S73: 0 | T73: 0 | U73: 0 | V73: 0
C74: 33 | D74: DISCO DE CORTE, DE SERRA CIRCULAR, Serra circular, 48 dentes de metal duro, vídea, diâmetro eixo 200mm, furo 30mm, aproximadamente 2,8mm de espessura. | E74: 339030.24 | F74: Peça | G74: 69.32 | I74: =H74-(SUM(K74:V74)) -> 0 | J74: =IF(I74<0,"ATENÇÃO","OK") -> OK | K74: 0 | L74: 0 | M74: 0 | N74: 0 | O74: 0 | P74: 0 | Q74: 0 | R74: 0 | S74: 0 | T74: 0 | U74: 0 | V74: 0
C75: 34 | D75: DISCO DE CORTE, DISCO DE DESBASTE PARA ESMERILHADEIRA, Disco de desbaste para esmerilhadeira. Ø 115mm | E75: 339030.24 | F75: Peça | G75: 5.71 | I75: =H75-(SUM(K75:V75)) -> 0 | J75: =IF(I75<0,"ATENÇÃO","OK") -> OK | K75: 0 | L75: 0 | M75: 0 | N75: 0 | O75: 0 | P75: 0 | Q75: 0 | R75: 0 | S75: 0 | T75: 0 | U75: 0 | V75: 0
C76: 35 | D76: DISCO DE CORTE, P/METALOGRAFIA 230X2X22MM, FAIXA DE DUREZA 35 A 50 HRC, | E76: 339030.42 | F76: Peça | G76: 9.73 | H76: 20 | I76: =H76-(SUM(K76:V76)) -> 20 | J76: =IF(I76<0,"ATENÇÃO","OK") -> OK | K76: 0 | L76: 0 | M76: 0 | N76: 0 | O76: 0 | P76: 0 | Q76: 0 | R76: 0 | S76: 0 | T76: 0 | U76: 0 | V76: 0
C77: 36 | D77: DISCO DE CORTE, P/METALOGRAFIA 250X1.5X32MM, FAIXA DE DUREZA 35 A 50 HRC, | E77: 339030.42 | F77: Peça | G77: 9.73 | H77: 20 | I77: =H77-(SUM(K77:V77)) -> 20 | J77: =IF(I77<0,"ATENÇÃO","OK") -> OK | K77: 0 | L77: 0 | M77: 0 | N77: 0 | O77: 0 | P77: 0 | Q77: 0 | R77: 0 | S77: 0 | T77: 0 | U77: 0 | V77: 0
C78: 37 | D78: DISCO DE CORTE, PARA ACO E INOX, 2 TELAS, Disco de Corte, 115,0x1,0x22,2mm. Aplicação para aço e inox, indicados para cortes de aços carbonos e aços inoxidáveis em manutenção, com 2 telas. | E78: 339030.42 | F78: Peça | G78: 4.12 | H78: 100 | I78: =H78-(SUM(K78:V78)) -> 100 | J78: =IF(I78<0,"ATENÇÃO","OK") -> OK | K78: 0 | L78: 0 | M78: 0 | N78: 0 | O78: 0 | P78: 0 | Q78: 0 | R78: 0 | S78: 0 | T78: 0 | U78: 0 | V78: 0
C79: 38 | D79: DISCO DE CORTE, PARA FERRO, Disco para corte de ferro, para esmerilhadeira Ø 115mm | E79: 339030.24 | F79: Peça | G79: 11.5 | I79: =H79-(SUM(K79:V79)) -> 0 | J79: =IF(I79<0,"ATENÇÃO","OK") -> OK | K79: 0 | L79: 0 | M79: 0 | N79: 0 | O79: 0 | P79: 0 | Q79: 0 | R79: 0 | S79: 0 | T79: 0 | U79: 0 | V79: 0
C80: 39 | D80: JOGO DE BROCAS, COM PONTAS EM VIDEA, Jogo com 8 brocas vídea, 1 estojo metálico, composto por brocas aço rápido com ponta de vídea 3,0mm, 4,0mm, 5,0mm, 6,0mm, 7,0mm, 8,0mm, 10,0mm, 12,0mm. | E80: 339030.42 | F80: Jogo | G80: 31.55 | H80: 1 | I80: =H80-(SUM(K80:V80)) -> 1 | J80: =IF(I80<0,"ATENÇÃO","OK") -> OK | K80: 0 | L80: 0 | M80: 0 | N80: 0 | O80: 0 | P80: 0 | Q80: 0 | R80: 0 | S80: 0 | T80: 0 | U80: 0 | V80: 0
C81: 40 | D81: JOGO DE BROCAS, COM PONTAS EM VIDEA, Jogo de brocas SDS PLUS com ponta de vídea para concreto, numeração 5,0mm, 6,0mm, 8,0mm, 10,0mm, 12,0mm. | E81: 339030.42 | F81: Jogo | G81: 66.2 | I81: =H81-(SUM(K81:V81)) -> 0 | J81: =IF(I81<0,"ATENÇÃO","OK") -> OK | K81: 0 | L81: 0 | M81: 0 | N81: 0 | O81: 0 | P81: 0 | Q81: 0 | R81: 0 | S81: 0 | T81: 0 | U81: 0 | V81: 0
C82: 41 | D82: JOGO DE BROCAS, DE ACO RAPIDO COM HASTE PARALELA, Jogo de brocas aço rápido haste paralela, embalagem: estojo plástico, jogo com 13 peças nos seguintes diâmetros: 2,0 - 2,5 - 3,0 - 3,5- 4,0 - 4,5 - 5,0 - 5,5 - 6,0 - 6,5 - 7,0 - 7,5 - 8,0. | E82: 339030.42 | F82: Peça | G82: 56.83 | I82: =H82-(SUM(K82:V82)) -> 0 | J82: =IF(I82<0,"ATENÇÃO","OK") -> OK | K82: 0 | L82: 0 | M82: 0 | N82: 0 | O82: 0 | P82: 0 | Q82: 0 | R82: 0 | S82: 0 | T82: 0 | U82: 0 | V82: 0
C83: 42 | D83: JOGO DE BROCAS, DE ACO RAPIDO, Contendo 25 brocas de Aço Rápido (HSS). Haste Paralela. Para furar Metal. Norma DIN 338, de Ø1mm até Ø13mm(não repetidas), com estojo para guardar. Indicação de medidas na broca e no estojo. | E83: 339030.42 | F83: Peça | G83: 302.48 | H83: 2 | I83: =H83-(SUM(K83:V83)) -> 2 | J83: =IF(I83<0,"ATENÇÃO","OK") -> OK | K83: 0 | L83: 0 | M83: 0 | N83: 0 | O83: 0 | P83: 0 | Q83: 0 | R83: 0 | S83: 0 | T83: 0 | U83: 0 | V83: 0
C84: 43 | D84: JOGO DE BROCAS, DE ACO RAPIDO, Jogo contendo 13 peças: Jogo de Brocas em Aço Rápido (HSS) de Ø1,5 à Ø6,5mm, 13 Peças (não repetidas), estojo para guardar, Haste Paralela, Uso Geral DIN338, com indicação de medida no estojo e na broca. | E84: 339030.42 | F84: Peça | G84: 43.64 | H84: 6 | I84: =H84-(SUM(K84:V84)) -> 6 | J84: =IF(I84<0,"ATENÇÃO","OK") -> OK | K84: 0 | L84: 0 | M84: 0 | N84: 0 | O84: 0 | P84: 0 | Q84: 0 | R84: 0 | S84: 0 | T84: 0 | U84: 0 | V84: 0
C85: 44 | D85: JOGO DE BROCAS, DE ACO RAPIDO, tipo helicoidal. Diâmetro de 1 a 13mm. Jogo com 25 peças | E85: 339030.42 | F85: Peça | G85: 302.32 | I85: =H85-(SUM(K85:V85)) -> 0 | J85: =IF(I85<0,"ATENÇÃO","OK") -> OK | K85: 0 | L85: 0 | M85: 0 | N85: 0 | O85: 0 | P85: 0 | Q85: 0 | R85: 0 | S85: 0 | T85: 0 | U85: 0 | V85: 0
C86: 45 | D86: JOGO DE BROCAS, PARA MADEIRA, COMPOSTO POR 4 BROCAS PARA MADEIRA, Jogo de brocas para madeira composto por 4 brocas com ponta de centragem para furar madeira. Diâmetros incluídos 3mm, 4mm, 5mm e 6mm. Com revestimento de titânio. | E86: 339030.42 | F86: Jogo | G86: 23.71 | I86: =H86-(SUM(K86:V86)) -> 0 | J86: =IF(I86<0,"ATENÇÃO","OK") -> OK | K86: 0 | L86: 0 | M86: 0 | N86: 0 | O86: 0 | P86: 0 | Q86: 0 | R86: 0 | S86: 0 | T86: 0 | U86: 0 | V86: 0
C87: 46 | D87: JOGO DE BROCAS, PROFISSIONAIS PARA METAL E CONCRETO, COM 5 BROCAS, Jogo de Brocas Profissionais para Metal e Concreto, acompanha Estojo com 5 Brocas para Metal HSS-R: - 1 Broca com Diâmetro de 3.0 mm e Comprimento 61 mm - 1 Broca com Diâmetro de 4.0 mm e Comprimento 75 mm - 1 Broca com Diâmetro de 5.0 mm e Comprimento 86 mm - 1 Broca com Diâmetro de 6.0 mm e Comprimento 93 mm - 1 Broca com Diâmetro de 8.0 mm e Comprimento 117 mm 4 Brocas para Concreto: - 1 Broca com Diâmetro de 4.0 mm e Comprimento 75 mm - 1 Broca com Diâmetro de 5.0 mm e Comprimento 85 mm - 1 Broca com Diâmetro de 6.0 mm e Comprimento 100 mm - 1 Broca com Diâmetro de 8.0 mm e Comprimento 120 mm | E87: 339030.42 | F87: Jogo | G87: 23.02 | I87: =H87-(SUM(K87:V87)) -> 0 | J87: =IF(I87<0,"ATENÇÃO","OK") -> OK | K87: 0 | L87: 0 | M87: 0 | N87: 0 | O87: 0 | P87: 0 | Q87: 0 | R87: 0 | S87: 0 | T87: 0 | U87: 0 | V87: 0
C88: 47 | D88: LAMINA DE SERRA, ACO RAPIDO, Lâmina para Serra-fita modelo Ferrari SFP-12, de 1/2” x 0,7 x 2240mm, com 4 dentes por polegada. | E88: 339030.42 | F88: Peça | G88: 117 | I88: =H88-(SUM(K88:V88)) -> 0 | J88: =IF(I88<0,"ATENÇÃO","OK") -> OK | K88: 0 | L88: 0 | M88: 0 | N88: 0 | O88: 0 | P88: 0 | Q88: 0 | R88: 0 | S88: 0 | T88: 0 | U88: 0 | V88: 0
C89: 48 | D89: LAMINA DE SERRA, ACO RAPIDO, Lâmina serra fita 1/2"X07X2240mm 4D polegada. | E89: 339030.42 | F89: Peça | G89: 74.48 | I89: =H89-(SUM(K89:V89)) -> 0 | J89: =IF(I89<0,"ATENÇÃO","OK") -> OK | K89: 0 | L89: 0 | M89: 0 | N89: 0 | O89: 0 | P89: 0 | Q89: 0 | R89: 0 | S89: 0 | T89: 0 | U89: 0 | V89: 0
C90: 49 | D90: LAMINA DE SERRA, ACO RAPIDO, Lâminas para serra tico-tico com pino de 5”, com 15 dentes por polegada. kit com 12 unidades. | E90: 339030.42 | F90: Peça | G90: 70 | I90: =H90-(SUM(K90:V90)) -> 0 | J90: =IF(I90<0,"ATENÇÃO","OK") -> OK | K90: 0 | L90: 0 | M90: 0 | N90: 0 | O90: 0 | P90: 0 | Q90: 0 | R90: 0 | S90: 0 | T90: 0 | U90: 0 | V90: 0
C91: 50 | D91: LAMINA PARA SERRA, SABRE A SER UTILIZADA NO CORTE DE MADEIRA, Compatível para serra tico-tico | E91: 339030.42 | F91: Peça | G91: 23.66 | H91: 34 | I91: =H91-(SUM(K91:V91)) -> 34 | J91: =IF(I91<0,"ATENÇÃO","OK") -> OK | K91: 0 | L91: 0 | M91: 0 | N91: 0 | O91: 0 | P91: 0 | Q91: 0 | R91: 0 | S91: 0 | T91: 0 | U91: 0 | V91: 0
C92: 51 | D92: REBOOLO, PEDRA DE ESMERIL, Rebolo/Pedra de Esmeril, Diâmetro 15 centímetros e altura 1,8cm. | E92: 339030.24 | F92: Peça | G92: 21.8 | I92: =H92-(SUM(K92:V92)) -> 0 | J92: =IF(I92<0,"ATENÇÃO","OK") -> OK | K92: 0 | L92: 0 | M92: 0 | N92: 0 | O92: 0 | P92: 0 | Q92: 0 | R92: 0 | S92: 0 | T92: 0 | U92: 0 | V92: 0
C93: 52 | D93: ESTANHO, PARA SOLDA AZUL 60X40 1MM EM ROLO 500G, Rolo de estanho para solda. Liga deverá ser de 60% Sn e 40% Pb. Diâmetro de 1mm. Carretel 0,5kg | E93: 339030.11 | F93: Peça | G93: 43.63 | H93: 1 | I93: =H93-(SUM(K93:V93)) -> 1 | J93: =IF(I93<0,"ATENÇÃO","OK") -> OK | K93: 0 | L93: 0 | M93: 0 | N93: 0 | O93: 0 | P93: 0 | Q93: 0 | R93: 0 | S93: 0 | T93: 0 | U93: 0 | V93: 0
A94: Cristiani Louri Rodrigues & Cia. Ltda - ME | B94: 9 | C94: 1 | D94: RODA DE BORRACHA, COMPLETA PARA CARRINHO DE PLATAFORMA, Conjunto Roda completa: Pneu 3,25cm X 8cm com Câmara de ar e Aro metálico, furo eixo com rolamento Ø1", para carrinho de quatro rodados. | E94: 339030.25 | F94: Peça | G94: 41 | I94: =H94-(SUM(K94:V94)) -> 0 | J94: =IF(I94<0,"ATENÇÃO","OK") -> OK | K94: 0 | L94: 0 | M94: 0 | N94: 0 | O94: 0 | P94: 0 | Q94: 0 | R94: 0 | S94: 0 | T94: 0 | U94: 0 | V94: 0
C95: 2 | D95: CAMARAS DE AR PARA VEICULOS LEVES, CAMARA DE AR P/PNEU DE CARRINHO DE TRANSPORTE 325/8, Câmara de ar para pneu de carrinho de mão no tamanho 3,25x8cm. | E95: 339030.25 | F95: Peça | G95: 12.11 | I95: =H95-(SUM(K95:V95)) -> 0 | J95: =IF(I95<0,"ATENÇÃO","OK") -> OK | K95: 0 | L95: 0 | M95: 0 | N95: 0 | O95: 0 | P95: 0 | Q95: 0 | R95: 0 | S95: 0 | T95: 0 | U95: 0 | V95: 0
C96: 3 | D96: PNEUS PARA VEICULOS LEVES, PNEU PARA CARRINHO DE MAO - ARO 3,25, Pneu com câmera para carrinho de mão | E96: 339030.99 | F96: Peça | G96: 36.68 | I96: =H96-(SUM(K96:V96)) -> 0 | J96: =IF(I96<0,"ATENÇÃO","OK") -> OK | K96: 0 | L96: 0 | M96: 0 | N96: 0 | O96: 0 | P96: 0 | Q96: 0 | R96: 0 | S96: 0 | T96: 0 | U96: 0 | V96: 0
C97: 4 | D97: MAQUINA DE LAVAR A JATO, USO GERAL, HIDROLAVADORA de Alta Pressão, potência mínima 1.700W Alimentação 220V. Equipada com rodas para transporte, lança de alta pressão com jato regulável e mangueira com 5 metros de comprimento. Referência Marca Karcher 1.600w. | E97: 449052.38 | F97: Peça | G97: 639 | I97: =H97-(SUM(K97:V97)) -> 0 | J97: =IF(I97<0,"ATENÇÃO","OK") -> OK | K97: 0 | L97: 0 | M97: 0 | N97: 0 | O97: 0 | P97: 0 | Q97: 0 | R97: 0 | S97: 0 | T97: 0 | U97: 0 | V97: 0
C98: 5 | D98: MAQUINA DE LAVAR A JATO, USO GERAL, Lavadora de Alta Pressão Profissional. Potência (kw): 3,0, Tensão (V): 220 mono, Pressão (lb/pol²) (bar): 1900 (130), Vazão (L/h): 600. Com mangueira Anti-torção e flexível. Regulagem dos jatos: Jato leque de alta pressão com bico prateado e ângulo de 25º para a limpeza de sujeira em grandes superfícies; Jato de baixa pressão (CHEM) com bico dourado para aplicação de detergentes ou para limpeza com uma pressão reduzida. Com gatilho com trava de segurança, carrinho para transporte, alça para transporte, porta fio, desligamento automático. Dimensões aproximadas (L x A x P): 40 x 42,5 x 77,5 cm. | E98: 449052.28 | F98: Peça | G98: 2442.92 | I98: =H98-(SUM(K98:V98)) -> 0 | J98: =IF(I98<0,"ATENÇÃO","OK") -> OK | K98: 0 | L98: 0 | M98: 0 | N98: 0 | O98: 0 | P98: 0 | Q98: 0 | R98: 0 | S98: 0 | T98: 0 | U98: 0 | V98: 0
C99: 6 | D99: PISTOLA PARA APLICACAO DE COLA, QUENTE, PISTOLA DE COLA QUENTE, potência: 40-50 Watts, 220V, Ponta Metálica, Corpo injetado em plástico, acompanha 14 BASTÕES DE COLA QUENTE compativeis. | E99: 449052.99 | F99: Peça | G99: 59.36 | I99: =H99-(SUM(K99:V99)) -> 0 | J99: =IF(I99<0,"ATENÇÃO","OK") -> OK | K99: 0 | L99: 0 | M99: 0 | N99: 0 | O99: 0 | P99: 0 | Q99: 0 | R99: 0 | S99: 0 | T99: 0 | U99: 0 | V99: 0
C100: 7 | D100: ESMERILHADEIRA, TIPO PROFISSIONAL, PARA REDE 220 VOLTS, Angular Elétrica 4.1/2" Industrial, Potência : 840W; Diâmetro do disco : 115mm (4-1/2"); Diam. disco abrasivo : 115mm (4-1/2"); Diam. disco diamantado : 115mm (4-1/2"); 11.000 RPM | E100: 449052.38 | F100: Peça | G100: 215.16 | H100: 3 | I100: =H100-(SUM(K100:V100)) -> 3 | J100: =IF(I100<0,"ATENÇÃO","OK") -> OK | K100: 0 | L100: 0 | M100: 0 | N100: 0 | O100: 0 | P100: 0 | Q100: 0 | R100: 0 | S100: 0 | T100: 0 | U100: 0 | V100: 0
C101: 8 | D101: ESMERILHADEIRA, TIPO PROFISSIONAL, PARA REDE 220 VOLTS, Esmerilhadeira Angular 4,1/2, 720W, rotação 1.000 a 11.000 giros 220V., com kit de discos. | E101: 449052.38 | F101: Peça | G101: 243.83 | I101: =H101-(SUM(K101:V101)) -> 0 | J101: =IF(I101<0,"ATENÇÃO","OK") -> OK | K101: 0 | L101: 0 | M101: 0 | N101: 0 | O101: 0 | P101: 0 | Q101: 0 | R101: 0 | S101: 0 | T101: 0 | U101: 0 | V101: 0
C102: 9 | D102: MAQUINA DE RETIFICAR, MICRO RETIFICA, Micro retífica. Rotação aproximada: até 35.000 rpm. Acompanha maleta com kit de acessórios (chaves, cilindros, discos, escova, haste, lima, lixa, roda, rebolo, etc.). Utilizado para retificar e gravar é possível perfurar, lixar, desbastar, polir, gravar, cortar, fresar e limpar madeiras, metais e plásticos em modelismo. Potência aproximada: 135 watts. | E102: 449052.38 | F102: Peça | G102: 182 | H102: 2 | I102: =H102-(SUM(K102:V102)) -> 2 | J102: =IF(I102<0,"ATENÇÃO","OK") -> OK | K102: 0 | L102: 0 | M102: 0 | N102: 0 | O102: 0 | P102: 0 | Q102: 0 | R102: 0 | S102: 0 | T102: 0 | U102: 0 | V102: 0
C103: 10 | D103: MOTO ESMERIL, DE BANCADA, Motoesmeril de Bancada, com dois rebolos de 6” (aproximadamente 150mm) para diversas aplicações, com motor de 1/2hp, Caixa de motor deve ser elevada, permitindo esmerilhar objetos compridos, com corpo fabricado em ferro fundido, deve acompanhar pés de borracha antivibração e que evita deslizamento. Mesa para apoio e afiamento em alumínio com mecanismo ajustável. Proteção superior transparente localizada sobre os dois rebolos. Deve acompanhar ainda um boné de polimento e uma escova de aço compatível com o equipamento. | E103: 449052.38 | F103: Peça | G103: 194.33 | I103: =H103-(SUM(K103:V103)) -> 0 | J103: =IF(I103<0,"ATENÇÃO","OK") -> OK | K103: 0 | L103: 0 | M103: 0 | N103: 0 | O103: 0 | P103: 0 | Q103: 0 | R103: 0 | S103: 0 | T103: 0 | U103: 0 | V103: 0
...

Sheet FAED
A1: PROCESSO: 1025/2014 - RELANÇAMENTO | D1: OBJETO: AQUISIÇÃO DE FERRAMENTAS, UTENSÍLIOS E MATERIAIS DE REPARO PARA O CAMPUS I, CERES E CESFI | G1: VIGÊNCIA DA ATA: 07/11/2014 até 06/11/2015 | K1: AF/OS nº xxxx/2014 Qtde. DT | L1: AF/OS nº xxxx/2014 Qtde. DT | M1: AF/OS nº xxxx/2014 Qtde. DT | N1: AF/OS nº xxxx/2014 Qtde. DT | O1: AF/OS nº xxxx/2014 Qtde. DT | P1: AF/OS nº xxxx/2014 Qtde. DT | Q1: AF/OS nº xxxx/2014 Qtde. DT | R1: AF/OS nº xxxx/2014 Qtde. DT | S1: AF/OS nº xxxx/2014 Qtde. DT | T1: AF/OS nº xxxx/2014 Qtde. DT | U1: AF/OS nº xxxx/2014 Qtde. DT | V1: AF/OS nº xxxx/2014 Qtde. DT
A2: CENTRO PARTICIPANTE: FAED
A3: FORNECEDOR | B3: LOTE | C3: ITEM | D3: PRODUTO - CARACTERÍSTICAS MÍNIMAS | E3: DETALHAMENTO | F3: UNIDADE | G3: Preço UNITÁRIO (R$) | H3: Qtde LICITADA | I3: Saldo / Automático | J3: ALERTA | K3: ...../...../...... | L3: ...../...../...... | M3: ...../...../...... | N3: ...../...../...... | O3: ...../...../...... | P3: ...../...../...... | Q3: ...../...../...... | R3: ...../...../...... | S3: ...../...../...... | T3: ...../...../...... | U3: ...../...../...... | V3: ...../...../......
A4: Cristiani Louri Rodrigues & Cia. Ltda - ME | B4: 1 | C4: 1 | D4: DESEMPENADEIRA, DE ACO P/CONTRUCAO, Desempenadeira dentada, com cabo de madeira, Dimensões: 255mm x 120mm. | E4: 339030.42 | F4: Peça | G4: 22 | I4: =H4-(SUM(K4:V4)) -> 0 | J4: =IF(I4<0,"ATENÇÃO","OK") -> OK | K4: 0 | L4: 0 | M4: 0 | N4: 0 | O4: 0 | P4: 0 | Q4: 0 | R4: 0 | S4: 0 | T4: 0 | U4: 0 | V4: 0
C5: 2 | D5: DESEMPENADEIRA, EM MADEIRA LISA, MED.15 X 26CM, Desempenadeira de madeira lisa. Tamanho aprox. 15cmX26cm | E5: 339030.24 | F5: Peça | G5: 5.5 | I5: =H5-(SUM(K5:V5)) -> 0 | J5: =IF(I5<0,"ATENÇÃO","OK") -> OK | K5: 0 | L5: 0 | M5: 0 | N5: 0 | O5: 0 | P5: 0 | Q5: 0 | R5: 0 | S5: 0 | T5: 0 | U5: 0 | V5: 0
C6: 3 | D6: DESEMPENADEIRA, EM PVC, MEDINDO 14 X 27CM, Desempenadeira em PVC 14x 27cm. | E6: 339030.24 | F6: Peça | G6: 4.2 | I6: =H6-(SUM(K6:V6)) -> 0 | J6: =IF(I6<0,"ATENÇÃO","OK") -> OK | K6: 0 | L6: 0 | M6: 0 | N6: 0 | O6: 0 | P6: 0 | Q6: 0 | R6: 0 | S6: 0 | T6: 0 | U6: 0 | V6: 0
C7: 4 | D7: CONEXAO DE PLASTICO PARA INSTALACOES HIDRAULICAS-SANITARIAS, ADAPTADOR CURTO EM PVC, Conexão em "PVC", para água fria, tipo "Adaptador Soldável com Flanges Livres para Caixa D’Água." Ø25mm, Linha Soldável.Material - PVC - Cloreto de Polivinila, cor marrom. | E7: 339030.24 | F7: Peça | G7: 7.7 | I7: =H7-(SUM(K7:V7)) -> 0 | J7: =IF(I7<0,"ATENÇÃO","OK") -> OK | K7: 0 | L7: 0 | M7: 0 | N7: 0 | O7: 0 | P7: 0 | Q7: 0 | R7: 0 | S7: 0 | T7: 0 | U7: 0 | V7: 0
C8: 5 | D8: LANTERNA, DE CABECA, COM 19 LEDS, Lanterna com 19 leds, recarregável. | E8: 339030.13 | F8: Peça | G8: 42.85 | I8: =H8-(SUM(K8:V8)) -> 0 | J8: =IF(I8<0,"ATENÇÃO","OK") -> OK | K8: 0 | L8: 0 | M8: 0 | N8: 0 | O8: 0 | P8: 0 | Q8: 0 | R8: 0 | S8: 0 | T8: 0 | U8: 0 | V8: 0
C9: 6 | D9: REBITADOR MANUAL, TIPO ALAVANCA, Rebitador manual tipo alavanca. Corpo em alumínio fundido. Castanhas em aço cromo molibdnênio temperadas. Cabos tubulares cromados. Ponteiras para cinco bitolas de rebites: 3.2, 4.0, 4.8, 6.0, 6.4mm. Cabos com revestimento especial. Tamanho: 16,5". | E9: 449052.38 | F9: Peça | G9: 34.7 | I9: =H9-(SUM(K9:V9)) -> 0 | J9: =IF(I9<0,"ATENÇÃO","OK") -> OK | K9: 0 | L9: 0 | M9: 0 | N9: 0 | O9: 0 | P9: 0 | Q9: 0 | R9: 0 | S9: 0 | T9: 0 | U9: 0 | V9: 0
A10: Kafer Comércio Ltda | B10: 2 | C10: 1 | D10: LIXADEIRA INDUSTRIAL, COM MESA, DE FITA, Lixadeira de cinta com disco (combinada de bancada), com mesa regulável, para lixas com comprimento de 1490mm x 150 mm, motorizada com motor de 1cv – 4 P, peso aproximado de 50kg, correia utilizada 1 =A-29. Marca / modelo referência: LX 2S ACERBI. | E10: 449052.38 | F10: Peça | G10: 1535 | I10: =H10-(SUM(K10:V10)) -> 0 | J10: =IF(I10<0,"ATENÇÃO","OK") -> OK | K10: 0 | L10: 0 | M10: 0 | N10: 0 | O10: 0 | P10: 0 | Q10: 0 | R10: 0 | S10: 0 | T10: 0 | U10: 0 | V10: 0
C11: 2 | D11: LIXADEIRA, ANGULAR 115MM, TIPO PORTÁTIL, POTÊNCIA DE 850 W, TENSÃO 220V. | E11: 449052.38 | F11: Peça | G11: 253.09 | I11: =H11-(SUM(K11:V11)) -> 0 | J11: =IF(I11<0,"ATENÇÃO","OK") -> OK | K11: 0 | L11: 0 | M11: 0 | N11: 0 | O11: 0 | P11: 0 | Q11: 0 | R11: 0 | S11: 0 | T11: 0 | U11: 0 | V11: 0
C12: 3 | D12: LIXADEIRA, COM MALETA E ACESSORIOS, Lixadeira de cinta manual – lixadeira de cinta elétrica com aplicação industrial, 220v, potência entre 650 e 850 W, velocidade da cinta sem carga entre 200 e 400 m/min, dimensões da lixa de aproximadamente 75x533mm, com coletor de pó, peso variando entre 3 à 5 kg. Marca / modelo referência: GBS 75 AE - BOSCH ou Dewalt DW433 etc. | E12: 449052.38 | F12: Peça | G12: 1047.36 | I12: =H12-(SUM(K12:V12)) -> 0 | J12: =IF(I12<0,"ATENÇÃO","OK") -> OK | K12: 0 | L12: 0 | M12: 0 | N12: 0 | O12: 0 | P12: 0 | Q12: 0 | R12: 0 | S12: 0 | T12: 0 | U12: 0 | V12: 0
C13: 4 | D13: LIXADEIRA, DE CINTA, A lixadeira deve vir completa, com todos os acessórios, com três jogos de lixas, para o seu funcionamento. Deve possuir duas funções, lixadeira de disco e lixadeira de fita e ser apoiada no chão. A lixadeira de disco deve ter inclinação da mesa de 45º, com dimensão mínima de 250mm. A lixadeira de fita deve ter dimensão de lixa aproximada de 1480 X 150 mm e posição de trabalho de 0&#730; e 90&#730;. A potência mínima deve ser de 1CV e a tensão de 220V. | E13: 449052.38 | F13: Peça | G13: 2986.17 | I13: =H13-(SUM(K13:V13)) -> 0 | J13: =IF(I13<0,"ATENÇÃO","OK") -> OK | K13: 0 | L13: 0 | M13: 0 | N13: 0 | O13: 0 | P13: 0 | Q13: 0 | R13: 0 | S13: 0 | T13: 0 | U13: 0 | V13: 0
C14: 5 | D14: LIXADEIRA, ORBITAL, ELETRICA, Lixadeira orbital elétrica industrial ou profissional, 220v, potencia de aprox. 170w, de 13000 a 14000 oscilações por minuto, para lixa de 114x140mm, 1/3 de lixa. | E14: 449052.38 | F14: Peça | G14: 274.33 | I14: =H14-(SUM(K14:V14)) -> 0 | J14: =IF(I14<0,"ATENÇÃO","OK") -> OK | K14: 0 | L14: 0 | M14: 0 | N14: 0 | O14: 0 | P14: 0 | Q14: 0 | R14: 0 | S14: 0 | T14: 0 | U14: 0 | V14: 0
A15: Kafer Comércio Ltda | B15: 3 | C15: 1 | D15: APARELHO PARA SOLDA, ELETRICA, Aparelho de solda Monofásico. Alimentação 220V -50/ 60 Hz – Plug universal, Ciclo de tarefa: 10%, Corrente máxima: 160 A, Capacidade de entrada: 8 Kva, Intervalo de ajuste da corrente: 55 - 160 A, Diâmetro do eletrodo compatível: 2 - 3.2 mm. Incluso Cabos: Alicate, Alicate terra. | E15: 449052.38 | F15: Peça | G15: 316 | I15: =H15-(SUM(K15:V15)) -> 0 | J15: =IF(I15<0,"ATENÇÃO","OK") -> OK | K15: 0 | L15: 0 | M15: 0 | N15: 0 | O15: 0 | P15: 0 | Q15: 0 | R15: 0 | S15: 0 | T15: 0 | U15: 0 | V15: 0
C16: 2 | D16: COLETOR DE PO, COM CHAVE ELETRICA, Coletor de pó com Chave elétrica com botão de segurança, rodas e alças para movimentação, com saco de poliester de 80 litros lavável. Tensão de 220V ou bivolt. | E16: 449052.38 | F16: Peça | G16: 788.8 | I16: =H16-(SUM(K16:V16)) -> 0 | J16: =IF(I16<0,"ATENÇÃO","OK") -> OK | K16: 0 | L16: 0 | M16: 0 | N16: 0 | O16: 0 | P16: 0 | Q16: 0 | R16: 0 | S16: 0 | T16: 0 | U16: 0 | V16: 0
C17: 3 | D17: MORSA, DE BANCADA PARA FIXACAO DE PECAS NOE 8, Morsa de bancada para fixação de peças Nº 8 | E17: 449052.38 | F17: Peça | G17: 249.44 | I17: =H17-(SUM(K17:V17)) -> 0 | J17: =IF(I17<0,"ATENÇÃO","OK") -> OK | K17: 0 | L17: 0 | M17: 0 | N17: 0 | O17: 0 | P17: 0 | Q17: 0 | R17: 0 | S17: 0 | T17: 0 | U17: 0 | V17: 0
C18: 4 | D18: MORSA, MINI MORSA COM EIXO GIRATORIO, Mini morsa com eixo giratório 360&#730; que prenda superfícies de até 5cm de largura. Deve ter capa de borracha protetora nas suas “garras”. | E18: 449052.38 | F18: Peça | G18: 136.07 | I18: =H18-(SUM(K18:V18)) -> 0 | J18: =IF(I18<0,"ATENÇÃO","OK") -> OK | K18: 0 | L18: 0 | M18: 0 | N18: 0 | O18: 0 | P18: 0 | Q18: 0 | R18: 0 | S18: 0 | T18: 0 | U18: 0 | V18: 0
C19: 5 | D19: PISTOLA PARA PINTURA, DE ALTA PRESSAO, Pistola de pintura por gravidade, com bico de 1,4 mm de diâmetro, caneca em alumínio com capacidade de 600ml, para aplicação de tintas automotivas. Marca / modelo de referência: OMX-610 MARCA DEVILBISS. | E19: 449052.38 | F19: Peça | G19: 763.36 | I19: =H19-(SUM(K19:V19)) -> 0 | J19: =IF(I19<0,"ATENÇÃO","OK") -> OK | K19: 0 | L19: 0 | M19: 0 | N19: 0 | O19: 0 | P19: 0 | Q19: 0 | R19: 0 | S19: 0 | T19: 0 | U19: 0 | V19: 0
C20: 6 | D20: PLAINA DE BANCADA, DE MESA, ELETRICA, TAMANHO MEDIO, Plaina Elétrica profissional, potencia minima 620 W, largura de corte 82mm (3' ¼"), profundidade de corte 2,5X158X158mm, peso 2,6Kg, voltagem 220 V. Acompanha conjunto de calibrador da face, guia reta, faca de plaina e chave soquete. | E20: 449052.38 | F20: Peça | G20: 426.23 | I20: =H20-(SUM(K20:V20)) -> 0 | J20: =IF(I20<0,"ATENÇÃO","OK") -> OK | K20: 0 | L20: 0 | M20: 0 | N20: 0 | O20: 0 | P20: 0 | Q20: 0 | R20: 0 | S20: 0 | T20: 0 | U20: 0 | V20: 0
C21: 7 | D21: PLAINA DE BANCADA, DESEMPENADEIRA, Equipamento para desempenar e desbastar, fazendo ajustes nos cortes de madeiras, compensados e MDF. Com 04 facas, eixo em diagonal, uso industrial. Descrição do produto: Motor: 1CV - 2 POLOS; Comprimento da mesa: 1.200mm; Largura da mesa: 160mm; Diâmetro do eixo: 61mm; Número de Facas: 4 un; Dimensões das Facas: 158 x 18 x 3mm; Peso: Aproximadamente 116Kg. | E21: 449052.38 | F21: Peça | G21: 4266.66 | I21: =H21-(SUM(K21:V21)) -> 0 | J21: =IF(I21<0,"ATENÇÃO","OK") -> OK | K21: 0 | L21: 0 | M21: 0 | N21: 0 | O21: 0 | P21: 0 | Q21: 0 | R21: 0 | S21: 0 | T21: 0 | U21: 0 | V21: 0
A22: Kafer Comércio Ltda | B22: 5 | C22: 1 | D22: FURADEIRA, ELETRICA DE IMPACTO, Furadeira de impacto com potência mínima de 600W, com mandril de 1/2”ou 13mm, com número de rotações de 0-3000rpm. Tensão de 220V ou bivolt. Deve vir com maleta compatível. | E22: 449052.34 | F22: Peça | G22: 295.15 | I22: =H22-(SUM(K22:V22)) -> 0 | J22: =IF(I22<0,"ATENÇÃO","OK") -> OK | K22: 0 | L22: 0 | M22: 0 | N22: 0 | O22: 0 | P22: 0 | Q22: 0 | R22: 0 | S22: 0 | T22: 0 | U22: 0 | V22: 0
C23: 2 | D23: FURADEIRA, ELETRICA DE IMPACTO, Furadeira de impacto profissional ½”, com potência mínima de 800 W, 3000 RPM, 220 V, para trabalhos pesados de perfuração em concreto, aço e madeira. Deve possuir comutador mecânico de duas velocidades, carcaça de engrenagem metálica, embreagem de segurança. Carcaça e punho emborrachado. Deverá vir acompanhada de maleta com os seguintes itens: 1 chave de catraca, 1 porta bits, 1 escariador, 2 guias para pontas, 13 Bbrocas para metal / madeira / plástico (1/16, 5/64, 3/32, 7/64, 1/8, 9/64, 5/32, 11/64, 3/16, 13/64, 7/32, 15/64, 1/4 polegadas), 12 brocas para madeira (1/8, 9/64, 5/32, 11/16, 3/16, 13/64, 7/32, 15/64, 1/4, 9/32, 19/64,5/16 polegadas), 5 brocas para concreto: 1/8, 3/16, 1/4, 5/16, 3/8 polegadas. | E23: 449052.34 | F23: Peça | G23: 477.5 | I23: =H23-(SUM(K23:V23)) -> 0 | J23: =IF(I23<0,"ATENÇÃO","OK") -> OK | K23: 0 | L23: 0 | M23: 0 | N23: 0 | O23: 0 | P23: 0 | Q23: 0 | R23: 0 | S23: 0 | T23: 0 | U23: 0 | V23: 0
C24: 3 | D24: FURADEIRA, MANUAL 700W DE POTENCIA, COM MANDRIL DE 1/2 POLEGADA, Furadeira Manual 700w de potência, 220V, com mandril de ½ polegada e velocidade regulável no gatilho | E24: 449052.38 | G24: 254.3 | I24: =H24-(SUM(K24:V24)) -> 0 | J24: =IF(I24<0,"ATENÇÃO","OK") -> OK | K24: 0 | L24: 0 | M24: 0 | N24: 0 | O24: 0 | P24: 0 | Q24: 0 | R24: 0 | S24: 0 | T24: 0 | U24: 0 | V24: 0
C25: 4 | D25: FURADEIRA, PARAFUSADEIRA, Parafusadeira industrial 220V., 685W 500rpm similar (DW268) com kit de chave regulador de torque com lanterna. | E25: 449052.38 | F25: Peça | G25: 591.66 | I25: =H25-(SUM(K25:V25)) -> 0 | J25: =IF(I25<0,"ATENÇÃO","OK") -> OK | K25: 0 | L25: 0 | M25: 0 | N25: 0 | O25: 0 | P25: 0 | Q25: 0 | R25: 0 | S25: 0 | T25: 0 | U25: 0 | V25: 0
C26: 5 | D26: FURADEIRA, PARAFUSADEIRA, Parafusadeira-Furadeira sem Fio, rotação variavel, reversivel, bateria de 12v, Bivolt ou 200V, acompanha carregador e suporte para bateria, com maleta, acompanha: 2 Bits Phillips de 25 mm: PH1 e PH2, 2 Bits. Pozidriv de 25 mm: PZ1 e PZ2, 2 Bits de fenda: 5 e 6 mm, 6 Brocas para metal. | E26: 449052.38 | F26: Peça | G26: 242.93 | I26: =H26-(SUM(K26:V26)) -> 0 | J26: =IF(I26<0,"ATENÇÃO","OK") -> OK | K26: 0 | L26: 0 | M26: 0 | N26: 0 | O26: 0 | P26: 0 | Q26: 0 | R26: 0 | S26: 0 | T26: 0 | U26: 0 | V26: 0
C27: 6 | D27: FURADEIRA, SEM IMPACTO, POTENCIA 600W, 220V, 1/2", 1000-2500 RPM Industrial. Motor de 600 wattsç Comutador de velocidade mecânico; Botão de trava para trabalhos contínuos; Tipo: Industria; RPM: 1000-2500RPM; Velocidade: 2 VVR; Encaixe: 1/2" | E27: 449052.34 | F27: Peça | G27: 473.53 | I27: =H27-(SUM(K27:V27)) -> 0 | J27: =IF(I27<0,"ATENÇÃO","OK") -> OK | K27: 0 | L27: 0 | M27: 0 | N27: 0 | O27: 0 | P27: 0 | Q27: 0 | R27: 0 | S27: 0 | T27: 0 | U27: 0 | V27: 0
C28: 7 | D28: FURADEIRA, TIPO PARAFUSADEIRA MOVIDA A BATERIA, Furadeira/Parafusadeira Profissional à Bateria. Mandril: 3/8"; Rotação: 400/1200RPM; Voltagem: 220V; Baterias: 12 / 14 V | E28: 449052.34 | F28: Peça | G28: 381.27 | I28: =H28-(SUM(K28:V28)) -> 0 | J28: =IF(I28<0,"ATENÇÃO","OK") -> OK | K28: 0 | L28: 0 | M28: 0 | N28: 0 | O28: 0 | P28: 0 | Q28: 0 | R28: 0 | S28: 0 | T28: 0 | U28: 0 | V28: 0
C29: 8 | D29: FURADEIRA, TIPO PARAFUSADEIRA,INDUSTRIAL ELETRONICA 650 W, Furadeira de no mínimo 650 Watts de potência;Mandril de 1/2" (13mm);Empunhadura lateral multi-posição.Alimentação 220V - 5060Hz.Incluso maleta e chave de mandril. | E29: 449052.38 | F29: Peça | G29: 353 | I29: =H29-(SUM(K29:V29)) -> 0 | J29: =IF(I29<0,"ATENÇÃO","OK") -> OK | K29: 0 | L29: 0 | M29: 0 | N29: 0 | O29: 0 | P29: 0 | Q29: 0 | R29: 0 | S29: 0 | T29: 0 | U29: 0 | V29: 0
C30: 9 | D30: FURADEIRA DE BANCADA, DE BANCADA, Descrição do produto: Potência: 350 W; Velocidade: 570-3050; Níveis de velocidade: 5 níveis de ajuste de velocidade variável; capacidade: 1,5 mm, 6 mm, 13 mm (1/16", 1/4", 1/2"); Motor de 350 W; Base de Ferro Fundido; ajuste de profundidade | E30: 449052.38 | F30: Peça | G30: 509.66 | I30: =H30-(SUM(K30:V30)) -> 0 | J30: =IF(I30<0,"ATENÇÃO","OK") -> OK | K30: 0 | L30: 0 | M30: 0 | N30: 0 | O30: 0 | P30: 0 | Q30: 0 | R30: 0 | S30: 0 | T30: 0 | U30: 0 | V30: 0
C31: 10 | D31: FURADEIRA INDUSTRIAL, FURADEIRA MARTELETE ROMPEDOR, Furadeira / Martelete Rompedor SDS. Potencia mínima 800w, Encaixe tipo SDS,Velocidade variável, Função perfuração com e sem impacto. Alimentação 220V. Ref Bosch Gbh 2-24d. | E31: 449052.38 | F31: Peça | G31: 666 | I31: =H31-(SUM(K31:V31)) -> 0 | J31: =IF(I31<0,"ATENÇÃO","OK") -> OK | K31: 0 | L31: 0 | M31: 0 | N31: 0 | O31: 0 | P31: 0 | Q31: 0 | R31: 0 | S31: 0 | T31: 0 | U31: 0 | V31: 0
C32: 11 | D32: PARAFUSADEIRA ELETRICA EMPUNHAVEL, A BATERIA, Parafusadeira a bateria 12Volts, bateria íon de lítio.Mandril sem chave 3/8”, Luz LED, Clip para pendurar, 2baterias Ion de Líthium, Encaixe 3/8" (10mm), 2niveis de velocidades, de 0 a 400/ 0 a 1.500RPM, torque 25 NewTons. Marca de Referência: Dewalt. Conjunto com carregador (110/220v) e maleta. | E32: 449052.38 | F32: Peça | G32: 460.5 | I32: =H32-(SUM(K32:V32)) -> 0 | J32: =IF(I32<0,"ATENÇÃO","OK") -> OK | K32: 0 | L32: 0 | M32: 0 | N32: 0 | O32: 0 | P32: 0 | Q32: 0 | R32: 0 | S32: 0 | T32: 0 | U32: 0 | V32: 0
C33: 12 | D33: PARAFUSADEIRA ELETRICA EMPUNHAVEL, COMPATIVEL A REDE 220 VOLTS, Parafusadeira com o mínimo de 14V, com bateria em ións de lítio, com configurações de, no mínimo, 25 opções de torque e uma para furação. Tensão de 220V ou bivolt. Deve vir com maleta compatível. | E33: 449052.38 | F33: Peça | G33: 380.04 | I33: =H33-(SUM(K33:V33)) -> 0 | J33: =IF(I33<0,"ATENÇÃO","OK") -> OK | K33: 0 | L33: 0 | M33: 0 | N33: 0 | O33: 0 | P33: 0 | Q33: 0 | R33: 0 | S33: 0 | T33: 0 | U33: 0 | V33: 0
A34: Cristiani Louri Rodrigues & Cia. Ltda - ME | B34: 6 | C34: 1 | D34: PLAINA ELETRICA, PLAINA 550 W, 220 V, Plaina Elétrica 3 1/4"(82mm) 550 Watts; Gatilho com trava de segurança, utilização de Lâminas de aço rápido, manopla com ajustes de profundidade; sapata usinada com chanfros de borda, Potência: 550 Watts, Rotação: 17.000 Rpm, Capicade de corte: 1mm , Peso: 2,6 Kg, Largura da Lâmina: 82mm, Capacidade de rebaixo: 9mm, com Guia paralela e Chave para troca da Lâmina. Marca de referência: Modelo D26676 - Dewalt | E34: 449052.34 | F34: Peça | G34: 297 | I34: =H34-(SUM(K34:V34)) -> 0 | J34: =IF(I34<0,"ATENÇÃO","OK") -> OK | K34: 0 | L34: 0 | M34: 0 | N34: 0 | O34: 0 | P34: 0 | Q34: 0 | R34: 0 | S34: 0 | T34: 0 | U34: 0 | V34: 0
C35: 2 | D35: SERRA MANUAL, MEIA ESQUADRIA, Conjunto serra tipo "meia esquadria" Manual, Sistema com mesa ajustável, Indicador de grau, Escala na base, Lamina para cortar madeira e plástico, Apoio de madeira, Comprimento da lâmina de 550 mm. Material: Aço. | E35: 449052.38 | F35: Peça | G35: 338 | I35: =H35-(SUM(K35:V35)) -> 0 | J35: =IF(I35<0,"ATENÇÃO","OK") -> OK | K35: 0 | L35: 0 | M35: 0 | N35: 0 | O35: 0 | P35: 0 | Q35: 0 | R35: 0 | S35: 0 | T35: 0 | U35: 0 | V35: 0
C36: 3 | D36: SERRA MANUAL, MEIA ESQUADRIA, Serra meio-esquadria profissional – potência mínima 1500 W – serra de 10 polegadas. Com garantia e assistência técncia em Santa Catarina | E36: 449052.38 | F36: Peça | G36: 945 | I36: =H36-(SUM(K36:V36)) -> 0 | J36: =IF(I36<0,"ATENÇÃO","OK") -> OK | K36: 0 | L36: 0 | M36: 0 | N36: 0 | O36: 0 | P36: 0 | Q36: 0 | R36: 0 | S36: 0 | T36: 0 | U36: 0 | V36: 0
C37: 4 | D37: SERRA MANUAL, TICO-TICO,MANUAL, serra tico-tico 1600RPM, 220v | E37: 449052.38 | G37: 218 | I37: =H37-(SUM(K37:V37)) -> 0 | J37: =IF(I37<0,"ATENÇÃO","OK") -> OK | K37: 0 | L37: 0 | M37: 0 | N37: 0 | O37: 0 | P37: 0 | Q37: 0 | R37: 0 | S37: 0 | T37: 0 | U37: 0 | V37: 0
C38: 5 | D38: SERRA MANUAL, TICO-TICO,MANUAL, Serra tico-tico de bancada com para lâminas com dimensões de 5”; Tensão de 220V ou bivolt. | E38: 449052.38 | F38: Peça | G38: 490 | I38: =H38-(SUM(K38:V38)) -> 0 | J38: =IF(I38<0,"ATENÇÃO","OK") -> OK | K38: 0 | L38: 0 | M38: 0 | N38: 0 | O38: 0 | P38: 0 | Q38: 0 | R38: 0 | S38: 0 | T38: 0 | U38: 0 | V38: 0
C39: 6 | D39: SERRA MANUAL, TICO-TICO,MANUAL, Serra tico-tico elétrica, aplicação industrial, 220V, 650W de potência mínima, de 500 a 3100 golpes por minuto, capacidade corte madeira de 90mm e aço 8,0mm, peso aproximado de até 3kg. Com 15 lâminas com 75mm de comprimento para madeira com prego e alumínio até 13mm de espessura e 15 laminas com 75mm comprimento para corte limpo em madeira com até 50mm espessura. | E39: 449052.38 | F39: Peça | G39: 470 | I39: =H39-(SUM(K39:V39)) -> 0 | J39: =IF(I39<0,"ATENÇÃO","OK") -> OK | K39: 0 | L39: 0 | M39: 0 | N39: 0 | O39: 0 | P39: 0 | Q39: 0 | R39: 0 | S39: 0 | T39: 0 | U39: 0 | V39: 0
C40: 7 | D40: SOPRADOR TERMICO, POTENCIA 1800W, Soprador Térmico 220V Temp.1: 50º; 2:300º/400º; 3:400º/570º 1800W. Características: Três níveis de temperatura; Controle constante de temperatura; Base plana para uso estável; Entradas de ar lateral com tela de proteção; Acompanha kit de acessórios e maleta plástica. Especificações técnicas: Potência: 1800 watts; Tensão: 220V; Temperatura: de 50ºC a 570°C | E40: 449052.38 | F40: Peça | G40: 151.2 | I40: =H40-(SUM(K40:V40)) -> 0 | J40: =IF(I40<0,"ATENÇÃO","OK") -> OK | K40: 0 | L40: 0 | M40: 0 | N40: 0 | O40: 0 | P40: 0 | Q40: 0 | R40: 0 | S40: 0 | T40: 0 | U40: 0 | V40: 0
C41: 8 | D41: ROCADEIRA, LATERAL, Roçadeira Elétrica. Tipo de corte: Lateral. Funcionamento a base elétrica, tensão da rede de 220V, potência mínima de 1000W. Deve possuir guidão para empunhadura, cinto/alça ajustável com regulagem, trava na tomada. O Material da lâmina deve ser confeccionado em aço cromo vanádio temperado. Carcaça para proteção e sustentação do motor confeccionada em polipropileno para evitar corrosão. Deve possuir carretel com duplo fio de nylon que é intercambiável com a lâmina (as duas podem ser usadas alternadamente com o mesmo propósito). Sistema de fixa-cabo que impede que o cabo elétrico se desconecte acidentalmente. Empunhadura de duplo acionamento, para garantir maior segurança ao operador. O motor deve possuir sistema de proteção térmica que desliga automaticamente em caso de superaquecimento. Eixo de transmissão (motor/cardã) do tipo rígido, almejando maior resistência e durabilidade. Braços reguláveis: permitem ajustar a melhor posição/altura para o usuário e, também, dobrá-los sem desmontar, facilitando o transporte. Medidas e peso: Altura 45,00 Centimetros, Largura 71,00 Centimetros, Profundidade 1,86 Metros. Peso aproximado 6 Quilos. São permitidas variações nas medidas em até 10%. Referência: Semelhante ao Modelo Tramontina RE1000. | E41: 449052.38 | F41: Peça | G41: 1160 | I41: =H41-(SUM(K41:V41)) -> 0 | J41: =IF(I41<0,"ATENÇÃO","OK") -> OK | K41: 0 | L41: 0 | M41: 0 | N41: 0 | O41: 0 | P41: 0 | Q41: 0 | R41: 0 | S41: 0 | T41: 0 | U41: 0 | V41: 0
A42: Cristiani Louri Rodrigues & Cia. Ltda - ME | B42: 7 | C42: 1 | D42: ELETRODO, PARA A«O CARBONO, Eletrodos para aço carbono; Bitola 2,5mm; classificação 6013. Caixa com 5KG. | E42: 339030.24 | F42: Peça | G42: 18.75 | I42: =H42-(SUM(K42:V42)) -> 0 | J42: =IF(I42<0,"ATENÇÃO","OK") -> OK | K42: 0 | L42: 0 | M42: 0 | N42: 0 | O42: 0 | P42: 0 | Q42: 0 | R42: 0 | S42: 0 | T42: 0 | U42: 0 | V42: 0
C43: 2 | D43: ELETRODO, PARA SOLDA ELETRICA, Eletrodo revestido para solda 308 L – eletrodo revestido, norma AWS A5.1, classificação 308 L, para aços inox, com baixo teor de aço carbono, resistente a corrosão intergranular, indicadora para aços inoxidáveis do tipo AISI 304L ou fundidos do tipo CF-3. Com 2,5 mm de diâmetro ideal para uso em transformadores ou retificadores. | E43: 339030.42 | F43: Kg | G43: 61 | I43: =H43-(SUM(K43:V43)) -> 0 | J43: =IF(I43<0,"ATENÇÃO","OK") -> OK | K43: 0 | L43: 0 | M43: 0 | N43: 0 | O43: 0 | P43: 0 | Q43: 0 | R43: 0 | S43: 0 | T43: 0 | U43: 0 | V43: 0
C44: 3 | D44: ELETRODO, PARA SOLDA ELETRICA, Eletrodo revestido para solda 6013 – eletrodo revestido, norma AWS A5.1, classificação 6013, para aços carbonos comum para uso geral, todos os tipos de juntas e posições, estruturas gerais, bom desempenho em chapas galvanizadas. Com 2,5 mm de diâmetro, ideal para uso em transformadores ou retificadores. | E44: 339030.42 | F44: Kg | G44: 12.07 | I44: =H44-(SUM(K44:V44)) -> 0 | J44: =IF(I44<0,"ATENÇÃO","OK") -> OK | K44: 0 | L44: 0 | M44: 0 | N44: 0 | O44: 0 | P44: 0 | Q44: 0 | R44: 0 | S44: 0 | T44: 0 | U44: 0 | V44: 0
C45: 4 | D45: ELETRODO, PARA SOLDA ELETRICA, Eletrodo revestido para solda 6013 – eletrodo revestido, norma AWS A5.1, classificação 6013, para aços carbonos comum para uso geral, todos os tipos de juntas e posições, estruturas gerais, bom desempenho em chapas galvanizadas. Com 3,25 mm de diâmetro ideal para uso em transformadores ou retificadores. | E45: 339030.42 | F45: Kg | G45: 13.29 | I45: =H45-(SUM(K45:V45)) -> 0 | J45: =IF(I45<0,"ATENÇÃO","OK") -> OK | K45: 0 | L45: 0 | M45: 0 | N45: 0 | O45: 0 | P45: 0 | Q45: 0 | R45: 0 | S45: 0 | T45: 0 | U45: 0 | V45: 0
C46: 5 | D46: ELETRODO, TAMANHO 46 X 2.5, | E46: 339030.42 | F46: Kg | G46: 21.01 | I46: =H46-(SUM(K46:V46)) -> 0 | J46: =IF(I46<0,"ATENÇÃO","OK") -> OK | K46: 0 | L46: 0 | M46: 0 | N46: 0 | O46: 0 | P46: 0 | Q46: 0 | R46: 0 | S46: 0 | T46: 0 | U46: 0 | V46: 0
C47: 6 | D47: KIT DE ACESSORIOS, PARA RETIFICADEIRA COM 110 PECAS, Kit completo com estojo contendo 110 acessórios profissionais variados. Que Realize inúmeras funções, tais como: cortar, gravar, esmerilhar, limpar/polir, lixar etc. Peso bruto aproximado: 410 gramas. Dimensões aproximadas da Maleta: 19cm x 23cm x 3,5 cm. Deve conter os seguintes itens: 01 Escariador (FRESAS DE ALTA VELOCIDADE Ø 3,2mm), 01 Ponta de carbureto de cilício (PONTA MONTADA DE CARBURETO DE SILÍCIO Ø 7,1mm), 01 Ponta cônica (PONTA MONTADA DE CARBURETO DE SILÍCIO Ø 4,8mm) - 01 Ponta cônica (PONTA MONTADA DE ÓXIDO DE ALUMÍNIO Ø 9,5mm), 01 Ponta de óxido de aluminio (PONTA MONTADA DE ÓXIDO DE ALUMÍNIO Ø6,4mm), 12 Discos de corte ( Ø23,8mm x 0,6mm), 12 Discos de corte (Ø23,8 x 1mm), 01 Discos de corte (REFORÇADOS COM FIBRA DE VIDRO Ø 31,8 x 1,15mm), 01 Disco de corte – (Ø31,8mm x 1,58mm), 01 Escova de cerda (Ø3,2mm), 01 Escova de aço de carbono ( Ø 19,1mm) - 04 Discos de feltro (Ø12,7mm), 01 Pasta de polimento (para acessórios de feltro ou de tecido para polir metais e plásticos), 01 Feltro ( Ø 9,5mm), 04 Feltros de polimento (Ø 25,4mm), 01 Tubo de lixa com suporte (Ø12,7mm), 06 Tubos de lixa ( grana 60), 12 Discos de lixa ( grana grossa 180), 12 Discos de lixa ( grana média 220), 12 Discos de lixa ( grana fina 240), 01 Tubo de lixa (Ø6,4mm), 06 Tubos de lixa ( Ø 6,4mm, grana grossa 60), 06 Tubos de Lixa (Ø 12,7mm, grana grossa 120), 06 Tubos de lixa (Ø6,4mm, grana grossa 120), 01 Disco abrasivo, 02 Hastes adaptadoras, 01 Haste adaptadora, 01 Pedra lixadora. | E47: 339030.42 | F47: Peça | G47: 124.58 | I47: =H47-(SUM(K47:V47)) -> 0 | J47: =IF(I47<0,"ATENÇÃO","OK") -> OK | K47: 0 | L47: 0 | M47: 0 | N47: 0 | O47: 0 | P47: 0 | Q47: 0 | R47: 0 | S47: 0 | T47: 0 | U47: 0 | V47: 0
C48: 7 | D48: BROCA DE ACO RAPIDO, HELICOIDAL, DIAMETRO DE 14MM, | E48: 339030.42 | F48: Peça | G48: 42.4 | I48: =H48-(SUM(K48:V48)) -> 0 | J48: =IF(I48<0,"ATENÇÃO","OK") -> OK | K48: 0 | L48: 0 | M48: 0 | N48: 0 | O48: 0 | P48: 0 | Q48: 0 | R48: 0 | S48: 0 | T48: 0 | U48: 0 | V48: 0
C49: 8 | D49: BROCA DE ACO RAPIDO, HELICOIDAL, DIAMETRO DE 15.5MM, | E49: 339030.42 | F49: Peça | G49: 97.67 | I49: =H49-(SUM(K49:V49)) -> 0 | J49: =IF(I49<0,"ATENÇÃO","OK") -> OK | K49: 0 | L49: 0 | M49: 0 | N49: 0 | O49: 0 | P49: 0 | Q49: 0 | R49: 0 | S49: 0 | T49: 0 | U49: 0 | V49: 0
C50: 9 | D50: BROCA DE ACO RAPIDO, HELICOIDAL, DIAMETRO DE 18MM, | E50: 339030.42 | F50: Peça | G50: 118.59 | I50: =H50-(SUM(K50:V50)) -> 0 | J50: =IF(I50<0,"ATENÇÃO","OK") -> OK | K50: 0 | L50: 0 | M50: 0 | N50: 0 | O50: 0 | P50: 0 | Q50: 0 | R50: 0 | S50: 0 | T50: 0 | U50: 0 | V50: 0
C51: 10 | D51: BROCA DE ACO RAPIDO, HELICOIDAL, DIAMETRO DE 23MM, | E51: 339030.42 | F51: Peça | G51: 156.18 | I51: =H51-(SUM(K51:V51)) -> 0 | J51: =IF(I51<0,"ATENÇÃO","OK") -> OK | K51: 0 | L51: 0 | M51: 0 | N51: 0 | O51: 0 | P51: 0 | Q51: 0 | R51: 0 | S51: 0 | T51: 0 | U51: 0 | V51: 0
C52: 11 | D52: BROCA DE ACO RAPIDO, HELICOIDAL, DIAMETRO DE 25MM, | E52: 339030.42 | F52: Peça | G52: 182.76 | I52: =H52-(SUM(K52:V52)) -> 0 | J52: =IF(I52<0,"ATENÇÃO","OK") -> OK | K52: 0 | L52: 0 | M52: 0 | N52: 0 | O52: 0 | P52: 0 | Q52: 0 | R52: 0 | S52: 0 | T52: 0 | U52: 0 | V52: 0
C53: 12 | D53: BROCA DE ACO RAPIDO, MEDINDO 10,00 MM, Para metal. | E53: 339030.42 | F53: Peça | G53: 19.66 | I53: =H53-(SUM(K53:V53)) -> 0 | J53: =IF(I53<0,"ATENÇÃO","OK") -> OK | K53: 0 | L53: 0 | M53: 0 | N53: 0 | O53: 0 | P53: 0 | Q53: 0 | R53: 0 | S53: 0 | T53: 0 | U53: 0 | V53: 0
C54: 13 | D54: BROCA DE ACO RAPIDO, MEDINDO 2,00MM, Broca de Aço Rápido Din 340 Ø 2,0 mm | E54: 339030.24 | F54: Peça | G54: 2.6 | I54: =H54-(SUM(K54:V54)) -> 0 | J54: =IF(I54<0,"ATENÇÃO","OK") -> OK | K54: 0 | L54: 0 | M54: 0 | N54: 0 | O54: 0 | P54: 0 | Q54: 0 | R54: 0 | S54: 0 | T54: 0 | U54: 0 | V54: 0
... C93: 52 | D93: ESTANHO, PARA SOLDA AZUL 60X40 1MM EM ROLO 500G, Rolo de estanho para solda. Liga deverá ser de 60% Sn e 40% Pb. Diâmetro de 1mm. Carretel 0,5kg | E93: 339030.11 | F93: Peça | G93: 43.63 | I93: =H93-(SUM(K93:V93)) -> 0 | J93: =IF(I93<0,"ATENÇÃO","OK") -> OK | K93: 0 | L93: 0 | M93: 0 | N93: 0 | O93: 0 | P93: 0 | Q93: 0 | R93: 0 | S93: 0 | T93: 0 | U93: 0 | V93: 0
A94: Cristiani Louri Rodrigues & Cia. Ltda - ME | B94: 9 | C94: 1 | D94: RODA DE BORRACHA, COMPLETA PARA CARRINHO DE PLATAFORMA, Conjunto Roda completa: Pneu 3,25cm X 8cm com Câmara de ar e Aro metálico, furo eixo com rolamento Ø1", para carrinho de quatro rodados. | E94: 339030.25 | F94: Peça | G94: 41 | I94: =H94-(SUM(K94:V94)) -> 0 | J94: =IF(I94<0,"ATENÇÃO","OK") -> OK | K94: 0 | L94: 0 | M94: 0 | N94: 0 | O94: 0 | P94: 0 | Q94: 0 | R94: 0 | S94: 0 | T94: 0 | U94: 0 | V94: 0
C95: 2 | D95: CAMARAS DE AR PARA VEICULOS LEVES, CAMARA DE AR P/PNEU DE CARRINHO DE TRANSPORTE 325/8, Câmara de ar para pneu de carrinho de mão no tamanho 3,25x8cm. | E95: 339030.25 | F95: Peça | G95: 12.11 | I95: =H95-(SUM(K95:V95)) -> 0 | J95: =IF(I95<0,"ATENÇÃO","OK") -> OK | K95: 0 | L95: 0 | M95: 0 | N95: 0 | O95: 0 | P95: 0 | Q95: 0 | R95: 0 | S95: 0 | T95: 0 | U95: 0 | V95: 0
C96: 3 | D96: PNEUS PARA VEICULOS LEVES, PNEU PARA CARRINHO DE MAO - ARO 3,25, Pneu com câmera para carrinho de mão | E96: 339030.99 | F96: Peça | G96: 36.68 | I96: =H96-(SUM(K96:V96)) -> 0 | J96: =IF(I96<0,"ATENÇÃO","OK") -> OK | K96: 0 | L96: 0 | M96: 0 | N96: 0 | O96: 0 | P96: 0 | Q96: 0 | R96: 0 | S96: 0 | T96: 0 | U96: 0 | V96: 0
C97: 4 | D97: MAQUINA DE LAVAR A JATO, USO GERAL, HIDROLAVADORA de Alta Pressão, potência mínima 1.700W Alimentação 220V. Equipada com rodas para transporte, lança de alta pressão com jato regulável e mangueira com 5 metros de comprimento. Referência Marca Karcher 1.600w. | E97: 449052.38 | F97: Peça | G97: 639 | I97: =H97-(SUM(K97:V97)) -> 0 | J97: =IF(I97<0,"ATENÇÃO","OK") -> OK | K97: 0 | L97: 0 | M97: 0 | N97: 0 | O97: 0 | P97: 0 | Q97: 0 | R97: 0 | S97: 0 | T97: 0 | U97: 0 | V97: 0
C98: 5 | D98: MAQUINA DE LAVAR A JATO, USO GERAL, Lavadora de Alta Pressão Profissional. Potência (kw): 3,0, Tensão (V): 220 mono, Pressão (lb/pol²) (bar): 1900 (130), Vazão (L/h): 600. Com mangueira Anti-torção e flexível. Regulagem dos jatos: Jato leque de alta pressão com bico prateado e ângulo de 25º para a limpeza de sujeira em grandes superfícies; Jato de baixa pressão (CHEM) com bico dourado para aplicação de detergentes ou para limpeza com uma pressão reduzida. Com gatilho com trava de segurança, carrinho para transporte, alça para transporte, porta fio, desligamento automático. Dimensões aproximadas (L x A x P): 40 x 42,5 x 77,5 cm. | E98: 449052.28 | F98: Peça | G98: 2442.92 | I98: =H98-(SUM(K98:V98)) -> 0 | J98: =IF(I98<0,"ATENÇÃO","OK") -> OK | K98: 0 | L98: 0 | M98: 0 | N98: 0 | O98: 0 | P98: 0 | Q98: 0 | R98: 0 | S98: 0 | T98: 0 | U98: 0 | V98: 0
C99: 6 | D99: PISTOLA PARA APLICACAO DE COLA, QUENTE, PISTOLA DE COLA QUENTE, potência: 40-50 Watts, 220V, Ponta Metálica, Corpo injetado em plástico, acompanha 14 BASTÕES DE COLA QUENTE compativeis. | E99: 449052.99 | F99: Peça | G99: 59.36 | I99: =H99-(SUM(K99:V99)) -> 0 | J99: =IF(I99<0,"ATENÇÃO","OK") -> OK | K99: 0 | L99: 0 | M99: 0 | N99: 0 | O99: 0 | P99: 0 | Q99: 0 | R99: 0 | S99: 0 | T99: 0 | U99: 0 | V99: 0
C100: 7 | D100: ESMERILHADEIRA, TIPO PROFISSIONAL, PARA REDE 220 VOLTS, Angular Elétrica 4.1/2" Industrial, Potência : 840W; Diâmetro do disco : 115mm (4-1/2"); Diam. disco abrasivo : 115mm (4-1/2"); Diam. disco diamantado : 115mm (4-1/2"); 11.000 RPM | E100: 449052.38 | F100: Peça | G100: 215.16 | I100: =H100-(SUM(K100:V100)) -> 0 | J100: =IF(I100<0,"ATENÇÃO","OK") -> OK | K100: 0 | L100: 0 | M100: 0 | N100: 0 | O100: 0 | P100: 0 | Q100: 0 | R100: 0 | S100: 0 | T100: 0 | U100: 0 | V100: 0
C101: 8 | D101: ESMERILHADEIRA, TIPO PROFISSIONAL, PARA REDE 220 VOLTS, Esmerilhadeira Angular 4,1/2, 720W, rotação 1.000 a 11.000 giros 220V., com kit de discos. | E101: 449052.38 | F101: Peça | G101: 243.83 | I101: =H101-(SUM(K101:V101)) -> 0 | J101: =IF(I101<0,"ATENÇÃO","OK") -> OK | K101: 0 | L101: 0 | M101: 0 | N101: 0 | O101: 0 | P101: 0 | Q101: 0 | R101: 0 | S101: 0 | T101: 0 | U101: 0 | V101: 0
C102: 9 | D102: MAQUINA DE RETIFICAR, MICRO RETIFICA, Micro retífica. Rotação aproximada: até 35.000 rpm. Acompanha maleta com kit de acessórios (chaves, cilindros, discos, escova, haste, lima, lixa, roda, rebolo, etc.). Utilizado para retificar e gravar é possível perfurar, lixar, desbastar, polir, gravar, cortar, fresar e limpar madeiras, metais e plásticos em modelismo. Potência aproximada: 135 watts. | E102: 449052.38 | F102: Peça | G102: 182 | I102: =H102-(SUM(K102:V102)) -> 0 | J102: =IF(I102<0,"ATENÇÃO","OK") -> OK | K102: 0 | L102: 0 | M102: 0 | N102: 0 | O102: 0 | P102: 0 | Q102: 0 | R102: 0 | S102: 0 | T102: 0 | U102: 0 | V102: 0
C103: 10 | D103: MOTO ESMERIL, DE BANCADA, Motoesmeril de Bancada, com dois rebolos de 6” (aproximadamente 150mm) para diversas aplicações, com motor de 1/2hp, Caixa de motor deve ser elevada, permitindo esmerilhar objetos compridos, com corpo fabricado em ferro fundido, deve acompanhar pés de borracha antivibração e que evita deslizamento. Mesa para apoio e afiamento em alumínio com mecanismo ajustável. Proteção superior transparente localizada sobre os dois rebolos. Deve acompanhar ainda um boné de polimento e uma escova de aço compatível com o equipamento. | E103: 449052.38 | F103: Peça | G103: 194.33 | I103: =H103-(SUM(K103:V103)) -> 0 | J103: =IF(I103<0,"ATENÇÃO","OK") -> OK | K103: 0 | L103: 0 | M103: 0 | N103: 0 | O103: 0 | P103: 0 | Q103: 0 | R103: 0 | S103: 0 | T103: 0 | U103: 0 | V103: 0
C104: 11 | D104: PIA DE LAVAR PECAS, CUBA DE EMBUTIR OVAL, LOU«A, Cuba de embutir oval, louça, ideal para aplicação em pedras e bancadas, válvula disposta de maneira que permite usar várias torneiras e misturadores, medidas aproximadas: 40 x 30 cm. | E104: 449052.39 | F104: Peça | G104: 39.2 | I104: =H104-(SUM(K104:V104)) -> 0 | J104: =IF(I104<0,"ATENÇÃO","OK") -> OK | K104: 0 | L104: 0 | M104: 0 | N104: 0 | O104: 0 | P104: 0 | Q104: 0 | R104: 0 | S104: 0 | T104: 0 | U104: 0 | V104: 0
C105: 12 | D105: TRENA (EQUIPAMENTO), DIGITAL, Trena Digital: Display LCD (Cristal Líquido) , Escala de medição: 0,5 a 50 metros / 20 pol. A 164 pés, Precisão: 1% , Freqüência de trabalho: 40kHz (somente trena); 20kHz (trena e receptor) , Resultados em unidade imperial ou métrica , Mira laser para auxiliar a medição , Memória de 10 posições , Indicação de bateria fraca , Calculo de área e volume , Soma de comprimentos, Desligamento automático para economizar a carga da bateria , Display com iluminação de fundo , Opção de medição somente pela trena ou com o auxilio do receptor , Indicadores sonoros de leitura errada e confirmação da leitura , Alimentação: 2 baterias de 9V (uma para a trena e outra para o receptor), Peso: 315g , Dimensões: 150 x 75 x 46mm . | E105: 449052.04 | F105: Peça | G105: 465.81 | I105: =H105-(SUM(K105:V105)) -> 0 | J105: =IF(I105<0,"ATENÇÃO","OK") -> OK | K105: 0 | L105: 0 | M105: 0 | N105: 0 | O105: 0 | P105: 0 | Q105: 0 | R105: 0 | S105: 0 | T105: 0 | U105: 0 | V105: 0
C106: 13 | D106: TRENA (EQUIPAMENTO), ELETRONICA,C/MIRA LASER,DIGITAL,PORTATIL,PRECIS.MIN +/-99,5%, Trena a laser para medição; Capacidade 250 metros; visibilidade do laser perfeita mesmo em ambientes de muita luz ou sol intenso; Visor integrado com capacidade de ampliação de 1,6 vezes; recursos de soma, subtração, medições indiretas complexas (duplo Pitágoras), medição de áreas irregulares, medição contínua; classe do laser 2; Diodo do laser 635 nm, < 1mW; Faixa de medição interior 0,05 a 250 m; Precisão de medição ± 1 mm; Bateria consumo 4 x LR03 (AAA); Fixação em tripé 1/4''; Dimensões aproximadas: 120 x 63 x 32 mm (PxLxA); Tempo de medição, médio: < 0,5 seg; Tempo de medição máx.: 4s; Dispositivo de desconexão automática: 4min; Unidades de medida: m/cm/mm; Número dos valores da memória: 30; Vida útil da bateria, medições individuais aprox.: 30.000; Proteção contra pó e salpicos de água: IP54. itens inclusos: Trena, 4 pilhas 1,5V LR03 AAA, bolsa de proteção, alça de segurança e tripé. Marca de Referência: Trena a Laser Bosch modelo GLM250VF – 250m. | E106: 449052.04 | F106: Peça | G106: 1406.65 | I106: =H106-(SUM(K106:V106)) -> 0 | J106: =IF(I106<0,"ATENÇÃO","OK") -> OK | K106: 0 | L106: 0 | M106: 0 | N106: 0 | O106: 0 | P106: 0 | Q106: 0 | R106: 0 | S106: 0 | T106: 0 | U106: 0 | V106: 0
... C114: 21 | D114: ESCADA METALICA, EM ALUMINIO COM 09 DEGRAUS., Escada de aluminio profissional com alça, 9 degraus. Patamar da escada em polimero injetado de alta resistência com degraus largos e antiderapantes. Trava de segurança contra fechamento da escada. Peso suportado aproximado de 120kg. | E114: 449052.12 | F114: Peça | G114: 254.26 | I114: =H114-(SUM(K114:V114)) -> 0 | J114: =IF(I114<0,"ATENÇÃO","OK") -> OK | K114: 0 | L114: 0 | M114: 0 | N114: 0 | O114: 0 | P114: 0 | Q114: 0 | R114: 0 | S114: 0 | T114: 0 | U114: 0 | V114: 0
A115: Cristiani Louri Rodrigues & Cia. Ltda - ME | B115: 12 | C115: 1 | D115: Protetor Auditivo circum-auricular, constituído de (02) duas conchas em formato oval de material plástico rígido, montadas simetricamente nas extremidades de uma haste, suporte ajustável. Atenuação de NRRsf 20 dB, constituído de material dielétrica, design leve e com ajustes. | E115: 339030.28 | F115: Peça | G115: 24.91 | I115: =H115-(SUM(K115:V115)) -> 0 | J115: =IF(I115<0,"ATENÇÃO","OK") -> OK | K115: 0 | L115: 0 | M115: 0 | N115: 0 | O115: 0 | P115: 0 | Q115: 0 | R115: 0 | S115: 0 | T115: 0 | U115: 0 | V115: 0
C116: 2 | D116: Protetor auricular tipo plug, atenuação de NRRsf 16 dB, composto de três flanges de silicone macias e cônicas, pré-moldadas, flexíveis, antialérgicas, laváveis, reutilizáveis, tamanho único, moldável a diferentes canais auditivos, com cordão e embalagem protetora. | E116: 339030.28 | F116: Peça | G116: 2.38 | I116: =H116-(SUM(K116:V116)) -> 0 | J116: =IF(I116<0,"ATENÇÃO","OK") -> OK | K116: 0 | L116: 0 | M116: 0 | N116: 0 | O116: 0 | P116: 0 | Q116: 0 | R116: 0 | S116: 0 | T116: 0 | U116: 0 | V116: 0
C117: 3 | D117: Óculos de Segurança ampla-visão, armação em uma única peça de PVC transparente com sistema de ventilação indireta, composto de fendas na parte superior e inferior, visor de policarbonato incolor com tratamento antiembaçante e antirisco, tirante elástico para ajuste. | E117: 339030.28 | F117: Peça | G117: 6.87 | I117: =H117-(SUM(K117:V117)) -> 0 | J117: =IF(I117<0,"ATENÇÃO","OK") -> OK | K117: 0 | L117: 0 | M117: 0 | N117: 0 | O117: 0 | P117: 0 | Q117: 0 | R117: 0 | S117: 0 | T117: 0 | U117: 0 | V117: 0
C118: 4 | D118: Óculos de segurança com Haste regulável e dispositivo que apoia o óculos no septo nasal, lente transparente em policarbonato antirisco. | E118: 339030.28 | F118: Peça | G118: 11.5 | I118: =H118-(SUM(K118:V118)) -> 0 | J118: =IF(I118<0,"ATENÇÃO","OK") -> OK | K118: 0 | L118: 0 | M118: 0 | N118: 0 | O118: 0 | P118: 0 | Q118: 0 | R118: 0 | S118: 0 | T118: 0 | U118: 0 | V118: 0
C119: 5 | D119: Óculos de segurança, constituído de armação e visor em uma única peça de policarbonato incolor, antiembaçante e atirisco, hastes sem regulagem, tipo espátula do mesmo material com seis fendas para ventilação. | E119: 339030.28 | F119: Peça | G119: 6.33 | I119: =H119-(SUM(K119:V119)) -> 0 | J119: =IF(I119<0,"ATENÇÃO","OK") -> OK | K119: 0 | L119: 0 | M119: 0 | N119: 0 | O119: 0 | P119: 0 | Q119: 0 | R119: 0 | S119: 0 | T119: 0 | U119: 0 | V119: 0
C120: 6 | D120: Óculos de segurança, constituídos de arco de plástico preto, lente de policarbonato verde (tonalidade 5), com ponte, apoio nasal e proteção lateral injetada do mesmo material, com um orifício na parte frontal superior e uma fenda em cada extremidade para o encaixe no arco. | E120: 339030.28 | F120: Peça | G120: 3.63 | I120: =H120-(SUM(K120:V120)) -> 0 | J120: =IF(I120<0,"ATENÇÃO","OK") -> OK | K120: 0 | L120: 0 | M120: 0 | N120: 0 | O120: 0 | P120: 0 | Q120: 0 | R120: 0 | S120: 0 | T120: 0 | U120: 0 | V120: 0
C121: 7 | D121: Respirador purificador semifacial utilizado com dois filtros químicos, tirante em elástico com ajuste, vedação maleável e confortável. | E121: 339030.28 | F121: Peça | G121: 26.13 | I121: =H121-(SUM(K121:V121)) -> 0 | J121: =IF(I121<0,"ATENÇÃO","OK") -> OK | K121: 0 | L121: 0 | M121: 0 | N121: 0 | O121: 0 | P121: 0 | Q121: 0 | R121: 0 | S121: 0 | T121: 0 | U121: 0 | V121: 0
C122: 8 | D122: Filtro Químico indicado para vapores orgânicos/gases ácidos para ser utilizado com respirador reutilizável semifacial. Filtro utilizado sempre em pares, conexão tipo rosca para um encaixe rápido e seguro. O filtro deve ser compatível com o respirador semifacial. | E122: 339030.28 | F122: Peça | G122: 18.36 | I122: =H122-(SUM(K122:V122)) -> 0 | J122: =IF(I122<0,"ATENÇÃO","OK") -> OK | K122: 0 | L122: 0 | M122: 0 | N122: 0 | O122: 0 | P122: 0 | Q122: 0 | R122: 0 | S122: 0 | T122: 0 | U122: 0 | V122: 0
C123: 9 | D123: Filtro Químico indicado para vapores orgânicos para ser utilizado com respirador reutilizável semifacial. Filtro utilizado sempre em pares, conexão tipo rosca para um encaixe rápido e seguro. O filtro deve ser compatível com o respirador semifacial. | E123: 339030.28 | F123: Peça | G123: 15.85 | I123: =H123-(SUM(K123:V123)) -> 0 | J123: =IF(I123<0,"ATENÇÃO","OK") -> OK | K123: 0 | L123: 0 | M123: 0 | N123: 0 | O123: 0 | P123: 0 | Q123: 0 | R123: 0 | S123: 0 | T123: 0 | U123: 0 | V123: 0
C124: 10 | D124: Máscara de solda, confeccionada de celeron (plástico laminado técnico com reforços de tecidos de algodão e resina fenólica), com visor basculante (articulado) para acoplagem das lentes incolor e filtro de luz de diversas tonalidades, carneira com regulagem do tipo catraca para fixação e ajuste na cabeça. | E124: 339030.28 | F124: Peça | G124: 32.1 | I124: =H124-(SUM(K124:V124)) -> 0 | J124: =IF(I124<0,"ATENÇÃO","OK") -> OK | K124: 0 | L124: 0 | M124: 0 | N124: 0 | O124: 0 | P124: 0 | Q124: 0 | R124: 0 | S124: 0 | T124: 0 | U124: 0 | V124: 0
C125: 11 | D125: Protetor facial de segurança, constituído de coroa e carneira de marerial plástico, com regulagem de tamanho através de ajuste simples ou com catraca e visor de material plástico (policarbonato) incolor. | E125: 339030.28 | F125: Peça | G125: 13.16 | I125: =H125-(SUM(K125:V125)) -> 0 | J125: =IF(I125<0,"ATENÇÃO","OK") -> OK | K125: 0 | L125: 0 | M125: 0 | N125: 0 | O125: 0 | P125: 0 | Q125: 0 | R125: 0 | S125: 0 | T125: 0 | U125: 0 | V125: 0
C126: 12 | D126: Capuz de segurança confeccionado em tecido para-aramida carbono com película aluminizada, forro em tecido de algodão com tratamento retardante a chamas, protetor facial composto por capacete e visor. | E126: 339030.28 | F126: Peça | G126: 88.4 | I126: =H126-(SUM(K126:V126)) -> 0 | J126: =IF(I126<0,"ATENÇÃO","OK") -> OK | K126: 0 | L126: 0 | M126: 0 | N126: 0 | O126: 0 | P126: 0 | Q126: 0 | R126: 0 | S126: 0 | T126: 0 | U126: 0 | V126: 0
C127: 13 | D127: Avental de segurança confeccionado em Kourion extra aluminizado, forrado com tecido de algodão retardante a chamas, mangas longas, pala nas costas com elástico, ajuste com tiras, acabamento com viés. Tamanho diversos. | E127: 339030.28 | F127: Peça | G127: 777.7 | I127: =H127-(SUM(K127:V127)) -> 0 | J127: =IF(I127<0,"ATENÇÃO","OK") -> OK | K127: 0 | L127: 0 | M127: 0 | N127: 0 | O127: 0 | P127: 0 | Q127: 0 | R127: 0 | S127: 0 | T127: 0 | U127: 0 | V127: 0
... C148: 34 | D148: Talabarte Y com absorvedor de energia com ganchos mosquetão em aço 55 cm | E148: 339030.28 | F148: Peça | G148: 171.24 | I148: =H148-(SUM(K148:V148)) -> 0 | J148: =IF(I148<0,"ATENÇÃO","OK") -> OK | K148: 0 | L148: 0 | M148: 0 | N148: 0 | O148: 0 | P148: 0 | Q148: 0 | R148: 0 | S148: 0 | T148: 0 | U148: 0 | V148: 0
D150: *Lotes 4, 8, 10 e 11 DESERTOS
D151: ** Marca/Modelo conforme proposta ajustada
D152: ***Entrega e Pagamento conforme Edital

Sheet CEAD
A1: PROCESSO: 1025/2014 - RELANÇAMENTO | D1: OBJETO: AQUISIÇÃO DE FERRAMENTAS, UTENSÍLIOS E MATERIAIS DE REPARO PARA O CAMPUS I, CERES E CESFI | G1: VIGÊNCIA DA ATA: 07/11/2014 até 06/11/2015 | K1: AF/OS nº xxxx/2014 Qtde. DT | L1: AF/OS nº xxxx/2014 Qtde. DT | M1: AF/OS nº xxxx/2014 Qtde. DT | N1: AF/OS nº xxxx/2014 Qtde. DT | O1: AF/OS nº xxxx/2014 Qtde. DT | P1: AF/OS nº xxxx/2014 Qtde. DT | Q1: AF/OS nº xxxx/2014 Qtde. DT | R1: AF/OS nº xxxx/2014 Qtde. DT | S1: AF/OS nº xxxx/2014 Qtde. DT | T1: AF/OS nº xxxx/2014 Qtde. DT | U1: AF/OS nº xxxx/2014 Qtde. DT | V1: AF/OS nº xxxx/2014 Qtde. DT
A2: CENTRO PARTICIPANTE: CEAD
A3: FORNECEDOR | B3: LOTE | C3: ITEM | D3: PRODUTO - CARACTERÍSTICAS MÍNIMAS | E3: DETALHAMENTO | F3: UNIDADE | G3: Preço UNITÁRIO (R$) | H3: Qtde LICITADA | I3: Saldo / Automático | J3: ALERTA | K3: ...../...../...... | L3: ...../...../...... | M3: ...../...../...... | N3: ...../...../...... | O3: ...../...../...... | P3: ...../...../...... | Q3: ...../...../...... | R3: ...../...../...... | S3: ...../...../...... | T3: ...../...../...... | U3: ...../...../...... | V3: ...../...../......
A4: Cristiani Louri Rodrigues & Cia. Ltda - ME | B4: 1 | C4: 1 | D4: DESEMPENADEIRA, DE ACO P/CONTRUCAO, Desempenadeira dentada, com cabo de madeira, Dimensões: 255mm x 120mm. | E4: 339030.42 | F4: Peça | G4: 22 | I4: =H4-(SUM(K4:V4)) -> 0 | J4: =IF(I4<0,"ATENÇÃO","OK") -> OK | K4: 0 | L4: 0 | M4: 0 | N4: 0 | O4: 0 | P4: 0 | Q4: 0 | R4: 0 | S4: 0 | T4: 0 | U4: 0 | V4: 0
C5: 2 | D5: DESEMPENADEIRA, EM MADEIRA LISA, MED.15 X 26CM, Desempenadeira de madeira lisa. Tamanho aprox. 15cmX26cm | E5: 339030.24 | F5: Peça | G5: 5.5 | I5: =H5-(SUM(K5:V5)) -> 0 | J5: =IF(I5<0,"ATENÇÃO","OK") -> OK | K5: 0 | L5: 0 | M5: 0 | N5: 0 | O5: 0 | P5: 0 | Q5: 0 | R5: 0 | S5: 0 | T5: 0 | U5: 0 | V5: 0
C6: 3 | D6: DESEMPENADEIRA, EM PVC, MEDINDO 14 X 27CM, Desempenadeira em PVC 14x 27cm. | E6: 339030.24 | F6: Peça | G6: 4.2 | I6: =H6-(SUM(K6:V6)) -> 0 | J6: =IF(I6<0,"ATENÇÃO","OK") -> OK | K6: 0 | L6: 0 | M6: 0 | N6: 0 | O6: 0 | P6: 0 | Q6: 0 | R6: 0 | S6: 0 | T6: 0 | U6: 0 | V6: 0
C7: 4 | D7: CONEXAO DE PLASTICO PARA INSTALACOES HIDRAULICAS-SANITARIAS, ADAPTADOR CURTO EM PVC, Conexão em "PVC", para água fria, tipo "Adaptador Soldável com Flanges Livres para Caixa D’Água." Ø25mm, Linha Soldável.Material - PVC - Cloreto de Polivinila, cor marrom. | E7: 339030.24 | F7: Peça | G7: 7.7 | I7: =H7-(SUM(K7:V7)) -> 0 | J7: =IF(I7<0,"ATENÇÃO","OK") -> OK | K7: 0 | L7: 0 | M7: 0 | N7: 0 | O7: 0 | P7: 0 | Q7: 0 | R7: 0 | S7: 0 | T7: 0 | U7: 0 | V7: 0
C8: 5 | D8: LANTERNA, DE CABECA, COM 19 LEDS, Lanterna com 19 leds, recarregável. | E8: 339030.13 | F8: Peça | G8: 42.85 | H8: 2 | I8: =H8-(SUM(K8:V8)) -> 2 | J8: =IF(I8<0,"ATENÇÃO","OK") -> OK | K8: 0 | L8: 0 | M8: 0 | N8: 0 | O8: 0 | P8: 0 | Q8: 0 | R8: 0 | S8: 0 | T8: 0 | U8: 0 | V8: 0
C9: 6 | D9: REBITADOR MANUAL, TIPO ALAVANCA, Rebitador manual tipo alavanca. Corpo em alumínio fundido. Castanhas em aço cromo molibdnênio temperadas. Cabos tubulares cromados. Ponteiras para cinco bitolas de rebites: 3.2, 4.0, 4.8, 6.0, 6.4mm. Cabos com revestimento especial. Tamanho: 16,5". | E9: 449052.38 | F9: Peça | G9: 34.7 | I9: =H9-(SUM(K9:V9)) -> 0 | J9: =IF(I9<0,"ATENÇÃO","OK") -> OK | K9: 0 | L9: 0 | M9: 0 | N9: 0 | O9: 0 | P9: 0 | Q9: 0 | R9: 0 | S9: 0 | T9: 0 | U9: 0 | V9: 0
A10: Kafer Comércio Ltda | B10: 2 | C10: 1 | D10: LIXADEIRA INDUSTRIAL, COM MESA, DE FITA, Lixadeira de cinta com disco (combinada de bancada), com mesa regulável, para lixas com comprimento de 1490mm x 150 mm, motorizada com motor de 1cv – 4 P, peso aproximado de 50kg, correia utilizada 1 =A-29. Marca / modelo referência: LX 2S ACERBI. | E10: 449052.38 | F10: Peça | G10: 1535 | I10: =H10-(SUM(K10:V10)) -> 0 | J10: =IF(I10<0,"ATENÇÃO","OK") -> OK | K10: 0 | L10: 0 | M10: 0 | N10: 0 | O10: 0 | P10: 0 | Q10: 0 | R10: 0 | S10: 0 | T10: 0 | U10: 0 | V10: 0
C11: 2 | D11: LIXADEIRA, ANGULAR 115MM, TIPO PORTÁTIL, POTÊNCIA DE 850 W, TENSÃO 220V. | E11: 449052.38 | F11: Peça | G11: 253.09 | I11: =H11-(SUM(K11:V11)) -> 0 | J11: =IF(I11<0,"ATENÇÃO","OK") -> OK | K11: 0 | L11: 0 | M11: 0 | N11: 0 | O11: 0 | P11: 0 | Q11: 0 | R11: 0 | S11: 0 | T11: 0 | U11: 0 | V11: 0
C12: 3 | D12: LIXADEIRA, COM MALETA E ACESSORIOS, Lixadeira de cinta manual – lixadeira de cinta elétrica com aplicação industrial, 220v, potência entre 650 e 850 W, velocidade da cinta sem carga entre 200 e 400 m/min, dimensões da lixa de aproximadamente 75x533mm, com coletor de pó, peso variando entre 3 à 5 kg. Marca / modelo referência: GBS 75 AE - BOSCH ou Dewalt DW433 etc. | E12: 449052.38 | F12: Peça | G12: 1047.36 | I12: =H12-(SUM(K12:V12)) -> 0 | J12: =IF(I12<0,"ATENÇÃO","OK") -> OK | K12: 0 | L12: 0 | M12: 0 | N12: 0 | O12: 0 | P12: 0 | Q12: 0 | R12: 0 | S12: 0 | T12: 0 | U12: 0 | V12: 0
C13: 4 | D13: LIXADEIRA, DE CINTA, A lixadeira deve vir completa, com todos os acessórios, com três jogos de lixas, para o seu funcionamento. Deve possuir duas funções, lixadeira de disco e lixadeira de fita e ser apoiada no chão. A lixadeira de disco deve ter inclinação da mesa de 45º, com dimensão mínima de 250mm. A lixadeira de fita deve ter dimensão de lixa aproximada de 1480 X 150 mm e posição de trabalho de 0&#730; e 90&#730;. A potência mínima deve ser de 1CV e a tensão de 220V. | E13: 449052.38 | F13: Peça | G13: 2986.17 | I13: =H13-(SUM(K13:V13)) -> 0 | J13: =IF(I13<0,"ATENÇÃO","OK") -> OK | K13: 0 | L13: 0 | M13: 0 | N13: 0 | O13: 0 | P13: 0 | Q13: 0 | R13: 0 | S13: 0 | T13: 0 | U13: 0 | V13: 0
C14: 5 | D14: LIXADEIRA, ORBITAL, ELETRICA, Lixadeira orbital elétrica industrial ou profissional, 220v, potencia de aprox. 170w, de 13000 a 14000 oscilações por minuto, para lixa de 114x140mm, 1/3 de lixa. | E14: 449052.38 | F14: Peça | G14: 274.33 | I14: =H14-(SUM(K14:V14)) -> 0 | J14: =IF(I14<0,"ATENÇÃO","OK") -> OK | K14: 0 | L14: 0 | M14: 0 | N14: 0 | O14: 0 | P14: 0 | Q14: 0 | R14: 0 | S14: 0 | T14: 0 | U14: 0 | V14: 0
A15: Kafer Comércio Ltda | B15: 3 | C15: 1 | D15: APARELHO PARA SOLDA, ELETRICA, Aparelho de solda Monofásico. Alimentação 220V -50/ 60 Hz – Plug universal, Ciclo de tarefa: 10%, Corrente máxima: 160 A, Capacidade de entrada: 8 Kva, Intervalo de ajuste da corrente: 55 - 160 A, Diâmetro do eletrodo compatível: 2 - 3.2 mm. Incluso Cabos: Alicate, Alicate terra. | E15: 449052.38 | F15: Peça | G15: 316 | I15: =H15-(SUM(K15:V15)) -> 0 | J15: =IF(I15<0,"ATENÇÃO","OK") -> OK | K15: 0 | L15: 0 | M15: 0 | N15: 0 | O15: 0 | P15: 0 | Q15: 0 | R15: 0 | S15: 0 | T15: 0 | U15: 0 | V15: 0
C16: 2 | D16: COLETOR DE PO, COM CHAVE ELETRICA, Coletor de pó com Chave elétrica com botão de segurança, rodas e alças para movimentação, com saco de poliester de 80 litros lavável. Tensão de 220V ou bivolt. | E16: 449052.38 | F16: Peça | G16: 788.8 | I16: =H16-(SUM(K16:V16)) -> 0 | J16: =IF(I16<0,"ATENÇÃO","OK") -> OK | K16: 0 | L16: 0 | M16: 0 | N16: 0 | O16: 0 | P16: 0 | Q16: 0 | R16: 0 | S16: 0 | T16: 0 | U16: 0 | V16: 0
C17: 3 | D17: MORSA, DE BANCADA PARA FIXACAO DE PECAS NOE 8, Morsa de bancada para fixação de peças Nº 8 | E17: 449052.38 | F17: Peça | G17: 249.44 | I17: =H17-(SUM(K17:V17)) -> 0 | J17: =IF(I17<0,"ATENÇÃO","OK") -> OK | K17: 0 | L17: 0 | M17: 0 | N17: 0 | O17: 0 | P17: 0 | Q17: 0 | R17: 0 | S17: 0 | T17: 0 | U17: 0 | V17: 0
C18: 4 | D18: MORSA, MINI MORSA COM EIXO GIRATORIO, Mini morsa com eixo giratório 360&#730; que prenda superfícies de até 5cm de largura. Deve ter capa de borracha protetora nas suas “garras”. | E18: 449052.38 | F18: Peça | G18: 136.07 | I18: =H18-(SUM(K18:V18)) -> 0 | J18: =IF(I18<0,"ATENÇÃO","OK") -> OK | K18: 0 | L18: 0 | M18: 0 | N18: 0 | O18: 0 | P18: 0 | Q18: 0 | R18: 0 | S18: 0 | T18: 0 | U18: 0 | V18: 0
C19: 5 | D19: PISTOLA PARA PINTURA, DE ALTA PRESSAO, Pistola de pintura por gravidade, com bico de 1,4 mm de diâmetro, caneca em alumínio com capacidade de 600ml, para aplicação de tintas automotivas. Marca / modelo de referência: OMX-610 MARCA DEVILBISS. | E19: 449052.38 | F19: Peça | G19: 763.36 | I19: =H19-(SUM(K19:V19)) -> 0 | J19: =IF(I19<0,"ATENÇÃO","OK") -> OK | K19: 0 | L19: 0 | M19: 0 | N19: 0 | O19: 0 | P19: 0 | Q19: 0 | R19: 0 | S19: 0 | T19: 0 | U19: 0 | V19: 0
C20: 6 | D20: PLAINA DE BANCADA, DE MESA, ELETRICA, TAMANHO MEDIO, Plaina Elétrica profissional, potencia minima 620 W, largura de corte 82mm (3' ¼"), profundidade de corte 2,5X158X158mm, peso 2,6Kg, voltagem 220 V. Acompanha conjunto de calibrador da face, guia reta, faca de plaina e chave soquete. | E20: 449052.38 | F20: Peça | G20: 426.23 | I20: =H20-(SUM(K20:V20)) -> 0 | J20: =IF(I20<0,"ATENÇÃO","OK") -> OK | K20: 0 | L20: 0 | M20: 0 | N20: 0 | O20: 0 | P20: 0 | Q20: 0 | R20: 0 | S20: 0 | T20: 0 | U20: 0 | V20: 0
C21: 7 | D21: PLAINA DE BANCADA, DESEMPENADEIRA, Equipamento para desempenar e desbastar, fazendo ajustes nos cortes de madeiras, compensados e MDF. Com 04 facas, eixo em diagonal, uso industrial. Descrição do produto: Motor: 1CV - 2 POLOS; Comprimento da mesa: 1.200mm; Largura da mesa: 160mm; Diâmetro do eixo: 61mm; Número de Facas: 4 un; Dimensões das Facas: 158 x 18 x 3mm; Peso: Aproximadamente 116Kg. | E21: 449052.38 | F21: Peça | G21: 4266.66 | I21: =H21-(SUM(K21:V21)) -> 0 | J21: =IF(I21<0,"ATENÇÃO","OK") -> OK | K21: 0 | L21: 0 | M21: 0 | N21: 0 | O21: 0 | P21: 0 | Q21: 0 | R21: 0 | S21: 0 | T21: 0 | U21: 0 | V21: 0
A22: Kafer Comércio Ltda | B22: 5 | C22: 1 | D22: FURADEIRA, ELETRICA DE IMPACTO, Furadeira de impacto com potência mínima de 600W, com mandril de 1/2”ou 13mm, com número de rotações de 0-3000rpm. Tensão de 220V ou bivolt. Deve vir com maleta compatível. | E22: 449052.34 | F22: Peça | G22: 295.15 | I22: =H22-(SUM(K22:V22)) -> 0 | J22: =IF(I22<0,"ATENÇÃO","OK") -> OK | K22: 0 | L22: 0 | M22: 0 | N22: 0 | O22: 0 | P22: 0 | Q22: 0 | R22: 0 | S22: 0 | T22: 0 | U22: 0 | V22: 0
C23: 2 | D23: FURADEIRA, ELETRICA DE IMPACTO, Furadeira de impacto profissional ½”, com potência mínima de 800 W, 3000 RPM, 220 V, para trabalhos pesados de perfuração em concreto, aço e madeira. Deve possuir comutador mecânico de duas velocidades, carcaça de engrenagem metálica, embreagem de segurança. Carcaça e punho emborrachado. Deverá vir acompanhada de maleta com os seguintes itens: 1 chave de catraca, 1 porta bits, 1 escariador, 2 guias para pontas, 13 Bbrocas para metal / madeira / plástico (1/16, 5/64, 3/32, 7/64, 1/8, 9/64, 5/32, 11/64, 3/16, 13/64, 7/32, 15/64, 1/4 polegadas), 12 brocas para madeira (1/8, 9/64, 5/32, 11/16, 3/16, 13/64, 7/32, 15/64, 1/4, 9/32, 19/64,5/16 polegadas), 5 brocas para concreto: 1/8, 3/16, 1/4, 5/16, 3/8 polegadas. | E23: 449052.34 | F23: Peça | G23: 477.5 | I23: =H23-(SUM(K23:V23)) -> 0 | J23: =IF(I23<0,"ATENÇÃO","OK") -> OK | K23: 0 | L23: 0 | M23: 0 | N23: 0 | O23: 0 | P23: 0 | Q23: 0 | R23: 0 | S23: 0 | T23: 0 | U23: 0 | V23: 0
C24: 3 | D24: FURADEIRA, MANUAL 700W DE POTENCIA, COM MANDRIL DE 1/2 POLEGADA, Furadeira Manual 700w de potência, 220V, com mandril de ½ polegada e velocidade regulável no gatilho | E24: 449052.38 | G24: 254.3 | I24: =H24-(SUM(K24:V24)) -> 0 | J24: =IF(I24<0,"ATENÇÃO","OK") -> OK | K24: 0 | L24: 0 | M24: 0 | N24: 0 | O24: 0 | P24: 0 | Q24: 0 | R24: 0 | S24: 0 | T24: 0 | U24: 0 | V24: 0
C25: 4 | D25: FURADEIRA, PARAFUSADEIRA, Parafusadeira industrial 220V., 685W 500rpm similar (DW268) com kit de chave regulador de torque com lanterna. | E25: 449052.38 | F25: Peça | G25: 591.66 | I25: =H25-(SUM(K25:V25)) -> 0 | J25: =IF(I25<0,"ATENÇÃO","OK") -> OK | K25: 0 | L25: 0 | M25: 0 | N25: 0 | O25: 0 | P25: 0 | Q25: 0 | R25: 0 | S25: 0 | T25: 0 | U25: 0 | V25: 0
C26: 5 | D26: FURADEIRA, PARAFUSADEIRA, Parafusadeira-Furadeira sem Fio, rotação variavel, reversivel, bateria de 12v, Bivolt ou 200V, acompanha carregador e suporte para bateria, com maleta, acompanha: 2 Bits Phillips de 25 mm: PH1 e PH2, 2 Bits. Pozidriv de 25 mm: PZ1 e PZ2, 2 Bits de fenda: 5 e 6 mm, 6 Brocas para metal. | E26: 449052.38 | F26: Peça | G26: 242.93 | I26: =H26-(SUM(K26:V26)) -> 0 | J26: =IF(I26<0,"ATENÇÃO","OK") -> OK | K26: 0 | L26: 0 | M26: 0 | N26: 0 | O26: 0 | P26: 0 | Q26: 0 | R26: 0 | S26: 0 | T26: 0 | U26: 0 | V26: 0
C27: 6 | D27: FURADEIRA, SEM IMPACTO, POTENCIA 600W, 220V, 1/2", 1000-2500 RPM Industrial. Motor de 600 wattsç Comutador de velocidade mecânico; Botão de trava para trabalhos contínuos; Tipo: Industria; RPM: 1000-2500RPM; Velocidade: 2 VVR; Encaixe: 1/2" | E27: 449052.34 | F27: Peça | G27: 473.53 | I27: =H27-(SUM(K27:V27)) -> 0 | J27: =IF(I27<0,"ATENÇÃO","OK") -> OK | K27: 0 | L27: 0 | M27: 0 | N27: 0 | O27: 0 | P27: 0 | Q27: 0 | R27: 0 | S27: 0 | T27: 0 | U27: 0 | V27: 0
C28: 7 | D28: FURADEIRA, TIPO PARAFUSADEIRA MOVIDA A BATERIA, Furadeira/Parafusadeira Profissional à Bateria. Mandril: 3/8"; Rotação: 400/1200RPM; Voltagem: 220V; Baterias: 12 / 14 V | E28: 449052.34 | F28: Peça | G28: 381.27 | I28: =H28-(SUM(K28:V28)) -> 0 | J28: =IF(I28<0,"ATENÇÃO","OK") -> OK | K28: 0 | L28: 0 | M28: 0 | N28: 0 | O28: 0 | P28: 0 | Q28: 0 | R28: 0 | S28: 0 | T28: 0 | U28: 0 | V28: 0
C29: 8 | D29: FURADEIRA, TIPO PARAFUSADEIRA,INDUSTRIAL ELETRONICA 650 W, Furadeira de no mínimo 650 Watts de potência;Mandril de 1/2" (13mm);Empunhadura lateral multi-posição.Alimentação 220V - 5060Hz.Incluso maleta e chave de mandril. | E29: 449052.38 | F29: Peça | G29: 353 | I29: =H29-(SUM(K29:V29)) -> 0 | J29: =IF(I29<0,"ATENÇÃO","OK") -> OK | K29: 0 | L29: 0 | M29: 0 | N29: 0 | O29: 0 | P29: 0 | Q29: 0 | R29: 0 | S29: 0 | T29: 0 | U29: 0 | V29: 0
C30: 9 | D30: FURADEIRA DE BANCADA, DE BANCADA, Descrição do produto: Potência: 350 W; Velocidade: 570-3050; Níveis de velocidade: 5 níveis de ajuste de velocidade variável; capacidade: 1,5 mm, 6 mm, 13 mm (1/16", 1/4", 1/2"); Motor de 350 W; Base de Ferro Fundido; ajuste de profundidade | E30: 449052.38 | F30: Peça | G30: 509.66 | I30: =H30-(SUM(K30:V30)) -> 0 | J30: =IF(I30<0,"ATENÇÃO","OK") -> OK | K30: 0 | L30: 0 | M30: 0 | N30: 0 | O30: 0 | P30: 0 | Q30: 0 | R30: 0 | S30: 0 | T30: 0 | U30: 0 | V30: 0
C31: 10 | D31: FURADEIRA INDUSTRIAL, FURADEIRA MARTELETE ROMPEDOR, Furadeira / Martelete Rompedor SDS. Potencia mínima 800w, Encaixe tipo SDS,Velocidade variável, Função perfuração com e sem impacto. Alimentação 220V. Ref Bosch Gbh 2-24d. | E31: 449052.38 | F31: Peça | G31: 666 | I31: =H31-(SUM(K31:V31)) -> 0 | J31: =IF(I31<0,"ATENÇÃO","OK") -> OK | K31: 0 | L31: 0 | M31: 0 | N31: 0 | O31: 0 | P31: 0 | Q31: 0 | R31: 0 | S31: 0 | T31: 0 | U31: 0 | V31: 0
C32: 11 | D32: PARAFUSADEIRA ELETRICA EMPUNHAVEL, A BATERIA, Parafusadeira a bateria 12Volts, bateria íon de lítio.Mandril sem chave 3/8”, Luz LED, Clip para pendurar, 2baterias Ion de Líthium, Encaixe 3/8" (10mm), 2niveis de velocidades, de 0 a 400/ 0 a 1.500RPM, torque 25 NewTons. Marca de Referência: Dewalt. Conjunto com carregador (110/220v) e maleta. | E32: 449052.38 | F32: Peça | G32: 460.5 | I32: =H32-(SUM(K32:V32)) -> 0 | J32: =IF(I32<0,"ATENÇÃO","OK") -> OK | K32: 0 | L32: 0 | M32: 0 | N32: 0 | O32: 0 | P32: 0 | Q32: 0 | R32: 0 | S32: 0 | T32: 0 | U32: 0 | V32: 0
C33: 12 | D33: PARAFUSADEIRA ELETRICA EMPUNHAVEL, COMPATIVEL A REDE 220 VOLTS, Parafusadeira com o mínimo de 14V, com bateria em ións de lítio, com configurações de, no mínimo, 25 opções de torque e uma para furação. Tensão de 220V ou bivolt. Deve vir com maleta compatível. | E33: 449052.38 | F33: Peça | G33: 380.04 | I33: =H33-(SUM(K33:V33)) -> 0 | J33: =IF(I33<0,"ATENÇÃO","OK") -> OK | K33: 0 | L33: 0 | M33: 0 | N33: 0 | O33: 0 | P33: 0 | Q33: 0 | R33: 0 | S33: 0 | T33: 0 | U33: 0 | V33: 0
A34: Cristiani Louri Rodrigues & Cia. Ltda - ME | B34: 6 | C34: 1 | D34: PLAINA ELETRICA, PLAINA 550 W, 220 V, Plaina Elétrica 3 1/4"(82mm) 550 Watts; Gatilho com trava de segurança, utilização de Lâminas de aço rápido, manopla com ajustes de profundidade; sapata usinada com chanfros de borda, Potência: 550 Watts, Rotação: 17.000 Rpm, Capicade de corte: 1mm , Peso: 2,6 Kg, Largura da Lâmina: 82mm, Capacidade de rebaixo: 9mm, com Guia paralela e Chave para troca da Lâmina. Marca de referência: Modelo D26676 - Dewalt | E34: 449052.34 | F34: Peça | G34: 297 | I34: =H34-(SUM(K34:V34)) -> 0 | J34: =IF(I34<0,"ATENÇÃO","OK") -> OK | K34: 0 | L34: 0 | M34: 0 | N34: 0 | O34: 0 | P34: 0 | Q34: 0 | R34: 0 | S34: 0 | T34: 0 | U34: 0 | V34: 0
C35: 2 | D35: SERRA MANUAL, MEIA ESQUADRIA, Conjunto serra tipo "meia esquadria" Manual, Sistema com mesa ajustável, Indicador de grau, Escala na base, Lamina para cortar madeira e plástico, Apoio de madeira, Comprimento da lâmina de 550 mm. Material: Aço. | E35: 449052.38 | F35: Peça | G35: 338 | I35: =H35-(SUM(K35:V35)) -> 0 | J35: =IF(I35<0,"ATENÇÃO","OK") -> OK | K35: 0 | L35: 0 | M35: 0 | N35: 0 | O35: 0 | P35: 0 | Q35: 0 | R35: 0 | S35: 0 | T35: 0 | U35: 0 | V35: 0
C36: 3 | D36: SERRA MANUAL, MEIA ESQUADRIA, Serra meio-esquadria profissional – potência mínima 1500 W – serra de 10 polegadas. Com garantia e assistência técncia em Santa Catarina | E36: 449052.38 | F36: Peça | G36: 945 | I36: =H36-(SUM(K36:V36)) -> 0 | J36: =IF(I36<0,"ATENÇÃO","OK") -> OK | K36: 0 | L36: 0 | M36: 0 | N36: 0 | O36: 0 | P36: 0 | Q36: 0 | R36: 0 | S36: 0 | T36: 0 | U36: 0 | V36: 0
C37: 4 | D37: SERRA MANUAL, TICO-TICO,MANUAL, serra tico-tico 1600RPM, 220v | E37: 449052.38 | G37: 218 | I37: =H37-(SUM(K37:V37)) -> 0 | J37: =IF(I37<0,"ATENÇÃO","OK") -> OK | K37: 0 | L37: 0 | M37: 0 | N37: 0 | O37: 0 | P37: 0 | Q37: 0 | R37: 0 | S37: 0 | T37: 0 | U37: 0 | V37: 0
C38: 5 | D38: SERRA MANUAL, TICO-TICO,MANUAL, Serra tico-tico de bancada com para lâminas com dimensões de 5”; Tensão de 220V ou bivolt. | E38: 449052.38 | F38: Peça | G38: 490 | I38: =H38-(SUM(K38:V38)) -> 0 | J38: =IF(I38<0,"ATENÇÃO","OK") -> OK | K38: 0 | L38: 0 | M38: 0 | N38: 0 | O38: 0 | P38: 0 | Q38: 0 | R38: 0 | S38: 0 | T38: 0 | U38: 0 | V38: 0
